Workbook
Name Azua: Prov!$C$3:$C$12
Name Bahoruco: Prov!$C$13:$C$17
Name Barahona: Prov!$C$18:$C$28
Name CodigoActividad: 'Formulario PPGR2'!$H$110:$H$265
Name Dajabon: Prov!$C$29:$C$33
Name Dajabón: Prov!$C$29:$C$33
Name Distrito_Nacional: Prov!$C$2
Name Duarte: Prov!$C$34:$C$40
Name El_Seibo: Prov!$C$41:$C$42
Name Elias_Pina: Prov!$C$43:$C$48
Name Elías_Piña: Prov!$C$43:$C$48
Name Espaillat: Prov!$C$49:$C$52
Name Hato_Mayor: Prov!$C$53:$C$55
Name Hermanas_Mirabal: Prov!$C$56:$C$58
Name Independencia: Prov!$C$59:$C$64
Name La_Altagracia: Prov!$C$65:$C$66
Name La_Romana: Prov!$C$67:$C$69
Name La_Vega: Prov!$C$70:$C$73
Name Le.1: Obj!$D$122:$D$124
Name Le.2: Obj!$D$125:$D$127
Name Le.3: Obj!$D$128:$D$134
Name Le.4: Obj!$D$134
Name ls_ComprayAlquiler: Catalogo!$G$34:$G$42
Name ls_Departamento: Catalogo!$D$37:$D$97
Name Ls_DepartamentosSRS: Catalogo!$G$170:$G$182
Name Ls_DependenciasSRS: Catalogo!$B$137:$B$142
Name ls_Direccion: Catalogo!$D$33:$D$34
Name Ls_DivisionesSRS: Catalogo!$E$145:$E$161
Name Ls_Estructura: Catalogo!$B$24:$B$29
Name Ls_GerenciasSRS: Catalogo!$E$164:$E$166
Name Ls_LinesEstategica: Obj!$B$6:$B$8
Name Ls_Medio_Verificacion: Catalogo!$B$188:$B$207
Name Ls_ObjEstrategico: Obj!$G$6:$G$21
Name Ls_Oficina: Catalogo!$D$127:$D$130
Name Ls_OficinasSRS: Catalogo!$E$179:$E$181
Name ls_Regiones: Catalogo!$B$10:$B$20
Name ls_SubDireccion: Catalogo!$D$100:$D$120
Name ls_TiposAcciones: Catalogo!$G$11:$G$14
Name ls_UnidadesSRS: Catalogo!$B$145:$B$173
Name lsAcabadosTextiles: Insumos!$C$2:$C$3
Name lsAireAcondicionado: Insumos!$C$333:$C$334
Name lsAlimentosyBebidas: Insumos!$C$4:$C$23
Name lsArticulosdePlastico: Insumos!$C$24:$C$30
Name lsElectrodomesticos: Insumos!$C$31:$C$35
Name lsEquiposComputos: Insumos!$C$132:$C$136
Name lsEquiposMedicos: Insumos!$C$44:$C$131
Name lsEquiposSeguridad: Insumos!$C$137:$C$138
Name lsEquiposTransporte: Insumos!$C$526:$C$528
Name lsEventosGenerales: Insumos!$C$139:$C$141
Name lsFuentesFinanciamiento: LSIns!$F$5:$F$8
Name lsGasoil: Insumos!$C$142:$C$149
Name lsHerramientasMenores: Insumos!$C$150:$C$179
Name lsImpresionyEncuadernacion: Insumos!$C$180
Name lsInsumos: LSIns!$B$5:$B$45
Name lsInsumosEquipos: LSIns!$F$16:$F$31
Name lsLlantasyNeumaticos: Insumos!$C$181:$C$188
Name lsMantenimiento: Insumos!$C$189:$C$202
Name lsMantenimientoyReparacion: Catalogo!$G$28:$G$31
Name lsMaterialesdeLimpieza: Insumos!$C$203:$C$217
Name lsMueblesdeAlojamiento: Insumos!$C$218:$C$219

Sheet Resumen
I1: Siglas Dependencias DC-SNS
A2: Servicio Nacional de Salud | I2: Dirección Ejecutiva (DE)
A3: Dirección de Planificación y Desarrollo | I3: Atención a Usuarios (DAU)
I4: Laboratorio e Imágenes (LCI)
A5: Cantidad acciones/actividades/trimestre | I5: Cooperación Internacional (COP)
A6: Primer Trimestre | B6: =+'Formulario PPGR2'!$J$266+'Formulario PPGR2'!$K$266+'Formulario PPGR2'!$L$266 -> 212 | I6: Calidad Institucional (DCG)
A7: Segundo Trimestre | B7: =+'Formulario PPGR2'!$M$266+'Formulario PPGR2'!$N$266+'Formulario PPGR2'!$O$266 -> 313 | I7: Administración (ADM)
A8: Tercer Trimestre | B8: =+'Formulario PPGR2'!$P$266+'Formulario PPGR2'!$Q$266+'Formulario PPGR2'!$R$266 -> 291 | I8: Dirección Centros Hospitalarios (DCH)
A9: Cuarto Trimestre | B9: =+'Formulario PPGR2'!$S$266+'Formulario PPGR2'!$T$266+'Formulario PPGR2'!$U$266 -> 293 | I9: Servicios de Atención Emergencias Extrahospitalaria (DAEH)
A10: Total actividades del año | B10: =SUM(B6:B9) -> 1109 | I10: Comunicaciones (DCE)
I11: Financiero (DFI)
I12: Gestión Clínica (DGC)
I13: Proyectos Institucionales (DPI)
I14: Cuidados de Enfermería (ENF)
I15: Desarrollo Institucional (DDI)
I16: Seguimiento, Evaluación y Calidad de los Servicios de Salud (GCSS)
A17: Tabla Resumen POA | B17: {=+'Formulario PPGR1'!M2:O2} -> 2025 | C17: 0 | D17: 0 | I17: Oficina Equidad Género (OEG)
A18: Área Organizacional | B18: Presupuesto | C18: Nº Productos | D18: Nº Actividades | E18: % (Productos) | F18: % (Actividades) | G18: % (Presupuesto) | I18: Recursos Humanos (DRH)
E19: =+C19/$C$37 -> #DIV/0! | F19: =+D19/$D$37 -> #DIV/0! | G19: =+B19/$B$37 -> #DIV/0! | I19: Infraestructura y Equipos (DIE)
E20: =+C20/$C$37 -> #DIV/0! | F20: =+D20/$D$37 -> #DIV/0! | G20: =+B20/$B$37 -> #DIV/0! | I20: Jurídica (DCJ)
E21: =+C21/$C$37 -> #DIV/0! | F21: =+D21/$D$37 -> #DIV/0! | G21: =+B21/$B$37 -> #DIV/0! | I21: Formulación, Monitoreo y Evaluación de PPP (FME)
E22: =+C22/$C$37 -> #DIV/0! | F22: =+D22/$D$37 -> #DIV/0! | G22: =+B22/$B$37 -> #DIV/0! | I22: Planificación (DPD)
E23: =+C23/$C$37 -> #DIV/0! | F23: =+D23/$D$37 -> #DIV/0! | G23: =+B23/$B$37 -> #DIV/0! | I23: Dirección Primer Nivel (DPN)
E24: =+C24/$C$37 -> #DIV/0! | F24: =+D24/$D$37 -> #DIV/0! | G24: =+B24/$B$37 -> #DIV/0! | I24: Asistencia a la Red (DAR)
E25: =+C25/$C$37 -> #DIV/0! | F25: =+D25/$D$37 -> #DIV/0! | G25: =+B25/$B$37 -> #DIV/0! | I25: Seguridad Física (DSF)
E26: =+C26/$C$37 -> #DIV/0! | F26: =+D26/$D$37 -> #DIV/0! | G26: =+B26/$B$37 -> #DIV/0! | I26: Sistema de Información (DGI)
E27: =+C27/$C$37 -> #DIV/0! | F27: =+D27/$D$37 -> #DIV/0! | G27: =+B27/$B$37 -> #DIV/0! | I27: Tecnología de la Información (DTI)
E28: =+C28/$C$37 -> #DIV/0! | F28: =+D28/$D$37 -> #DIV/0! | G28: =+B28/$B$37 -> #DIV/0! | I28: Monitoreo Calidad de los Servicios de Salud (MCS)
E29: =+C29/$C$37 -> #DIV/0! | F29: =+D29/$D$37 -> #DIV/0! | G29: =+B29/$B$37 -> #DIV/0! | I29: Materno-Infantil (MIA)
E30: =+C30/$C$37 -> #DIV/0! | F30: =+D30/$D$37 -> #DIV/0! | G30: =+B30/$B$37 -> #DIV/0! | I30: Oficina de Acceso a la Información (OAI)
... E36: =+C36/$C$37 -> #DIV/0! | F36: =+D36/$D$37 -> #DIV/0! | G36: =+B36/$B$37 -> #DIV/0! | I36: Salud Mental (DSM)
A37: Total | B37: =SUM(B19:B36) -> 0 | C37: =SUM(C19:C36) -> 0 | D37: =SUM(D19:D36) -> 0 | E37: =SUM(E19:E36) -> #DIV/0! | F37: =SUM(F19:F36) -> #DIV/0! | G37: =SUM(G19:G36) -> #DIV/0! | I37: Compras y Contrataciones (DCC)
I38: Archivo y Correspondencia (DAC)
I39: Servicios Generales (DSG)
I40: Activo Fijo (DAF)
I41: Almacén y Suministros (DAS)
I42: Litigios (LIT)
I43: Elaboración de Documentos Legales (EDL)
I44: Gestión de Servicios de Laboratorio y Sangre (GLS)
I45: Gestión Servicios de Imágenes (GSI)
I46: Desarrollo Laboratorios e Imágenes (DLI)
I47: Desarrollo Servicios de Emergencias Médicas (DSE)
I48: Prevención y Gestión de Riesgos y Desastres (GRD-DAEH)
I49: Operaciones de Emergencias de Centros de Salud (OEC)
... I70: Prevención y Control de Riesgo Biológico (PCR)

Sheet Formulario PPGR1
G2: Servicio Nacional de Salud | L2: Año del POA: | M2: 2025
G3: Dirección de Planificación y Desarrollo | L3: Servicio Regional de Salud: | M3: SNS - Dirección Central | Q3: =VLOOKUP(M3,Catalogo!$B$10:$C$20,2,FALSE) -> Ls_Estructura
G4: Plan Operativo Anual | L4: Estructura: | M4: Dirección | Q4: =IF(Q3="Ls_Estructura",VLOOKUP(M4,Catalogo!B24:C28,2,FALSE),VLOOKUP(M4,Catalogo!$B$137:$C$141,2,FALSE)) -> Ls_Direccion
G5: Identificación de Productos/Resultados | L5: =IF(Q3="Ls_Estructura",VLOOKUP($M$4,Catalogo!$B$24:$D$29,3,FALSE),VLOOKUP($M$4,Catalogo!$B$137:$D$141,3,FALSE)) -> Dirección: | M5: SNS - Dirección Central
B8: ID_Dependendencia | C8: POA | D8: SRS | E8: AREA | F8: Eje Estratégico | G8: Cod_LE | H8: Objetivo | I8: Cod_Obj | J8: Resultado esperado | K8: Productos | L8: Indicador | M8: Unidad de medida | N8: Línea Base | O8: Meta | P8: Supuestos | Q8: Dependencia responsable
B9: =IF('Formulario PPGR1'!$F9="","",CONCATENATE('Formulario PPGR1'!$C9,".",'Formulario PPGR1'!$D9,".",'Formulario PPGR1'!$E9,".",#REF!)) -> #REF! | C9: =IF('Formulario PPGR1'!$F9="","",#REF!) -> #REF! | D9: =IF('Formulario PPGR1'!$F9="","",#REF!) -> #REF! | E9: =IF('Formulario PPGR1'!$F9="","",#REF!) -> #REF! | F9: LE.1 - Desarrollo y fortalecimiento de las redes integradas de servicios de salud fundamentada en el Modelo de Atención | G9: {=_xlfn.XLOOKUP($F9,LE_tbl[[#All],[Ls_LinesEstategica]],LE_tbl[[#All],[Le_code]],"",0)} -> #NAME? | H9: 1.1 Fortalecer los niveles de atención priorizando el Primer Nivel de Atención, incrementando su capacidad de resolución para satisfacer eficientemente las necesidades de salud de la población. | I9: =_xlfn.XLOOKUP($H9,Obj!$D$122:$D$134,Obj!$E$122:$E$134,"",0) -> #NAME? | J9: 1.1.1 Primer Nivel de Atención fortalecido y con alta resolución para garantizar la prestación de servicios integrales de promoción de la salud, prevención de la enfermedad, diagnóstico, tratamiento, rehabilitación y cuidados paliativos; condicionada a la necesidades de salud y características de la población | K9: 1.1.1.1 Aumento de la cobertura de Adscripción en el PNA | Q9: Primer Nivel
B10: =IF('Formulario PPGR1'!$F10="","",CONCATENATE('Formulario PPGR1'!$C10,".",'Formulario PPGR1'!$D10,".",'Formulario PPGR1'!$E10,".",#REF!)) | C10: =IF('Formulario PPGR1'!$F10="","",#REF!) | D10: =IF('Formulario PPGR1'!$F10="","",#REF!) | E10: =IF('Formulario PPGR1'!$F10="","",#REF!) | G10: {=_xlfn.XLOOKUP($F10,LE_tbl[[#All],[Ls_LinesEstategica]],LE_tbl[[#All],[Le_code]],"",0)} -> #NAME? | I10: =_xlfn.XLOOKUP($H10,Obj!$D$122:$D$134,Obj!$E$122:$E$134,"",0) -> #NAME? | K10: 1.1.1.2 Fortalecimiento del Primer Nivel de Atención sustentado en la implementación del Modelo de Atención | Q10: Primer Nivel
B11: =IF('Formulario PPGR1'!$F11="","",CONCATENATE('Formulario PPGR1'!$C11,".",'Formulario PPGR1'!$D11,".",'Formulario PPGR1'!$E11,".",#REF!)) | C11: =IF('Formulario PPGR1'!$F11="","",#REF!) | D11: =IF('Formulario PPGR1'!$F11="","",#REF!) | E11: =IF('Formulario PPGR1'!$F11="","",#REF!) | G11: {=_xlfn.XLOOKUP($F11,LE_tbl[[#All],[Ls_LinesEstategica]],LE_tbl[[#All],[Le_code]],"",0)} -> #NAME? | I11: =_xlfn.XLOOKUP($H11,Obj!$D$122:$D$134,Obj!$E$122:$E$134,"",0) -> #NAME? | K11: 1.1.1.3 Despliegue del programa salud escolar | Q11: Primer Nivel
B12: =IF('Formulario PPGR1'!$F12="","",CONCATENATE('Formulario PPGR1'!$C12,".",'Formulario PPGR1'!$D12,".",'Formulario PPGR1'!$E12,".",#REF!)) -> #REF! | C12: =IF('Formulario PPGR1'!$F12="","",#REF!) -> #REF! | D12: =IF('Formulario PPGR1'!$F12="","",#REF!) -> #REF! | E12: =IF('Formulario PPGR1'!$F12="","",#REF!) -> #REF! | F12: LE.1 - Desarrollo y fortalecimiento de las redes integradas de servicios de salud fundamentada en el Modelo de Atención | G12: {=_xlfn.XLOOKUP($F12,LE_tbl[[#All],[Ls_LinesEstategica]],LE_tbl[[#All],[Le_code]],"",0)} -> #NAME? | H12: 1.1 Fortalecer los niveles de atención priorizando el Primer Nivel de Atención, incrementando su capacidad de resolución para satisfacer eficientemente las necesidades de salud de la población. | I12: =_xlfn.XLOOKUP($H12,Obj!$D$122:$D$134,Obj!$E$122:$E$134,"",0) -> #NAME? | J12: 1.1.2 Reducida la carga de las enfermedades crónicas incluidos los diferentes tipos de cáncer, los trastornos de salud mental, así como ante discapacidad, violencia y traumatismos, a través de servicios de atención que faciliten la detección temprana y la continuidad de la atención, eliminando las brechas en el acceso y utilización de los servicios de salud. | K12: 1.1.2.1 Programa de Fortalecimiento del Nivel Especializado | Q12: Centros Hospitalarios
B13: =IF('Formulario PPGR1'!$F13="","",CONCATENATE('Formulario PPGR1'!$C13,".",'Formulario PPGR1'!$D13,".",'Formulario PPGR1'!$E13,".",#REF!)) | C13: =IF('Formulario PPGR1'!$F13="","",#REF!) | D13: =IF('Formulario PPGR1'!$F13="","",#REF!) | E13: =IF('Formulario PPGR1'!$F13="","",#REF!) | G13: {=_xlfn.XLOOKUP($F13,LE_tbl[[#All],[Ls_LinesEstategica]],LE_tbl[[#All],[Le_code]],"",0)} -> #NAME? | I13: =_xlfn.XLOOKUP($H13,Obj!$D$122:$D$134,Obj!$E$122:$E$134,"",0) -> #NAME? | K13: 1.1.2.2 Operaciones de emergencias y gestión de riesgos | Q13: Centros Hospitalarios
B14: =IF('Formulario PPGR1'!$F14="","",CONCATENATE('Formulario PPGR1'!$C14,".",'Formulario PPGR1'!$D14,".",'Formulario PPGR1'!$E14,".",#REF!)) | C14: =IF('Formulario PPGR1'!$F14="","",#REF!) | D14: =IF('Formulario PPGR1'!$F14="","",#REF!) | E14: =IF('Formulario PPGR1'!$F14="","",#REF!) | G14: {=_xlfn.XLOOKUP($F14,LE_tbl[[#All],[Ls_LinesEstategica]],LE_tbl[[#All],[Le_code]],"",0)} -> #NAME? | I14: =_xlfn.XLOOKUP($H14,Obj!$D$122:$D$134,Obj!$E$122:$E$134,"",0) -> #NAME? | K14: 1.1.2.3 Implementación de la estrategia HEARTS para la prevención y control de las enfermedades crónicas no transmisibles (ECNT) implementada. | Q14: Primer Nivel
B15: =IF('Formulario PPGR1'!$F15="","",CONCATENATE('Formulario PPGR1'!$C15,".",'Formulario PPGR1'!$D15,".",'Formulario PPGR1'!$E15,".",#REF!)) | C15: =IF('Formulario PPGR1'!$F15="","",#REF!) | D15: =IF('Formulario PPGR1'!$F15="","",#REF!) | E15: =IF('Formulario PPGR1'!$F15="","",#REF!) | G15: {=_xlfn.XLOOKUP($F15,LE_tbl[[#All],[Ls_LinesEstategica]],LE_tbl[[#All],[Le_code]],"",0)} -> #NAME? | I15: =_xlfn.XLOOKUP($H15,Obj!$D$122:$D$134,Obj!$E$122:$E$134,"",0) -> #NAME? | K15: 1.1.2.4 Fortalecimiento de la atención integral a menores de 5 años | Q15: Primer Nivel Materno Infantil
B16: =IF('Formulario PPGR1'!$F16="","",CONCATENATE('Formulario PPGR1'!$C16,".",'Formulario PPGR1'!$D16,".",'Formulario PPGR1'!$E16,".",#REF!)) | C16: =IF('Formulario PPGR1'!$F16="","",#REF!) | D16: =IF('Formulario PPGR1'!$F16="","",#REF!) | E16: =IF('Formulario PPGR1'!$F16="","",#REF!) | G16: {=_xlfn.XLOOKUP($F16,LE_tbl[[#All],[Ls_LinesEstategica]],LE_tbl[[#All],[Le_code]],"",0)} -> #NAME? | I16: =_xlfn.XLOOKUP($H16,Obj!$D$122:$D$134,Obj!$E$122:$E$134,"",0) -> #NAME? | K16: 1.1.2.5 Fotalecimiento de los servicios de la red de servicios de Salud Mental | Q16: Gestión Clínica
B17: =IF('Formulario PPGR1'!$F17="","",CONCATENATE('Formulario PPGR1'!$C17,".",'Formulario PPGR1'!$D17,".",'Formulario PPGR1'!$E17,".",#REF!)) | C17: =IF('Formulario PPGR1'!$F17="","",#REF!) | D17: =IF('Formulario PPGR1'!$F17="","",#REF!) | E17: =IF('Formulario PPGR1'!$F17="","",#REF!) | G17: {=_xlfn.XLOOKUP($F17,LE_tbl[[#All],[Ls_LinesEstategica]],LE_tbl[[#All],[Le_code]],"",0)} -> #NAME? | I17: =_xlfn.XLOOKUP($H17,Obj!$D$122:$D$134,Obj!$E$122:$E$134,"",0) -> #NAME? | K17: 1.1.2.6 Seguimiento a la aplicación de los protocolos de las enfermedades zoonóticas | Q17: Gestión Clínica
B18: =IF('Formulario PPGR1'!$F18="","",CONCATENATE('Formulario PPGR1'!$C18,".",'Formulario PPGR1'!$D18,".",'Formulario PPGR1'!$E18,".",#REF!)) | C18: =IF('Formulario PPGR1'!$F18="","",#REF!) | D18: =IF('Formulario PPGR1'!$F18="","",#REF!) | E18: =IF('Formulario PPGR1'!$F18="","",#REF!) | G18: {=_xlfn.XLOOKUP($F18,LE_tbl[[#All],[Ls_LinesEstategica]],LE_tbl[[#All],[Le_code]],"",0)} -> #NAME? | I18: =_xlfn.XLOOKUP($H18,Obj!$D$122:$D$134,Obj!$E$122:$E$134,"",0) -> #NAME?
B19: =IF('Formulario PPGR1'!$F19="","",CONCATENATE('Formulario PPGR1'!$C19,".",'Formulario PPGR1'!$D19,".",'Formulario PPGR1'!$E19,".",#REF!)) -> #REF! | C19: =IF('Formulario PPGR1'!$F19="","",#REF!) -> #REF! | D19: =IF('Formulario PPGR1'!$F19="","",#REF!) -> #REF! | E19: =IF('Formulario PPGR1'!$F19="","",#REF!) -> #REF! | F19: LE.1 - Desarrollo y fortalecimiento de las redes integradas de servicios de salud fundamentada en el Modelo de Atención | G19: {=_xlfn.XLOOKUP($F19,LE_tbl[[#All],[Ls_LinesEstategica]],LE_tbl[[#All],[Le_code]],"",0)} -> #NAME? | H19: 1.1 Fortalecer los niveles de atención priorizando el Primer Nivel de Atención, incrementando su capacidad de resolución para satisfacer eficientemente las necesidades de salud de la población. | I19: =_xlfn.XLOOKUP($H19,Obj!$D$122:$D$134,Obj!$E$122:$E$134,"",0) -> #NAME? | J19: 1.1.3 Reducida la morbi-mortalidad de las enfermedades transmisibles, incluidas la infección por el VIH/SIDA, la Tuberculosis, las infecciones de transmisión sexual, las hepatitis virales, enfermedades transmitidas por vectores, enfermedades desatendidas, tropicales y zoonóticas, y las enfermedades prevenibles mediante vacunación; con especial atención en las poblaciones vulnerables | K19: 1.1.3.1 Aumento de la provisión de servicios de salud sexual y reproductiva en la Red SNS | Q19: Primer Nivel Materno Infantil Gestión Clínica
B20: =IF('Formulario PPGR1'!$F20="","",CONCATENATE('Formulario PPGR1'!$C20,".",'Formulario PPGR1'!$D20,".",'Formulario PPGR1'!$E20,".",#REF!)) | C20: =IF('Formulario PPGR1'!$F20="","",#REF!) | D20: =IF('Formulario PPGR1'!$F20="","",#REF!) | E20: =IF('Formulario PPGR1'!$F20="","",#REF!) | G20: {=_xlfn.XLOOKUP($F20,LE_tbl[[#All],[Ls_LinesEstategica]],LE_tbl[[#All],[Le_code]],"",0)} -> #NAME? | I20: =_xlfn.XLOOKUP($H20,Obj!$D$122:$D$134,Obj!$E$122:$E$134,"",0) -> #NAME? | K20: 1.1.3.2 Mejorar la atención de enfermedades transmisibles | Q20: Primer Nivel Gestión Clínica
B21: =IF('Formulario PPGR1'!$F21="","",CONCATENATE('Formulario PPGR1'!$C21,".",'Formulario PPGR1'!$D21,".",'Formulario PPGR1'!$E21,".",#REF!)) | C21: =IF('Formulario PPGR1'!$F21="","",#REF!) | D21: =IF('Formulario PPGR1'!$F21="","",#REF!) | E21: =IF('Formulario PPGR1'!$F21="","",#REF!) | G21: {=_xlfn.XLOOKUP($F21,LE_tbl[[#All],[Ls_LinesEstategica]],LE_tbl[[#All],[Le_code]],"",0)} -> #NAME? | I21: =_xlfn.XLOOKUP($H21,Obj!$D$122:$D$134,Obj!$E$122:$E$134,"",0) -> #NAME? | K21: 1.1.3.3 Fortalecimiento de la capacidad de los servicios de salud de VIH para garantizar la atencion integral y de calidad centrada en el paciente de VIH para cumplir las metas 95-95-95 al 2030 y el PoR 42 | Q21: Gestión Clínica
B22: =IF('Formulario PPGR1'!$F22="","",CONCATENATE('Formulario PPGR1'!$C22,".",'Formulario PPGR1'!$D22,".",'Formulario PPGR1'!$E22,".",#REF!)) | C22: =IF('Formulario PPGR1'!$F22="","",#REF!) | D22: =IF('Formulario PPGR1'!$F22="","",#REF!) | E22: =IF('Formulario PPGR1'!$F22="","",#REF!) | G22: {=_xlfn.XLOOKUP($F22,LE_tbl[[#All],[Ls_LinesEstategica]],LE_tbl[[#All],[Le_code]],"",0)} -> #NAME? | I22: =_xlfn.XLOOKUP($H22,Obj!$D$122:$D$134,Obj!$E$122:$E$134,"",0) -> #NAME? | K22: 1.1.3.4 Fortalecimiento de la capacidad de respuesta para brindar atencion integral centrada en el paciente de Tb en todas sus fases para garantizar el cumplimiento de las metas de fin de la TB al 2030 y PoR 41 | Q22: Gestión Clínica
B23: =IF('Formulario PPGR1'!$F23="","",CONCATENATE('Formulario PPGR1'!$C23,".",'Formulario PPGR1'!$D23,".",'Formulario PPGR1'!$E23,".",#REF!)) -> #REF! | C23: =IF('Formulario PPGR1'!$F23="","",#REF!) -> #REF! | D23: =IF('Formulario PPGR1'!$F23="","",#REF!) -> #REF! | E23: =IF('Formulario PPGR1'!$F23="","",#REF!) -> #REF! | F23: LE.1 - Desarrollo y fortalecimiento de las redes integradas de servicios de salud fundamentada en el Modelo de Atención | G23: {=_xlfn.XLOOKUP($F23,LE_tbl[[#All],[Ls_LinesEstategica]],LE_tbl[[#All],[Le_code]],"",0)} -> #NAME? | H23: 1.2 Avanzar en la articulación de las redes de servicios, asegurando que la atención sea integral y acorde con las necesidades territoriales de la población. | I23: =_xlfn.XLOOKUP($H23,Obj!$D$122:$D$134,Obj!$E$122:$E$134,"",0) -> #NAME? | J23: 1.2.1 Redes de servicios integradas y con mayor resolución para coordinar la prestación de servicios integrales de promoción de la salud, prevención de la enfermedad, diagnóstico, tratamiento, rehabilitación y cuidados paliativos; condicionada a la necesidades de salud y características de la población, con miras hacia la consecución progresiva del acceso universal a la salud y la cobertura universal de salud | K23: 1.2.1.1 Desarrollo del Programa de Salud Bucal | Q23: Odontología
B24: =IF('Formulario PPGR1'!$F24="","",CONCATENATE('Formulario PPGR1'!$C24,".",'Formulario PPGR1'!$D24,".",'Formulario PPGR1'!$E24,".",#REF!)) | C24: =IF('Formulario PPGR1'!$F24="","",#REF!) | D24: =IF('Formulario PPGR1'!$F24="","",#REF!) | E24: =IF('Formulario PPGR1'!$F24="","",#REF!) | G24: {=_xlfn.XLOOKUP($F24,LE_tbl[[#All],[Ls_LinesEstategica]],LE_tbl[[#All],[Le_code]],"",0)} -> #NAME? | I24: =_xlfn.XLOOKUP($H24,Obj!$D$122:$D$134,Obj!$E$122:$E$134,"",0) -> #NAME? | K24: 1.2.1.2 Mejora del suministro y abastecimiento de medicamentos | Q24: Medicamentos e Insumos
B25: =IF('Formulario PPGR1'!$F25="","",CONCATENATE('Formulario PPGR1'!$C25,".",'Formulario PPGR1'!$D25,".",'Formulario PPGR1'!$E25,".",#REF!)) | C25: =IF('Formulario PPGR1'!$F25="","",#REF!) | D25: =IF('Formulario PPGR1'!$F25="","",#REF!) | E25: =IF('Formulario PPGR1'!$F25="","",#REF!) | G25: {=_xlfn.XLOOKUP($F25,LE_tbl[[#All],[Ls_LinesEstategica]],LE_tbl[[#All],[Le_code]],"",0)} -> #NAME? | I25: =_xlfn.XLOOKUP($H25,Obj!$D$122:$D$134,Obj!$E$122:$E$134,"",0) -> #NAME? | K25: 1.2.1.3 Ampliación y mejora de la provisión de servicios de apoyo diagnóstico y laboratorio | Q25: Laboratorios e Imágenes
B26: =IF('Formulario PPGR1'!$F26="","",CONCATENATE('Formulario PPGR1'!$C26,".",'Formulario PPGR1'!$D26,".",'Formulario PPGR1'!$E26,".",#REF!)) -> #REF! | C26: =IF('Formulario PPGR1'!$F26="","",#REF!) -> #REF! | D26: =IF('Formulario PPGR1'!$F26="","",#REF!) -> #REF! | E26: =IF('Formulario PPGR1'!$F26="","",#REF!) -> #REF! | F26: LE.1 - Desarrollo y fortalecimiento de las redes integradas de servicios de salud fundamentada en el Modelo de Atención | G26: {=_xlfn.XLOOKUP($F26,LE_tbl[[#All],[Ls_LinesEstategica]],LE_tbl[[#All],[Le_code]],"",0)} -> #NAME? | H26: 1.2 Avanzar en la articulación de las redes de servicios, asegurando que la atención sea integral y acorde con las necesidades territoriales de la población. | I26: =_xlfn.XLOOKUP($H26,Obj!$D$122:$D$134,Obj!$E$122:$E$134,"",0) -> #NAME? | J26: 1.2.5 Aumentada la eficacia, eficiencia y equidad de la prestación de los servicios de salud a través de la reorganización y transformación de las estructuras de redes de servicios | K26: 1.2.5.1 Implementación de la Metodología de la Gestión Productiva de Servicios de Salud | Q26: Centros Hospitalarios
B27: =IF('Formulario PPGR1'!$F27="","",CONCATENATE('Formulario PPGR1'!$C27,".",'Formulario PPGR1'!$D27,".",'Formulario PPGR1'!$E27,".",#REF!)) | C27: =IF('Formulario PPGR1'!$F27="","",#REF!) | D27: =IF('Formulario PPGR1'!$F27="","",#REF!) | E27: =IF('Formulario PPGR1'!$F27="","",#REF!) | G27: {=_xlfn.XLOOKUP($F27,LE_tbl[[#All],[Ls_LinesEstategica]],LE_tbl[[#All],[Le_code]],"",0)} -> #NAME? | I27: =_xlfn.XLOOKUP($H27,Obj!$D$122:$D$134,Obj!$E$122:$E$134,"",0) -> #NAME? | K27: 1.2.5.2 Despliegue de la Cartera de Servicios en la Red de Servicio Nacional de Salud | Q27: Gestión Clínica
B28: =IF('Formulario PPGR1'!$F28="","",CONCATENATE('Formulario PPGR1'!$C28,".",'Formulario PPGR1'!$D28,".",'Formulario PPGR1'!$E28,".",#REF!)) -> #REF! | C28: =IF('Formulario PPGR1'!$F28="","",#REF!) -> #REF! | D28: =IF('Formulario PPGR1'!$F28="","",#REF!) -> #REF! | E28: =IF('Formulario PPGR1'!$F28="","",#REF!) -> #REF! | F28: LE.1 - Desarrollo y fortalecimiento de las redes integradas de servicios de salud fundamentada en el Modelo de Atención | G28: {=_xlfn.XLOOKUP($F28,LE_tbl[[#All],[Ls_LinesEstategica]],LE_tbl[[#All],[Le_code]],"",0)} -> #NAME? | H28: 1.2 Avanzar en la articulación de las redes de servicios, asegurando que la atención sea integral y acorde con las necesidades territoriales de la población. | I28: =_xlfn.XLOOKUP($H28,Obj!$D$122:$D$134,Obj!$E$122:$E$134,"",0) -> #NAME? | J28: 1.2.2 Garantizada la atención integral con calidad y oportunidad, mediante la coordinación clínica y asistencial de los servicios de salud | K28: 1.2.2.1 Articulación de la Red SNS | Q28: Atención a los Usuarios
B29: =IF('Formulario PPGR1'!$F29="","",CONCATENATE('Formulario PPGR1'!$C29,".",'Formulario PPGR1'!$D29,".",'Formulario PPGR1'!$E29,".",#REF!)) | C29: =IF('Formulario PPGR1'!$F29="","",#REF!) | D29: =IF('Formulario PPGR1'!$F29="","",#REF!) | E29: =IF('Formulario PPGR1'!$F29="","",#REF!) | G29: {=_xlfn.XLOOKUP($F29,LE_tbl[[#All],[Ls_LinesEstategica]],LE_tbl[[#All],[Le_code]],"",0)} -> #NAME? | I29: =_xlfn.XLOOKUP($H29,Obj!$D$122:$D$134,Obj!$E$122:$E$134,"",0) -> #NAME? | K29: 1.2.2.2 Provisión de servicios de Salud Materno, Infantil y Adolescentes de Calidad
B30: =IF('Formulario PPGR1'!$F30="","",CONCATENATE('Formulario PPGR1'!$C30,".",'Formulario PPGR1'!$D30,".",'Formulario PPGR1'!$E30,".",#REF!)) -> #REF! | C30: =IF('Formulario PPGR1'!$F30="","",#REF!) -> #REF! | D30: =IF('Formulario PPGR1'!$F30="","",#REF!) -> #REF! | E30: =IF('Formulario PPGR1'!$F30="","",#REF!) -> #REF! | F30: LE.1 - Desarrollo y fortalecimiento de las redes integradas de servicios de salud fundamentada en el Modelo de Atención | G30: {=_xlfn.XLOOKUP($F30,LE_tbl[[#All],[Ls_LinesEstategica]],LE_tbl[[#All],[Le_code]],"",0)} -> #NAME? | H30: 1.2 Avanzar en la articulación de las redes de servicios, asegurando que la atención sea integral y acorde con las necesidades territoriales de la población. | I30: =_xlfn.XLOOKUP($H30,Obj!$D$122:$D$134,Obj!$E$122:$E$134,"",0) -> #NAME? | J30: 1.2.3 Gestión integrada y articulada de las redes públicas de servicios de salud, con actores involucrados en la organización, gestión y atención de servicios de salud con enfoque y participación intra e intersectorial y participación social y de comités de salud, que promueva un ambiente favorable para la cobertura y acceso a los servicios de salud | K30: 1.2.3.1 Comités de Salud del Primer Nivel y Hospitalarios (priorizados según Reglamento Hospitalario 434-07) | Q30: Servicios de Salud
B31: =IF('Formulario PPGR1'!$F31="","",CONCATENATE('Formulario PPGR1'!$C31,".",'Formulario PPGR1'!$D31,".",'Formulario PPGR1'!$E31,".",#REF!)) -> #REF! | C31: =IF('Formulario PPGR1'!$F31="","",#REF!) -> #REF! | D31: =IF('Formulario PPGR1'!$F31="","",#REF!) -> #REF! | E31: =IF('Formulario PPGR1'!$F31="","",#REF!) -> #REF! | F31: LE.1 - Desarrollo y fortalecimiento de las redes integradas de servicios de salud fundamentada en el Modelo de Atención | G31: {=_xlfn.XLOOKUP($F31,LE_tbl[[#All],[Ls_LinesEstategica]],LE_tbl[[#All],[Le_code]],"",0)} -> #NAME? | H31: 1.3 Asegurar la calidad de la atención y la seguridad del paciente, en el marco de los derechos de las personas, con el fin de aumentar la confianza y satisfacción de los usuarios de los servicios de salud. | I31: =_xlfn.XLOOKUP($H31,Obj!$D$122:$D$134,Obj!$E$122:$E$134,"",0) -> #NAME? | J31: 1.3.3 Desarrollo y mantenimiento de un modelo de evaluación de la entrega de servicios sanitarios con carácter igualitario y libre de discriminación, que promueva mediante la continua retroalimentación, la generación de mejores resultados en materia de salud lo que se traduzca en el aumento de la satisfacción de las personas con respecto a los servicios públicos de salud | K31: 1.3.3.1 Gestión de la Experiencia del Paciente | Q31: Atención a los Usuarios | V31: Gestión Integral de Información
B32: =IF('Formulario PPGR1'!$F32="","",CONCATENATE('Formulario PPGR1'!$C32,".",'Formulario PPGR1'!$D32,".",'Formulario PPGR1'!$E32,".",#REF!)) | C32: =IF('Formulario PPGR1'!$F32="","",#REF!) | D32: =IF('Formulario PPGR1'!$F32="","",#REF!) | E32: =IF('Formulario PPGR1'!$F32="","",#REF!) | G32: {=_xlfn.XLOOKUP($F32,LE_tbl[[#All],[Ls_LinesEstategica]],LE_tbl[[#All],[Le_code]],"",0)} -> #NAME? | I32: =_xlfn.XLOOKUP($H32,Obj!$D$122:$D$134,Obj!$E$122:$E$134,"",0) -> #NAME? | K32: 1.3.3.2 Plan de Hostelería Hospitalaria | Q32: Servicios de Salud
B33: =IF('Formulario PPGR1'!$F33="","",CONCATENATE('Formulario PPGR1'!$C33,".",'Formulario PPGR1'!$D33,".",'Formulario PPGR1'!$E33,".",#REF!)) | C33: =IF('Formulario PPGR1'!$F33="","",#REF!) | D33: =IF('Formulario PPGR1'!$F33="","",#REF!) | E33: =IF('Formulario PPGR1'!$F33="","",#REF!) | G33: {=_xlfn.XLOOKUP($F33,LE_tbl[[#All],[Ls_LinesEstategica]],LE_tbl[[#All],[Le_code]],"",0)} -> #NAME? | I33: =_xlfn.XLOOKUP($H33,Obj!$D$122:$D$134,Obj!$E$122:$E$134,"",0) -> #NAME? | K33: 1.3.3.3 Garantizar el acceso y el seguimiento a los servicios de salud para personas victimas de violencia de género e intrafamiliar | Q33: Gestión Clínica
B34: =IF('Formulario PPGR1'!$F34="","",CONCATENATE('Formulario PPGR1'!$C34,".",'Formulario PPGR1'!$D34,".",'Formulario PPGR1'!$E34,".",#REF!)) | C34: =IF('Formulario PPGR1'!$F34="","",#REF!) | D34: =IF('Formulario PPGR1'!$F34="","",#REF!) | E34: =IF('Formulario PPGR1'!$F34="","",#REF!) | G34: {=_xlfn.XLOOKUP($F34,LE_tbl[[#All],[Ls_LinesEstategica]],LE_tbl[[#All],[Le_code]],"",0)} -> #NAME? | I34: =_xlfn.XLOOKUP($H34,Obj!$D$122:$D$134,Obj!$E$122:$E$134,"",0) -> #NAME? | K34: 1.3.3.4 Incremento Cobertura de Registro Oportuno de Nacimientos
B35: =IF('Formulario PPGR1'!$F35="","",CONCATENATE('Formulario PPGR1'!$C35,".",'Formulario PPGR1'!$D35,".",'Formulario PPGR1'!$E35,".",#REF!)) -> #REF! | C35: =IF('Formulario PPGR1'!$F35="","",#REF!) -> #REF! | D35: =IF('Formulario PPGR1'!$F35="","",#REF!) -> #REF! | E35: =IF('Formulario PPGR1'!$F35="","",#REF!) -> #REF! | F35: LE.1 - Desarrollo y fortalecimiento de las redes integradas de servicios de salud fundamentada en el Modelo de Atención | G35: {=_xlfn.XLOOKUP($F35,LE_tbl[[#All],[Ls_LinesEstategica]],LE_tbl[[#All],[Le_code]],"",0)} -> #NAME? | H35: 1.3 Asegurar la calidad de la atención y la seguridad del paciente, en el marco de los derechos de las personas, con el fin de aumentar la confianza y satisfacción de los usuarios de los servicios de salud. | I35: =_xlfn.XLOOKUP($H35,Obj!$D$122:$D$134,Obj!$E$122:$E$134,"",0) -> #NAME? | J35: 1.3.4 Fortalecida la calidad de la atención en salud como resultado del seguimiento a los aspectos técnicos y no técnicos de la atención, que disminuya el riesgo de la seguridad del paciente y de los resultados esperados de salud | K35: 1.3.4.1 Monitoreo de la Calidad en los Servicios de Salud | Q35: Calidad de los Servicios de Salud
B36: =IF('Formulario PPGR1'!$F36="","",CONCATENATE('Formulario PPGR1'!$C36,".",'Formulario PPGR1'!$D36,".",'Formulario PPGR1'!$E36,".",#REF!)) | C36: =IF('Formulario PPGR1'!$F36="","",#REF!) | D36: =IF('Formulario PPGR1'!$F36="","",#REF!) | E36: =IF('Formulario PPGR1'!$F36="","",#REF!) | G36: {=_xlfn.XLOOKUP($F36,LE_tbl[[#All],[Ls_LinesEstategica]],LE_tbl[[#All],[Le_code]],"",0)} -> #NAME? | I36: =_xlfn.XLOOKUP($H36,Obj!$D$122:$D$134,Obj!$E$122:$E$134,"",0) -> #NAME? | K36: 1.3.4.2 Prevención y Control del Riesgo Biológico | Q36: Calidad de los Servicios de Salud | V36: Gestión y Control de la Planificación Institucional
B37: =IF('Formulario PPGR1'!$F37="","",CONCATENATE('Formulario PPGR1'!$C37,".",'Formulario PPGR1'!$D37,".",'Formulario PPGR1'!$E37,".",#REF!)) | C37: =IF('Formulario PPGR1'!$F37="","",#REF!) | D37: =IF('Formulario PPGR1'!$F37="","",#REF!) | E37: =IF('Formulario PPGR1'!$F37="","",#REF!) | G37: {=_xlfn.XLOOKUP($F37,LE_tbl[[#All],[Ls_LinesEstategica]],LE_tbl[[#All],[Le_code]],"",0)} -> #NAME? | I37: =_xlfn.XLOOKUP($H37,Obj!$D$122:$D$134,Obj!$E$122:$E$134,"",0) -> #NAME? | K37: 1.3.4.3 Seguimiento a la Habilitación de los Servicios de Salud | Q37: Calidad de los Servicios de Salud
B38: =IF('Formulario PPGR1'!$F38="","",CONCATENATE('Formulario PPGR1'!$C38,".",'Formulario PPGR1'!$D38,".",'Formulario PPGR1'!$E38,".",#REF!)) | C38: =IF('Formulario PPGR1'!$F38="","",#REF!) | D38: =IF('Formulario PPGR1'!$F38="","",#REF!) | E38: =IF('Formulario PPGR1'!$F38="","",#REF!) | G38: {=_xlfn.XLOOKUP($F38,LE_tbl[[#All],[Ls_LinesEstategica]],LE_tbl[[#All],[Le_code]],"",0)} -> #NAME? | I38: =_xlfn.XLOOKUP($H38,Obj!$D$122:$D$134,Obj!$E$122:$E$134,"",0) -> #NAME? | K38: 1.3.4.4 Continuidad implementacion de la Politica de estandar de los cuidados de enfemeria como indicadores de calidad | Q38: Enfermería
B39: =IF('Formulario PPGR1'!$F39="","",CONCATENATE('Formulario PPGR1'!$C39,".",'Formulario PPGR1'!$D39,".",'Formulario PPGR1'!$E39,".",#REF!)) | C39: =IF('Formulario PPGR1'!$F39="","",#REF!) | D39: =IF('Formulario PPGR1'!$F39="","",#REF!) | E39: =IF('Formulario PPGR1'!$F39="","",#REF!) | G39: {=_xlfn.XLOOKUP($F39,LE_tbl[[#All],[Ls_LinesEstategica]],LE_tbl[[#All],[Le_code]],"",0)} -> #NAME? | I39: =_xlfn.XLOOKUP($H39,Obj!$D$122:$D$134,Obj!$E$122:$E$134,"",0) -> #NAME? | K39: 1.3.4.5 Vigilancia de las Infecciones Asociadas a la Atención | Q39: Calidad de los Servicios de Salud Materno-Infantil y Adolescentes
B40: =IF('Formulario PPGR1'!$F40="","",CONCATENATE('Formulario PPGR1'!$C40,".",'Formulario PPGR1'!$D40,".",'Formulario PPGR1'!$E40,".",#REF!)) -> #REF! | C40: =IF('Formulario PPGR1'!$F40="","",#REF!) -> #REF! | D40: =IF('Formulario PPGR1'!$F40="","",#REF!) -> #REF! | E40: =IF('Formulario PPGR1'!$F40="","",#REF!) -> #REF! | F40: LE.2 - Fortalecimiento de la gestión y desarrollo de los recursos humanos. | G40: {=_xlfn.XLOOKUP($F40,LE_tbl[[#All],[Ls_LinesEstategica]],LE_tbl[[#All],[Le_code]],"",0)} -> #NAME? | H40: 2.1 Desarrollar capacidades en los colaboradores de la red de salud, mediante la formación continua, para mejorar el desempeño laboral y alinearlo con las necesidades identificadas en cada nivel de atención. | I40: =_xlfn.XLOOKUP($H40,Obj!$D$122:$D$134,Obj!$E$122:$E$134,"",0) -> #NAME? | J40: 2.1.1 Incrementada las competencias y resolutividad de los colaboradores, de acuerdo a la complejidad de sus funciones, las necesidades de salud de la población y los compromisos del sector | K40: 2.1.1.1 Programa Cuidados de enfermería en plataforma de capacitación | Q40: Enfermería
B41: =IF('Formulario PPGR1'!$F41="","",CONCATENATE('Formulario PPGR1'!$C41,".",'Formulario PPGR1'!$D41,".",'Formulario PPGR1'!$E41,".",#REF!)) -> #REF! | C41: =IF('Formulario PPGR1'!$F41="","",#REF!) -> #REF! | D41: =IF('Formulario PPGR1'!$F41="","",#REF!) -> #REF! | E41: =IF('Formulario PPGR1'!$F41="","",#REF!) -> #REF! | F41: LE.3 - Fortalecimiento Institucional | G41: {=_xlfn.XLOOKUP($F41,LE_tbl[[#All],[Ls_LinesEstategica]],LE_tbl[[#All],[Le_code]],"",0)} -> #NAME? | H41: 3.1 Fortalecer los procesos de gestión institucional para mejorar la eficiencia, transparencia y efectividad en la administración de los recursos y servicios. | I41: =_xlfn.XLOOKUP($H41,Obj!$D$122:$D$134,Obj!$E$122:$E$134,"",0) -> #NAME? | J41: 3.1.1 Fortalecida la gestión institucional y productiva mediante la mejora de la transparencia, efectividad de la administración de recursos y servicios. | K41: 3.1.1.1 Transparencia de la Gestión y Participación Ciudadana | Q41: Oficina Acceso a la Información
B42: =IF('Formulario PPGR1'!$F42="","",CONCATENATE('Formulario PPGR1'!$C42,".",'Formulario PPGR1'!$D42,".",'Formulario PPGR1'!$E42,".",#REF!)) | C42: =IF('Formulario PPGR1'!$F42="","",#REF!) | D42: =IF('Formulario PPGR1'!$F42="","",#REF!) | E42: =IF('Formulario PPGR1'!$F42="","",#REF!) | G42: {=_xlfn.XLOOKUP($F42,LE_tbl[[#All],[Ls_LinesEstategica]],LE_tbl[[#All],[Le_code]],"",0)} -> #NAME? | I42: =_xlfn.XLOOKUP($H42,Obj!$D$122:$D$134,Obj!$E$122:$E$134,"",0) -> #NAME? | K42: 3.1.1.2 Programa de Seguridad Física de los establecimientos de la Red SNS | Q42: Seguridad | V42: Promoción y Cultura de Innovación
B43: =IF('Formulario PPGR1'!$F43="","",CONCATENATE('Formulario PPGR1'!$C43,".",'Formulario PPGR1'!$D43,".",'Formulario PPGR1'!$E43,".",#REF!)) | C43: =IF('Formulario PPGR1'!$F43="","",#REF!) | D43: =IF('Formulario PPGR1'!$F43="","",#REF!) | E43: =IF('Formulario PPGR1'!$F43="","",#REF!) | G43: {=_xlfn.XLOOKUP($F43,LE_tbl[[#All],[Ls_LinesEstategica]],LE_tbl[[#All],[Le_code]],"",0)} -> #NAME? | I43: =_xlfn.XLOOKUP($H43,Obj!$D$122:$D$134,Obj!$E$122:$E$134,"",0) -> #NAME? | K43: 3.1.1.3 Fortalecimiento del sistema de control interno y auditoria de la gestión | Q43: Control y Fiscalización
B44: =IF('Formulario PPGR1'!$F44="","",CONCATENATE('Formulario PPGR1'!$C44,".",'Formulario PPGR1'!$D44,".",'Formulario PPGR1'!$E44,".",#REF!)) | C44: =IF('Formulario PPGR1'!$F44="","",#REF!) | D44: =IF('Formulario PPGR1'!$F44="","",#REF!) | E44: =IF('Formulario PPGR1'!$F44="","",#REF!) | G44: {=_xlfn.XLOOKUP($F44,LE_tbl[[#All],[Ls_LinesEstategica]],LE_tbl[[#All],[Le_code]],"",0)} -> #NAME? | I44: =_xlfn.XLOOKUP($H44,Obj!$D$122:$D$134,Obj!$E$122:$E$134,"",0) -> #NAME? | K44: 3.1.1.4 Fortalecimiento del Sistema de Administración de Bienes | Q44: Administrativo
B45: =IF('Formulario PPGR1'!$F45="","",CONCATENATE('Formulario PPGR1'!$C45,".",'Formulario PPGR1'!$D45,".",'Formulario PPGR1'!$E45,".",#REF!)) | C45: =IF('Formulario PPGR1'!$F45="","",#REF!) | D45: =IF('Formulario PPGR1'!$F45="","",#REF!) | E45: =IF('Formulario PPGR1'!$F45="","",#REF!) | G45: {=_xlfn.XLOOKUP($F45,LE_tbl[[#All],[Ls_LinesEstategica]],LE_tbl[[#All],[Le_code]],"",0)} -> #NAME? | I45: =_xlfn.XLOOKUP($H45,Obj!$D$122:$D$134,Obj!$E$122:$E$134,"",0) -> #NAME? | K45: 3.1.1.5 Implementación Normas Básicas de Control Interno en la Red SNS | Q45: Planificación y Desarrollo
B46: =IF('Formulario PPGR1'!$F46="","",CONCATENATE('Formulario PPGR1'!$C46,".",'Formulario PPGR1'!$D46,".",'Formulario PPGR1'!$E46,".",#REF!)) | C46: =IF('Formulario PPGR1'!$F46="","",#REF!) | D46: =IF('Formulario PPGR1'!$F46="","",#REF!) | E46: =IF('Formulario PPGR1'!$F46="","",#REF!) | G46: {=_xlfn.XLOOKUP($F46,LE_tbl[[#All],[Ls_LinesEstategica]],LE_tbl[[#All],[Le_code]],"",0)} -> #NAME? | I46: =_xlfn.XLOOKUP($H46,Obj!$D$122:$D$134,Obj!$E$122:$E$134,"",0) -> #NAME? | K46: 3.1.1.6 Plan de Inversión para el desarrollo del PNA | Q46: Primer Nivel
B47: =IF('Formulario PPGR1'!$F47="","",CONCATENATE('Formulario PPGR1'!$C47,".",'Formulario PPGR1'!$D47,".",'Formulario PPGR1'!$E47,".",#REF!)) -> #REF! | C47: =IF('Formulario PPGR1'!$F47="","",#REF!) -> #REF! | D47: =IF('Formulario PPGR1'!$F47="","",#REF!) -> #REF! | E47: =IF('Formulario PPGR1'!$F47="","",#REF!) -> #REF! | F47: LE.3 - Fortalecimiento Institucional | G47: {=_xlfn.XLOOKUP($F47,LE_tbl[[#All],[Ls_LinesEstategica]],LE_tbl[[#All],[Le_code]],"",0)} -> #NAME? | H47: 3.2 Aumentar la sostenibilidad financiera de la institución, mediante la optimización de recursos y la implementación de estrategias de financiamiento a mediano y largo plazo. | I47: =_xlfn.XLOOKUP($H47,Obj!$D$122:$D$134,Obj!$E$122:$E$134,"",0) -> #NAME? | J47: 3.2.1 Mejorada la sostenibilidad financiera del SNS mediante el control de gastos, saneamiento de las deudas e incremento de las distintas fuentes de financiamiento con el fin de garantizar la prestación de servicios en salud con oportunidad y eficiencia | K47: 3.2.1.1 Ejecución de los procesos de compra en tiempo oportuno | Q47: Administrativo
B48: =IF('Formulario PPGR1'!$F48="","",CONCATENATE('Formulario PPGR1'!$C48,".",'Formulario PPGR1'!$D48,".",'Formulario PPGR1'!$E48,".",#REF!)) -> #REF! | C48: =IF('Formulario PPGR1'!$F48="","",#REF!) -> #REF! | D48: =IF('Formulario PPGR1'!$F48="","",#REF!) -> #REF! | E48: =IF('Formulario PPGR1'!$F48="","",#REF!) -> #REF! | F48: LE.3 - Fortalecimiento Institucional | G48: {=_xlfn.XLOOKUP($F48,LE_tbl[[#All],[Ls_LinesEstategica]],LE_tbl[[#All],[Le_code]],"",0)} -> #NAME? | H48: 3.3 Mejorar el posicionamiento institucional, con el objetivo de aumentar su visibilidad, reputación y liderazgo en el sector salud. | I48: =_xlfn.XLOOKUP($H48,Obj!$D$122:$D$134,Obj!$E$122:$E$134,"",0) -> #NAME? | J48: 3.3.1 Aumentada la conexión del SNS con los medios informativos y la población, manteniendo con ellos una comunicación ágil, fluida y de calidad; que nos permita satisfacer con rapidez las peticiones y necesidades de información sobre la institución y los servicios ofrecidos | K48: 3.3.1.1 Implementación del Manual de Señalética e Identidad de la Red SNS (Comunicación estratégica y posicionamiento institucional) | Q48: Comunicaciones
B49: =IF('Formulario PPGR1'!$F49="","",CONCATENATE('Formulario PPGR1'!$C49,".",'Formulario PPGR1'!$D49,".",'Formulario PPGR1'!$E49,".",#REF!)) | C49: =IF('Formulario PPGR1'!$F49="","",#REF!) | D49: =IF('Formulario PPGR1'!$F49="","",#REF!) | E49: =IF('Formulario PPGR1'!$F49="","",#REF!) | G49: {=_xlfn.XLOOKUP($F49,LE_tbl[[#All],[Ls_LinesEstategica]],LE_tbl[[#All],[Le_code]],"",0)} -> #NAME? | I49: =_xlfn.XLOOKUP($H49,Obj!$D$122:$D$134,Obj!$E$122:$E$134,"",0) -> #NAME? | K49: 3.3.1.2 Despliegue Plan Interconexión Red Pública de Servicios de Salud (Educación en Salud) | Q49: Comunicaciones
B50: =IF('Formulario PPGR1'!$F50="","",CONCATENATE('Formulario PPGR1'!$C50,".",'Formulario PPGR1'!$D50,".",'Formulario PPGR1'!$E50,".",#REF!)) | C50: =IF('Formulario PPGR1'!$F50="","",#REF!) | D50: =IF('Formulario PPGR1'!$F50="","",#REF!) | E50: =IF('Formulario PPGR1'!$F50="","",#REF!) | G50: {=_xlfn.XLOOKUP($F50,LE_tbl[[#All],[Ls_LinesEstategica]],LE_tbl[[#All],[Le_code]],"",0)} -> #NAME? | I50: =_xlfn.XLOOKUP($H50,Obj!$D$122:$D$134,Obj!$E$122:$E$134,"",0) -> #NAME? | K50: 3.3.1.3 Despliegue Plan de Gestión Ambiental / Responsabilidad Social Institucional | Q50: Comunicaciones
B51: =IF('Formulario PPGR1'!$F51="","",CONCATENATE('Formulario PPGR1'!$C51,".",'Formulario PPGR1'!$D51,".",'Formulario PPGR1'!$E51,".",#REF!)) | C51: =IF('Formulario PPGR1'!$F51="","",#REF!) | D51: =IF('Formulario PPGR1'!$F51="","",#REF!) | E51: =IF('Formulario PPGR1'!$F51="","",#REF!) | G51: {=_xlfn.XLOOKUP($F51,LE_tbl[[#All],[Ls_LinesEstategica]],LE_tbl[[#All],[Le_code]],"",0)} -> #NAME? | I51: =_xlfn.XLOOKUP($H51,Obj!$D$122:$D$134,Obj!$E$122:$E$134,"",0) -> #NAME?
B52: =IF('Formulario PPGR1'!$F52="","",CONCATENATE('Formulario PPGR1'!$C52,".",'Formulario PPGR1'!$D52,".",'Formulario PPGR1'!$E52,".",#REF!)) -> #REF! | C52: =IF('Formulario PPGR1'!$F52="","",#REF!) -> #REF! | D52: =IF('Formulario PPGR1'!$F52="","",#REF!) -> #REF! | E52: =IF('Formulario PPGR1'!$F52="","",#REF!) -> #REF! | F52: LE.3 - Fortalecimiento Institucional | G52: {=_xlfn.XLOOKUP($F52,LE_tbl[[#All],[Ls_LinesEstategica]],LE_tbl[[#All],[Le_code]],"",0)} -> #NAME? | H52: 3.4 Fomentar alianzas interinstitucionales con actores clave, para maximizar los recursos y mejorar la calidad de los servicios de salud a través de la colaboración y el intercambio de conocimientos. | I52: =_xlfn.XLOOKUP($H52,Obj!$D$122:$D$134,Obj!$E$122:$E$134,"",0) -> #NAME? | J52: 3.4.1 Fomentadas las alianzas nacionales e internacionales para captación y optimización de recursos que favorezcan el fortalecimiento y calidad de los servicios | K52: 3.4.1.1 Levantamiento de Necesidades de Cooperación no Reembolsable | Q52: Planificación y Desarrollo
B53: =IF('Formulario PPGR1'!$F53="","",CONCATENATE('Formulario PPGR1'!$C53,".",'Formulario PPGR1'!$D53,".",'Formulario PPGR1'!$E53,".",#REF!)) | C53: =IF('Formulario PPGR1'!$F53="","",#REF!) | D53: =IF('Formulario PPGR1'!$F53="","",#REF!) | E53: =IF('Formulario PPGR1'!$F53="","",#REF!) | G53: {=_xlfn.XLOOKUP($F53,LE_tbl[[#All],[Ls_LinesEstategica]],LE_tbl[[#All],[Le_code]],"",0)} -> #NAME? | I53: =_xlfn.XLOOKUP($H53,Obj!$D$122:$D$134,Obj!$E$122:$E$134,"",0) -> #NAME?
B54: =IF('Formulario PPGR1'!$F54="","",CONCATENATE('Formulario PPGR1'!$C54,".",'Formulario PPGR1'!$D54,".",'Formulario PPGR1'!$E54,".",#REF!)) | C54: =IF('Formulario PPGR1'!$F54="","",#REF!) | D54: =IF('Formulario PPGR1'!$F54="","",#REF!) | E54: =IF('Formulario PPGR1'!$F54="","",#REF!) | G54: {=_xlfn.XLOOKUP($F54,LE_tbl[[#All],[Ls_LinesEstategica]],LE_tbl[[#All],[Le_code]],"",0)} -> #NAME? | I54: =_xlfn.XLOOKUP($H54,Obj!$D$122:$D$134,Obj!$E$122:$E$134,"",0) -> #NAME?
B55: =IF('Formulario PPGR1'!$F55="","",CONCATENATE('Formulario PPGR1'!$C55,".",'Formulario PPGR1'!$D55,".",'Formulario PPGR1'!$E55,".",#REF!)) | C55: =IF('Formulario PPGR1'!$F55="","",#REF!) | D55: =IF('Formulario PPGR1'!$F55="","",#REF!) | E55: =IF('Formulario PPGR1'!$F55="","",#REF!) | G55: {=_xlfn.XLOOKUP($F55,LE_tbl[[#All],[Ls_LinesEstategica]],LE_tbl[[#All],[Le_code]],"",0)} -> #NAME? | I55: =_xlfn.XLOOKUP($H55,Obj!$D$122:$D$134,Obj!$E$122:$E$134,"",0) -> #NAME?
B56: =IF('Formulario PPGR1'!$F56="","",CONCATENATE('Formulario PPGR1'!$C56,".",'Formulario PPGR1'!$D56,".",'Formulario PPGR1'!$E56,".",#REF!)) | C56: =IF('Formulario PPGR1'!$F56="","",#REF!) | D56: =IF('Formulario PPGR1'!$F56="","",#REF!) | E56: =IF('Formulario PPGR1'!$F56="","",#REF!) | G56: {=_xlfn.XLOOKUP($F56,LE_tbl[[#All],[Ls_LinesEstategica]],LE_tbl[[#All],[Le_code]],"",0)} -> #NAME? | I56: =_xlfn.XLOOKUP($H56,Obj!$D$122:$D$134,Obj!$E$122:$E$134,"",0) -> #NAME?
B57: =IF('Formulario PPGR1'!$F57="","",CONCATENATE('Formulario PPGR1'!$C57,".",'Formulario PPGR1'!$D57,".",'Formulario PPGR1'!$E57,".",#REF!)) -> #REF! | C57: =IF('Formulario PPGR1'!$F57="","",#REF!) -> #REF! | D57: =IF('Formulario PPGR1'!$F57="","",#REF!) -> #REF! | E57: =IF('Formulario PPGR1'!$F57="","",#REF!) -> #REF! | F57: LE.3 - Fortalecimiento Institucional | G57: {=_xlfn.XLOOKUP($F57,LE_tbl[[#All],[Ls_LinesEstategica]],LE_tbl[[#All],[Le_code]],"",0)} -> #NAME? | I57: =_xlfn.XLOOKUP($H57,Obj!$D$122:$D$134,Obj!$E$122:$E$134,"",0) -> #NAME?
B58: =IF('Formulario PPGR1'!$F58="","",CONCATENATE('Formulario PPGR1'!$C58,".",'Formulario PPGR1'!$D58,".",'Formulario PPGR1'!$E58,".",#REF!)) -> #REF! | C58: =IF('Formulario PPGR1'!$F58="","",#REF!) -> #REF! | D58: =IF('Formulario PPGR1'!$F58="","",#REF!) -> #REF! | E58: =IF('Formulario PPGR1'!$F58="","",#REF!) -> #REF! | F58: LE.3 - Fortalecimiento Institucional | G58: {=_xlfn.XLOOKUP($F58,LE_tbl[[#All],[Ls_LinesEstategica]],LE_tbl[[#All],[Le_code]],"",0)} -> #NAME? | H58: 3.5 Fortalecer el uso de tecnologías y sistemas de información en la gestión institucional, para mejorar la calidad y eficiencia operativa. | I58: =_xlfn.XLOOKUP($H58,Obj!$D$122:$D$134,Obj!$E$122:$E$134,"",0) -> #NAME? | J58: 3.5.1 Fortalecido el desarrollo y uso de tecnologías y sistemas de información para mejorar la calidad y eficiencia de la gestión operativa | K58: 3.5.1.1 Mejora de la infraestructura tecnológica de la Red SNS | Q58: Tecnología de la Información
B59: =IF('Formulario PPGR1'!$F59="","",CONCATENATE('Formulario PPGR1'!$C59,".",'Formulario PPGR1'!$D59,".",'Formulario PPGR1'!$E59,".",#REF!)) | C59: =IF('Formulario PPGR1'!$F59="","",#REF!) | D59: =IF('Formulario PPGR1'!$F59="","",#REF!) | E59: =IF('Formulario PPGR1'!$F59="","",#REF!) | G59: {=_xlfn.XLOOKUP($F59,LE_tbl[[#All],[Ls_LinesEstategica]],LE_tbl[[#All],[Le_code]],"",0)} -> #NAME? | I59: =_xlfn.XLOOKUP($H59,Obj!$D$122:$D$134,Obj!$E$122:$E$134,"",0) -> #NAME? | K59: 3.5.1.2 Proyecto de implementación del Sistema de Administración y Logística de Medicamentos e Insumos (SALMI) | Q59: Medicamentos e Insumos
B60: =IF('Formulario PPGR1'!$F60="","",CONCATENATE('Formulario PPGR1'!$C60,".",'Formulario PPGR1'!$D60,".",'Formulario PPGR1'!$E60,".",#REF!)) | C60: =IF('Formulario PPGR1'!$F60="","",#REF!) | D60: =IF('Formulario PPGR1'!$F60="","",#REF!) | E60: =IF('Formulario PPGR1'!$F60="","",#REF!) | G60: {=_xlfn.XLOOKUP($F60,LE_tbl[[#All],[Ls_LinesEstategica]],LE_tbl[[#All],[Le_code]],"",0)} -> #NAME? | I60: =_xlfn.XLOOKUP($H60,Obj!$D$122:$D$134,Obj!$E$122:$E$134,"",0) -> #NAME? | K60: 3.5.1.3 Gestión de la Calidad del dato en los EES (CPN y CEAS) | Q60: Gestión de la Información
B61: =IF('Formulario PPGR1'!$F61="","",CONCATENATE('Formulario PPGR1'!$C61,".",'Formulario PPGR1'!$D61,".",'Formulario PPGR1'!$E61,".",#REF!)) -> #REF! | C61: =IF('Formulario PPGR1'!$F61="","",#REF!) -> #REF! | D61: =IF('Formulario PPGR1'!$F61="","",#REF!) -> #REF! | E61: =IF('Formulario PPGR1'!$F61="","",#REF!) -> #REF! | F61: LE.3 - Fortalecimiento Institucional | G61: {=_xlfn.XLOOKUP($F61,LE_tbl[[#All],[Ls_LinesEstategica]],LE_tbl[[#All],[Le_code]],"",0)} -> #NAME? | H61: 3.6 Fortalecer la infraestructura física y el equipamiento médico, asegurando que los centros de salud cuenten con recursos adecuados para ofrecer atención de calidad. | I61: =_xlfn.XLOOKUP($H61,Obj!$D$122:$D$134,Obj!$E$122:$E$134,"",0) -> #NAME? | J61: 3.6.1 Readecuada la infraestructura física y dotación de equipamiento médico de los establecimientos de salud acorde al nivel de atención | K61: 3.6.1.1 Programa de Mantenimiento Preventivo de Equipos Médicos e Infraestuctura | Q61: Infraestructura y Equipos
B62: =IF('Formulario PPGR1'!$F62="","",CONCATENATE('Formulario PPGR1'!$C62,".",'Formulario PPGR1'!$D62,".",'Formulario PPGR1'!$E62,".",#REF!)) | C62: =IF('Formulario PPGR1'!$F62="","",#REF!) | D62: =IF('Formulario PPGR1'!$F62="","",#REF!) | E62: =IF('Formulario PPGR1'!$F62="","",#REF!) | G62: {=_xlfn.XLOOKUP($F62,LE_tbl[[#All],[Ls_LinesEstategica]],LE_tbl[[#All],[Le_code]],"",0)} -> #NAME? | I62: =_xlfn.XLOOKUP($H62,Obj!$D$122:$D$134,Obj!$E$122:$E$134,"",0) -> #NAME? | V62: Desarrollo y Gestión de la Red de Servicios
B63: =IF('Formulario PPGR1'!$F63="","",CONCATENATE('Formulario PPGR1'!$C63,".",'Formulario PPGR1'!$D63,".",'Formulario PPGR1'!$E63,".",#REF!)) -> #REF! | C63: =IF('Formulario PPGR1'!$F63="","",#REF!) -> #REF! | D63: =IF('Formulario PPGR1'!$F63="","",#REF!) -> #REF! | E63: =IF('Formulario PPGR1'!$F63="","",#REF!) -> #REF! | F63: LE.3 - Fortalecimiento Institucional | G63: {=_xlfn.XLOOKUP($F63,LE_tbl[[#All],[Ls_LinesEstategica]],LE_tbl[[#All],[Le_code]],"",0)} -> #NAME? | H63: 3.7 Fortalecer las capacidades de planificación institucional para optimizar los procesos estratégicos, asegurando que los resultados esperados y el presupuesto se alineen de manera efectiva, contribuyendo a la mejora continua de la gestión institucional. | I63: =_xlfn.XLOOKUP($H63,Obj!$D$122:$D$134,Obj!$E$122:$E$134,"",0) -> #NAME? | J63: 3.7.1 Fortalecida la capacidad institucional mediante la optimización de los procesos, empoderamiento del talento humano y articulación interna contribuyendo a la mejora continua de la gestión institucional | K63: 3.7.1.1 Gestión de litigios y seguimiento casos litigiosos en los SRS | Q63: Jurídica
B64: =IF('Formulario PPGR1'!$F64="","",CONCATENATE('Formulario PPGR1'!$C64,".",'Formulario PPGR1'!$D64,".",'Formulario PPGR1'!$E64,".",#REF!)) | C64: =IF('Formulario PPGR1'!$F64="","",#REF!) | D64: =IF('Formulario PPGR1'!$F64="","",#REF!) | E64: =IF('Formulario PPGR1'!$F64="","",#REF!) | G64: {=_xlfn.XLOOKUP($F64,LE_tbl[[#All],[Ls_LinesEstategica]],LE_tbl[[#All],[Le_code]],"",0)} -> #NAME? | I64: =_xlfn.XLOOKUP($H64,Obj!$D$122:$D$134,Obj!$E$122:$E$134,"",0) -> #NAME? | K64: 3.7.1.2 Fortalecimiento del modelo de gestión y monitoreo de la calidad institucional | Q64: Planificación y Desarrollo
B65: =IF('Formulario PPGR1'!$F65="","",CONCATENATE('Formulario PPGR1'!$C65,".",'Formulario PPGR1'!$D65,".",'Formulario PPGR1'!$E65,".",#REF!)) | C65: =IF('Formulario PPGR1'!$F65="","",#REF!) | D65: =IF('Formulario PPGR1'!$F65="","",#REF!) | E65: =IF('Formulario PPGR1'!$F65="","",#REF!) | G65: {=_xlfn.XLOOKUP($F65,LE_tbl[[#All],[Ls_LinesEstategica]],LE_tbl[[#All],[Le_code]],"",0)} -> #NAME? | I65: =_xlfn.XLOOKUP($H65,Obj!$D$122:$D$134,Obj!$E$122:$E$134,"",0) -> #NAME? | K65: 3.7.1.3 Despliegue nueva estructura organizativa Red SNS por nivel de complejidad | Q65: Planificación y Desarrollo
B66: =IF('Formulario PPGR1'!$F66="","",CONCATENATE('Formulario PPGR1'!$C66,".",'Formulario PPGR1'!$D66,".",'Formulario PPGR1'!$E66,".",#REF!)) | C66: =IF('Formulario PPGR1'!$F66="","",#REF!) | D66: =IF('Formulario PPGR1'!$F66="","",#REF!) | E66: =IF('Formulario PPGR1'!$F66="","",#REF!) | G66: {=_xlfn.XLOOKUP($F66,LE_tbl[[#All],[Ls_LinesEstategica]],LE_tbl[[#All],[Le_code]],"",0)} -> #NAME? | I66: =_xlfn.XLOOKUP($H66,Obj!$D$122:$D$134,Obj!$E$122:$E$134,"",0) -> #NAME? | K66: 3.7.1.4 Ejecución del plan de innovación institucional para promoción de la mejora continua | Q66: Planificación y Desarrollo
B67: =IF('Formulario PPGR1'!$F67="","",CONCATENATE('Formulario PPGR1'!$C67,".",'Formulario PPGR1'!$D67,".",'Formulario PPGR1'!$E67,".",#REF!)) | C67: =IF('Formulario PPGR1'!$F67="","",#REF!) | D67: =IF('Formulario PPGR1'!$F67="","",#REF!) | E67: =IF('Formulario PPGR1'!$F67="","",#REF!) | G67: {=_xlfn.XLOOKUP($F67,LE_tbl[[#All],[Ls_LinesEstategica]],LE_tbl[[#All],[Le_code]],"",0)} -> #NAME? | I67: =_xlfn.XLOOKUP($H67,Obj!$D$122:$D$134,Obj!$E$122:$E$134,"",0) -> #NAME? | K67: 3.7.1.4 Ejecución del plan de innovación institucional para promoción de la mejora continua | Q67: Planificación y Desarrollo
B68: =IF('Formulario PPGR1'!$F68="","",CONCATENATE('Formulario PPGR1'!$C68,".",'Formulario PPGR1'!$D68,".",'Formulario PPGR1'!$E68,".",#REF!)) | C68: =IF('Formulario PPGR1'!$F68="","",#REF!) | D68: =IF('Formulario PPGR1'!$F68="","",#REF!) | E68: =IF('Formulario PPGR1'!$F68="","",#REF!) | G68: {=_xlfn.XLOOKUP($F68,LE_tbl[[#All],[Ls_LinesEstategica]],LE_tbl[[#All],[Le_code]],"",0)} -> #NAME? | I68: =_xlfn.XLOOKUP($H68,Obj!$D$122:$D$134,Obj!$E$122:$E$134,"",0) -> #NAME? | K68: 3.7.1.5 Ampliación del sistema de monitoreo de la gestión pública | Q68: Planificación y Desarrollo
B69: =IF('Formulario PPGR1'!$F69="","",CONCATENATE('Formulario PPGR1'!$C69,".",'Formulario PPGR1'!$D69,".",'Formulario PPGR1'!$E69,".",#REF!)) | C69: =IF('Formulario PPGR1'!$F69="","",#REF!) | D69: =IF('Formulario PPGR1'!$F69="","",#REF!) | E69: =IF('Formulario PPGR1'!$F69="","",#REF!) | G69: {=_xlfn.XLOOKUP($F69,LE_tbl[[#All],[Ls_LinesEstategica]],LE_tbl[[#All],[Le_code]],"",0)} -> #NAME? | I69: =_xlfn.XLOOKUP($H69,Obj!$D$122:$D$134,Obj!$E$122:$E$134,"",0) -> #NAME?
B70: =IF('Formulario PPGR1'!$F70="","",CONCATENATE('Formulario PPGR1'!$C70,".",'Formulario PPGR1'!$D70,".",'Formulario PPGR1'!$E70,".",#REF!)) | C70: =IF('Formulario PPGR1'!$F70="","",#REF!) | D70: =IF('Formulario PPGR1'!$F70="","",#REF!) | E70: =IF('Formulario PPGR1'!$F70="","",#REF!) | G70: {=_xlfn.XLOOKUP($F70,LE_tbl[[#All],[Ls_LinesEstategica]],LE_tbl[[#All],[Le_code]],"",0)} -> #NAME? | I70: =_xlfn.XLOOKUP($H70,Obj!$D$122:$D$134,Obj!$E$122:$E$134,"",0) -> #NAME?
B72: =IF('Formulario PPGR1'!$F72="","",CONCATENATE('Formulario PPGR1'!$C72,".",'Formulario PPGR1'!$D72,".",'Formulario PPGR1'!$E72,".",#REF!)) | C72: =IF('Formulario PPGR1'!$F72="","",#REF!) | D72: =IF('Formulario PPGR1'!$F72="","",#REF!) | E72: =IF('Formulario PPGR1'!$F72="","",#REF!) | G72: {=_xlfn.XLOOKUP($F72,LE_tbl[[#All],[Ls_LinesEstategica]],LE_tbl[[#All],[Le_code]],"",0)} -> #NAME? | I72: =_xlfn.XLOOKUP($H72,Obj!$D$122:$D$134,Obj!$E$122:$E$134,"",0) -> #NAME?
B73: =IF('Formulario PPGR1'!$F73="","",CONCATENATE('Formulario PPGR1'!$C73,".",'Formulario PPGR1'!$D73,".",'Formulario PPGR1'!$E73,".",#REF!)) | C73: =IF('Formulario PPGR1'!$F73="","",#REF!) | D73: =IF('Formulario PPGR1'!$F73="","",#REF!) | E73: =IF('Formulario PPGR1'!$F73="","",#REF!) | G73: {=_xlfn.XLOOKUP($F73,LE_tbl[[#All],[Ls_LinesEstategica]],LE_tbl[[#All],[Le_code]],"",0)} -> #NAME? | I73: =_xlfn.XLOOKUP($H73,Obj!$D$122:$D$134,Obj!$E$122:$E$134,"",0) -> #NAME?
B74: =IF('Formulario PPGR1'!$F74="","",CONCATENATE('Formulario PPGR1'!$C74,".",'Formulario PPGR1'!$D74,".",'Formulario PPGR1'!$E74,".",#REF!)) | C74: =IF('Formulario PPGR1'!$F74="","",#REF!) | D74: =IF('Formulario PPGR1'!$F74="","",#REF!) | E74: =IF('Formulario PPGR1'!$F74="","",#REF!) | G74: {=_xlfn.XLOOKUP($F74,LE_tbl[[#All],[Ls_LinesEstategica]],LE_tbl[[#All],[Le_code]],"",0)} -> #NAME? | I74: =_xlfn.XLOOKUP($H74,Obj!$D$122:$D$134,Obj!$E$122:$E$134,"",0) -> #NAME?
B75: =IF('Formulario PPGR1'!$F75="","",CONCATENATE('Formulario PPGR1'!$C75,".",'Formulario PPGR1'!$D75,".",'Formulario PPGR1'!$E75,".",#REF!)) | C75: =IF('Formulario PPGR1'!$F75="","",#REF!) | D75: =IF('Formulario PPGR1'!$F75="","",#REF!) | E75: =IF('Formulario PPGR1'!$F75="","",#REF!) | G75: {=_xlfn.XLOOKUP($F75,LE_tbl[[#All],[Ls_LinesEstategica]],LE_tbl[[#All],[Le_code]],"",0)} -> #NAME? | I75: =_xlfn.XLOOKUP($H75,Obj!$D$122:$D$134,Obj!$E$122:$E$134,"",0) -> #NAME?
B76: =IF('Formulario PPGR1'!$F76="","",CONCATENATE('Formulario PPGR1'!$C76,".",'Formulario PPGR1'!$D76,".",'Formulario PPGR1'!$E76,".",#REF!)) | C76: =IF('Formulario PPGR1'!$F76="","",#REF!) | D76: =IF('Formulario PPGR1'!$F76="","",#REF!) | E76: =IF('Formulario PPGR1'!$F76="","",#REF!) | G76: {=_xlfn.XLOOKUP($F76,LE_tbl[[#All],[Ls_LinesEstategica]],LE_tbl[[#All],[Le_code]],"",0)} -> #NAME? | I76: =_xlfn.XLOOKUP($H76,Obj!$D$122:$D$134,Obj!$E$122:$E$134,"",0) -> #NAME?
B77: =IF('Formulario PPGR1'!$F77="","",CONCATENATE('Formulario PPGR1'!$C77,".",'Formulario PPGR1'!$D77,".",'Formulario PPGR1'!$E77,".",#REF!)) | C77: =IF('Formulario PPGR1'!$F77="","",#REF!) | D77: =IF('Formulario PPGR1'!$F77="","",#REF!) | E77: =IF('Formulario PPGR1'!$F77="","",#REF!) | G77: {=_xlfn.XLOOKUP($F77,LE_tbl[[#All],[Ls_LinesEstategica]],LE_tbl[[#All],[Le_code]],"",0)} -> #NAME? | I77: =_xlfn.XLOOKUP($H77,Obj!$D$122:$D$134,Obj!$E$122:$E$134,"",0) -> #NAME?
B78: =IF('Formulario PPGR1'!$F78="","",CONCATENATE('Formulario PPGR1'!$C78,".",'Formulario PPGR1'!$D78,".",'Formulario PPGR1'!$E78,".",#REF!)) | C78: =IF('Formulario PPGR1'!$F78="","",#REF!) | D78: =IF('Formulario PPGR1'!$F78="","",#REF!) | E78: =IF('Formulario PPGR1'!$F78="","",#REF!) | G78: {=_xlfn.XLOOKUP($F78,LE_tbl[[#All],[Ls_LinesEstategica]],LE_tbl[[#All],[Le_code]],"",0)} -> #NAME? | I78: =_xlfn.XLOOKUP($H78,Obj!$D$122:$D$134,Obj!$E$122:$E$134,"",0) -> #NAME?
B79: =IF('Formulario PPGR1'!$F79="","",CONCATENATE('Formulario PPGR1'!$C79,".",'Formulario PPGR1'!$D79,".",'Formulario PPGR1'!$E79,".",#REF!)) | C79: =IF('Formulario PPGR1'!$F79="","",#REF!) | D79: =IF('Formulario PPGR1'!$F79="","",#REF!) | E79: =IF('Formulario PPGR1'!$F79="","",#REF!) | G79: {=_xlfn.XLOOKUP($F79,LE_tbl[[#All],[Ls_LinesEstategica]],LE_tbl[[#All],[Le_code]],"",0)} -> #NAME? | I79: =_xlfn.XLOOKUP($H79,Obj!$D$122:$D$134,Obj!$E$122:$E$134,"",0) -> #NAME?
B80: =IF('Formulario PPGR1'!$F80="","",CONCATENATE('Formulario PPGR1'!$C80,".",'Formulario PPGR1'!$D80,".",'Formulario PPGR1'!$E80,".",#REF!)) | C80: =IF('Formulario PPGR1'!$F80="","",#REF!) | D80: =IF('Formulario PPGR1'!$F80="","",#REF!) | E80: =IF('Formulario PPGR1'!$F80="","",#REF!) | G80: {=_xlfn.XLOOKUP($F80,LE_tbl[[#All],[Ls_LinesEstategica]],LE_tbl[[#All],[Le_code]],"",0)} -> #NAME? | I80: =_xlfn.XLOOKUP($H80,Obj!$D$122:$D$134,Obj!$E$122:$E$134,"",0) -> #NAME?
B81: =IF('Formulario PPGR1'!$F81="","",CONCATENATE('Formulario PPGR1'!$C81,".",'Formulario PPGR1'!$D81,".",'Formulario PPGR1'!$E81,".",#REF!)) | C81: =IF('Formulario PPGR1'!$F81="","",#REF!) | D81: =IF('Formulario PPGR1'!$F81="","",#REF!) | E81: =IF('Formulario PPGR1'!$F81="","",#REF!) | G81: {=_xlfn.XLOOKUP($F81,LE_tbl[[#All],[Ls_LinesEstategica]],LE_tbl[[#All],[Le_code]],"",0)} -> #NAME? | I81: =_xlfn.XLOOKUP($H81,Obj!$D$122:$D$134,Obj!$E$122:$E$134,"",0) -> #NAME?
... B91: =IF('Formulario PPGR1'!$F91="","",CONCATENATE('Formulario PPGR1'!$C91,".",'Formulario PPGR1'!$D91,".",'Formulario PPGR1'!$E91,".",#REF!)) | C91: =IF('Formulario PPGR1'!$F91="","",#REF!) | D91: =IF('Formulario PPGR1'!$F91="","",#REF!) | E91: =IF('Formulario PPGR1'!$F91="","",#REF!) | G91: {=_xlfn.XLOOKUP($F91,LE_tbl[[#All],[Ls_LinesEstategica]],LE_tbl[[#All],[Le_code]],"",0)} -> #NAME? | I91: =_xlfn.XLOOKUP($H91,Obj!$D$122:$D$134,Obj!$E$122:$E$134,"",0) -> #NAME?
B92: =IF('Formulario PPGR1'!$F92="","",CONCATENATE('Formulario PPGR1'!$C92,".",'Formulario PPGR1'!$D92,".",'Formulario PPGR1'!$E92,".",#REF!)) | C92: =IF('Formulario PPGR1'!$F92="","",#REF!) | D92: =IF('Formulario PPGR1'!$F92="","",#REF!) | E92: =IF('Formulario PPGR1'!$F92="","",#REF!) | G92: {=_xlfn.XLOOKUP($F92,LE_tbl[[#All],[Ls_LinesEstategica]],LE_tbl[[#All],[Le_code]],"",0)} -> #NAME? | I92: =_xlfn.XLOOKUP($H92,Obj!$D$122:$D$134,Obj!$E$122:$E$134,"",0) -> #NAME? | V92: Automatización Tecnológica
B93: =IF('Formulario PPGR1'!$F93="","",CONCATENATE('Formulario PPGR1'!$C93,".",'Formulario PPGR1'!$D93,".",'Formulario PPGR1'!$E93,".",#REF!)) | C93: =IF('Formulario PPGR1'!$F93="","",#REF!) | D93: =IF('Formulario PPGR1'!$F93="","",#REF!) | E93: =IF('Formulario PPGR1'!$F93="","",#REF!) | G93: {=_xlfn.XLOOKUP($F93,LE_tbl[[#All],[Ls_LinesEstategica]],LE_tbl[[#All],[Le_code]],"",0)} -> #NAME? | I93: =_xlfn.XLOOKUP($H93,Obj!$D$122:$D$134,Obj!$E$122:$E$134,"",0) -> #NAME? | V93: Cultura de Servicios y Gestión de Usuarios
B94: =IF('Formulario PPGR1'!$F94="","",CONCATENATE('Formulario PPGR1'!$C94,".",'Formulario PPGR1'!$D94,".",'Formulario PPGR1'!$E94,".",#REF!)) | C94: =IF('Formulario PPGR1'!$F94="","",#REF!) | D94: =IF('Formulario PPGR1'!$F94="","",#REF!) | E94: =IF('Formulario PPGR1'!$F94="","",#REF!) | G94: {=_xlfn.XLOOKUP($F94,LE_tbl[[#All],[Ls_LinesEstategica]],LE_tbl[[#All],[Le_code]],"",0)} -> #NAME? | I94: =_xlfn.XLOOKUP($H94,Obj!$D$122:$D$134,Obj!$E$122:$E$134,"",0) -> #NAME? | V94: Fortalecimiento de la Veeduría y participación social
B95: =IF('Formulario PPGR1'!$F95="","",CONCATENATE('Formulario PPGR1'!$C95,".",'Formulario PPGR1'!$D95,".",'Formulario PPGR1'!$E95,".",#REF!)) | C95: =IF('Formulario PPGR1'!$F95="","",#REF!) | D95: =IF('Formulario PPGR1'!$F95="","",#REF!) | E95: =IF('Formulario PPGR1'!$F95="","",#REF!) | G95: {=_xlfn.XLOOKUP($F95,LE_tbl[[#All],[Ls_LinesEstategica]],LE_tbl[[#All],[Le_code]],"",0)} -> #NAME? | I95: =_xlfn.XLOOKUP($H95,Obj!$D$122:$D$134,Obj!$E$122:$E$134,"",0) -> #NAME?
B96: =IF('Formulario PPGR1'!$F96="","",CONCATENATE('Formulario PPGR1'!$C96,".",'Formulario PPGR1'!$D96,".",'Formulario PPGR1'!$E96,".",#REF!)) | C96: =IF('Formulario PPGR1'!$F96="","",#REF!) | D96: =IF('Formulario PPGR1'!$F96="","",#REF!) | E96: =IF('Formulario PPGR1'!$F96="","",#REF!) | G96: {=_xlfn.XLOOKUP($F96,LE_tbl[[#All],[Ls_LinesEstategica]],LE_tbl[[#All],[Le_code]],"",0)} -> #NAME? | I96: =_xlfn.XLOOKUP($H96,Obj!$D$122:$D$134,Obj!$E$122:$E$134,"",0) -> #NAME?
B97: =IF('Formulario PPGR1'!$F97="","",CONCATENATE('Formulario PPGR1'!$C97,".",'Formulario PPGR1'!$D97,".",'Formulario PPGR1'!$E97,".",#REF!)) | C97: =IF('Formulario PPGR1'!$F97="","",#REF!) | D97: =IF('Formulario PPGR1'!$F97="","",#REF!) | E97: =IF('Formulario PPGR1'!$F97="","",#REF!) | G97: {=_xlfn.XLOOKUP($F97,LE_tbl[[#All],[Ls_LinesEstategica]],LE_tbl[[#All],[Le_code]],"",0)} -> #NAME? | I97: =_xlfn.XLOOKUP($H97,Obj!$D$122:$D$134,Obj!$E$122:$E$134,"",0) -> #NAME?
B98: =IF('Formulario PPGR1'!$F98="","",CONCATENATE('Formulario PPGR1'!$C98,".",'Formulario PPGR1'!$D98,".",'Formulario PPGR1'!$E98,".",#REF!)) | C98: =IF('Formulario PPGR1'!$F98="","",#REF!) | D98: =IF('Formulario PPGR1'!$F98="","",#REF!) | E98: =IF('Formulario PPGR1'!$F98="","",#REF!) | G98: {=_xlfn.XLOOKUP($F98,LE_tbl[[#All],[Ls_LinesEstategica]],LE_tbl[[#All],[Le_code]],"",0)} -> #NAME? | I98: =_xlfn.XLOOKUP($H98,Obj!$D$122:$D$134,Obj!$E$122:$E$134,"",0) -> #NAME?
B99: =IF('Formulario PPGR1'!$F99="","",CONCATENATE('Formulario PPGR1'!$C99,".",'Formulario PPGR1'!$D99,".",'Formulario PPGR1'!$E99,".",#REF!)) | C99: =IF('Formulario PPGR1'!$F99="","",#REF!) | D99: =IF('Formulario PPGR1'!$F99="","",#REF!) | E99: =IF('Formulario PPGR1'!$F99="","",#REF!) | G99: {=_xlfn.XLOOKUP($F99,LE_tbl[[#All],[Ls_LinesEstategica]],LE_tbl[[#All],[Le_code]],"",0)} -> #NAME? | I99: =_xlfn.XLOOKUP($H99,Obj!$D$122:$D$134,Obj!$E$122:$E$134,"",0) -> #NAME?
B100: =IF('Formulario PPGR1'!$F100="","",CONCATENATE('Formulario PPGR1'!$C100,".",'Formulario PPGR1'!$D100,".",'Formulario PPGR1'!$E100,".",#REF!)) | C100: =IF('Formulario PPGR1'!$F100="","",#REF!) | D100: =IF('Formulario PPGR1'!$F100="","",#REF!) | E100: =IF('Formulario PPGR1'!$F100="","",#REF!) | G100: {=_xlfn.XLOOKUP($F100,LE_tbl[[#All],[Ls_LinesEstategica]],LE_tbl[[#All],[Le_code]],"",0)} -> #NAME? | I100: =_xlfn.XLOOKUP($H100,Obj!$D$122:$D$134,Obj!$E$122:$E$134,"",0) -> #NAME?
B101: =IF('Formulario PPGR1'!$F101="","",CONCATENATE('Formulario PPGR1'!$C101,".",'Formulario PPGR1'!$D101,".",'Formulario PPGR1'!$E101,".",#REF!)) | C101: =IF('Formulario PPGR1'!$F101="","",#REF!) | D101: =IF('Formulario PPGR1'!$F101="","",#REF!) | E101: =IF('Formulario PPGR1'!$F101="","",#REF!) | G101: {=_xlfn.XLOOKUP($F101,LE_tbl[[#All],[Ls_LinesEstategica]],LE_tbl[[#All],[Le_code]],"",0)} -> #NAME? | I101: =_xlfn.XLOOKUP($H101,Obj!$D$122:$D$134,Obj!$E$122:$E$134,"",0) -> #NAME?
B102: =IF('Formulario PPGR1'!$F102="","",CONCATENATE('Formulario PPGR1'!$C102,".",'Formulario PPGR1'!$D102,".",'Formulario PPGR1'!$E102,".",#REF!)) | C102: =IF('Formulario PPGR1'!$F102="","",#REF!) | D102: =IF('Formulario PPGR1'!$F102="","",#REF!) | E102: =IF('Formulario PPGR1'!$F102="","",#REF!) | G102: {=_xlfn.XLOOKUP($F102,LE_tbl[[#All],[Ls_LinesEstategica]],LE_tbl[[#All],[Le_code]],"",0)} -> #NAME? | I102: =_xlfn.XLOOKUP($H102,Obj!$D$122:$D$134,Obj!$E$122:$E$134,"",0) -> #NAME?
B103: =IF('Formulario PPGR1'!$F103="","",CONCATENATE('Formulario PPGR1'!$C103,".",'Formulario PPGR1'!$D103,".",'Formulario PPGR1'!$E103,".",#REF!)) | C103: =IF('Formulario PPGR1'!$F103="","",#REF!) | D103: =IF('Formulario PPGR1'!$F103="","",#REF!) | E103: =IF('Formulario PPGR1'!$F103="","",#REF!) | G103: {=_xlfn.XLOOKUP($F103,LE_tbl[[#All],[Ls_LinesEstategica]],LE_tbl[[#All],[Le_code]],"",0)} -> #NAME? | I103: =_xlfn.XLOOKUP($H103,Obj!$D$122:$D$134,Obj!$E$122:$E$134,"",0) -> #NAME?
B104: =IF('Formulario PPGR1'!$F104="","",CONCATENATE('Formulario PPGR1'!$C104,".",'Formulario PPGR1'!$D104,".",'Formulario PPGR1'!$E104,".",#REF!)) | C104: =IF('Formulario PPGR1'!$F104="","",#REF!) | D104: =IF('Formulario PPGR1'!$F104="","",#REF!) | E104: =IF('Formulario PPGR1'!$F104="","",#REF!) | G104: {=_xlfn.XLOOKUP($F104,LE_tbl[[#All],[Ls_LinesEstategica]],LE_tbl[[#All],[Le_code]],"",0)} -> #NAME? | I104: =_xlfn.XLOOKUP($H104,Obj!$D$122:$D$134,Obj!$E$122:$E$134,"",0) -> #NAME?
B105: =IF('Formulario PPGR1'!$F105="","",CONCATENATE('Formulario PPGR1'!$C105,".",'Formulario PPGR1'!$D105,".",'Formulario PPGR1'!$E105,".",#REF!)) | C105: =IF('Formulario PPGR1'!$F105="","",#REF!) | D105: =IF('Formulario PPGR1'!$F105="","",#REF!) | E105: =IF('Formulario PPGR1'!$F105="","",#REF!) | G105: {=_xlfn.XLOOKUP($F105,LE_tbl[[#All],[Ls_LinesEstategica]],LE_tbl[[#All],[Le_code]],"",0)} -> #NAME? | I105: =_xlfn.XLOOKUP($H105,Obj!$D$122:$D$134,Obj!$E$122:$E$134,"",0) -> #NAME?
B106: =IF('Formulario PPGR1'!$F106="","",CONCATENATE('Formulario PPGR1'!$C106,".",'Formulario PPGR1'!$D106,".",'Formulario PPGR1'!$E106,".",#REF!)) | C106: =IF('Formulario PPGR1'!$F106="","",#REF!) | D106: =IF('Formulario PPGR1'!$F106="","",#REF!) | E106: =IF('Formulario PPGR1'!$F106="","",#REF!) | G106: {=_xlfn.XLOOKUP($F106,LE_tbl[[#All],[Ls_LinesEstategica]],LE_tbl[[#All],[Le_code]],"",0)} -> #NAME? | I106: =_xlfn.XLOOKUP($H106,Obj!$D$122:$D$134,Obj!$E$122:$E$134,"",0) -> #NAME?
... B168: =IF('Formulario PPGR1'!$F168="","",CONCATENATE('Formulario PPGR1'!$C168,".",'Formulario PPGR1'!$D168,".",'Formulario PPGR1'!$E168,".",#REF!)) | C168: =IF('Formulario PPGR1'!$F168="","",#REF!) | D168: =IF('Formulario PPGR1'!$F168="","",#REF!) | E168: =IF('Formulario PPGR1'!$F168="","",#REF!) | G168: {=_xlfn.XLOOKUP($F168,LE_tbl[[#All],[Ls_LinesEstategica]],LE_tbl[[#All],[Le_code]],"",0)} -> #NAME? | I168: =_xlfn.XLOOKUP($H168,Obj!$D$122:$D$134,Obj!$E$122:$E$134,"",0) -> #NAME?

Sheet Formulario PPGR2
H2: ='Formulario PPGR1'!G2 -> Servicio Nacional de Salud
H3: ='Formulario PPGR1'!G3 -> Dirección de Planificación y Desarrollo | Z3: =IF('Formulario PPGR1'!$M$3="SNS - Dirección Central","ls_Departamento","Ls_DepartamentosSRS") -> ls_Departamento
H4: =+'Formulario PPGR1'!G4 -> Plan Operativo Anual
H5: Identificación de actividades
H6: Servicio Nacional de Salud
B8: ID_Dependendencia | C8: POA | D8: SRS | E8: AREA | F8: TIPO | G8: Productos | H8: Código | I8: Actividades Programables Presupuestables | J8: Ene | K8: Feb | L8: Mar | M8: Abr | N8: May | O8: Jun | P8: Jul | Q8: Ago | R8: Sep | S8: Oct | T8: Nov | U8: Dic | V8: Total de Acciones | W8: Medio de Verificación 1 | X8: Medio de Verificación 2 | Y8: Medio de Verificación 3 | Z8: Responsable
B9: =IF('Formulario PPGR2'!$G9="","",CONCATENATE('Formulario PPGR2'!$C9,".",'Formulario PPGR2'!$D9,".",'Formulario PPGR2'!$E9,".",'Formulario PPGR2'!$F9)) -> #REF! | D9: =IF('Formulario PPGR2'!$G9="","",'Formulario PPGR1'!#REF!) -> #REF! | E9: =IF('Formulario PPGR2'!$G9="","",'Formulario PPGR1'!#REF!) -> #REF! | F9: =IF('Formulario PPGR2'!$G9="","",'Formulario PPGR1'!#REF!) -> #REF! | G9: 1.1.1.1 Aumento de la cobertura de Adscripción en el PNA | H9: 1.1.1.1.01 | I9: Mesa trabajo para actualización de la sectorización y zonificación | M9: 1 | V9: =SUM('Formulario PPGR2'!$J9:$U9) -> 1 | W9: Listado de participación | X9: Minuta | Z9: Primer Nivel
B10: =IF('Formulario PPGR2'!$G10="","",CONCATENATE('Formulario PPGR2'!$C10,".",'Formulario PPGR2'!$D10,".",'Formulario PPGR2'!$E10,".",'Formulario PPGR2'!$F10)) -> #REF! | D10: =IF('Formulario PPGR2'!$G10="","",'Formulario PPGR1'!#REF!) -> #REF! | E10: =IF('Formulario PPGR2'!$G10="","",'Formulario PPGR1'!#REF!) -> #REF! | F10: =IF('Formulario PPGR2'!$G10="","",'Formulario PPGR1'!#REF!) -> #REF! | G10: 1.1.1.1 Aumento de la cobertura de Adscripción en el PNA | H10: 1.1.1.1.02 | I10: Actualización del proceso de sectorización y zonificación | S10: 1 | V10: =SUM('Formulario PPGR2'!$J10:$U10) -> 1 | W10: Otros | Y10: Matriz SZ-1 | Z10: Primer Nivel
B11: =IF('Formulario PPGR2'!$G11="","",CONCATENATE('Formulario PPGR2'!$C11,".",'Formulario PPGR2'!$D11,".",'Formulario PPGR2'!$E11,".",'Formulario PPGR2'!$F11)) -> #REF! | D11: =IF('Formulario PPGR2'!$G11="","",'Formulario PPGR1'!#REF!) -> #REF! | E11: =IF('Formulario PPGR2'!$G11="","",'Formulario PPGR1'!#REF!) -> #REF! | F11: =IF('Formulario PPGR2'!$G11="","",'Formulario PPGR1'!#REF!) -> #REF! | G11: 1.1.1.1 Aumento de la cobertura de Adscripción en el PNA | H11: 1.1.1.1.03 | I11: Finalización del proceso de digitación de ficha familiar | J11: 1 | K11: 1 | L11: 1 | V11: =SUM('Formulario PPGR2'!$J11:$U11) -> 3 | W11: Reporte | X11: Otros | Y11: Captura de registro del sistema | Z11: Primer Nivel
B12: =IF('Formulario PPGR2'!$G12="","",CONCATENATE('Formulario PPGR2'!$C12,".",'Formulario PPGR2'!$D12,".",'Formulario PPGR2'!$E12,".",'Formulario PPGR2'!$F12)) -> #REF! | D12: =IF('Formulario PPGR2'!$G12="","",'Formulario PPGR1'!#REF!) -> #REF! | E12: =IF('Formulario PPGR2'!$G12="","",'Formulario PPGR1'!#REF!) -> #REF! | F12: =IF('Formulario PPGR2'!$G12="","",'Formulario PPGR1'!#REF!) -> #REF! | G12: 1.1.1.1 Aumento de la cobertura de Adscripción en el PNA | H12: 1.1.1.1.04 | I12: Seguimiento al proceso de registro, actualización y digitación de población en la Ficha Familiar por zona | M12: 1 | P12: 1 | S12: 1 | U12: 1 | V12: =SUM('Formulario PPGR2'!$J12:$U12) -> 4 | W12: Informe | X12: Otros | Y12: Captura de registro del sistema | Z12: Primer Nivel
B13: =IF('Formulario PPGR2'!$G13="","",CONCATENATE('Formulario PPGR2'!$C13,".",'Formulario PPGR2'!$D13,".",'Formulario PPGR2'!$E13,".",'Formulario PPGR2'!$F13)) -> #REF! | D13: =IF('Formulario PPGR2'!$G13="","",'Formulario PPGR1'!#REF!) -> #REF! | E13: =IF('Formulario PPGR2'!$G13="","",'Formulario PPGR1'!#REF!) -> #REF! | F13: =IF('Formulario PPGR2'!$G13="","",'Formulario PPGR1'!#REF!) -> #REF! | G13: 1.1.1.2 Fortalecimiento del Primer Nivel de Atención sustentado en la implementación del Modelo de Atención | H13: 1.1.1.2.01 | I13: Capacitación a los equipos de la UNAP para el uso de los intrumentos clínicos del primer nivel. | K13: 1 | N13: 1 | Q13: 1 | T13: 1 | V13: =SUM('Formulario PPGR2'!$J13:$U13) -> 4 | W13: Listado de participación | X13: Agenda | Z13: Primer Nivel
B14: =IF('Formulario PPGR2'!$G14="","",CONCATENATE('Formulario PPGR2'!$C14,".",'Formulario PPGR2'!$D14,".",'Formulario PPGR2'!$E14,".",'Formulario PPGR2'!$F14)) -> #REF! | D14: =IF('Formulario PPGR2'!$G14="","",'Formulario PPGR1'!#REF!) -> #REF! | E14: =IF('Formulario PPGR2'!$G14="","",'Formulario PPGR1'!#REF!) -> #REF! | F14: =IF('Formulario PPGR2'!$G14="","",'Formulario PPGR1'!#REF!) -> #REF! | G14: 1.1.1.2 Fortalecimiento del Primer Nivel de Atención sustentado en la implementación del Modelo de Atención | H14: 1.1.1.2.02 | I14: Talleres de inducción a personal médico de nuevo ingreso. | K14: 1 | N14: 1 | Q14: 1 | T14: 1 | V14: =SUM('Formulario PPGR2'!$J14:$U14) -> 4 | W14: Listado de participación | X14: Agenda | Z14: Primer Nivel
B15: =IF('Formulario PPGR2'!$G15="","",CONCATENATE('Formulario PPGR2'!$C15,".",'Formulario PPGR2'!$D15,".",'Formulario PPGR2'!$E15,".",'Formulario PPGR2'!$F15)) -> #REF! | D15: =IF('Formulario PPGR2'!$G15="","",'Formulario PPGR1'!#REF!) -> #REF! | E15: =IF('Formulario PPGR2'!$G15="","",'Formulario PPGR1'!#REF!) -> #REF! | F15: =IF('Formulario PPGR2'!$G15="","",'Formulario PPGR1'!#REF!) -> #REF! | G15: 1.1.1.2 Fortalecimiento del Primer Nivel de Atención sustentado en la implementación del Modelo de Atención | H15: 1.1.1.2.03 | I15: Realización de talleres con los equipos de la UNAP y coordinadores de zona para seguimiento a la adherencia de guias y protocolos en el primer nivel | L15: 1 | O15: 1 | R15: 1 | U15: 1 | V15: =SUM('Formulario PPGR2'!$J15:$U15) -> 4 | W15: Listado de participación | X15: Informe | Y15: Detallado por zona | Z15: Primer Nivel
B16: =IF('Formulario PPGR2'!$G16="","",CONCATENATE('Formulario PPGR2'!$C16,".",'Formulario PPGR2'!$D16,".",'Formulario PPGR2'!$E16,".",'Formulario PPGR2'!$F16)) -> #REF! | D16: =IF('Formulario PPGR2'!$G16="","",'Formulario PPGR1'!#REF!) -> #REF! | E16: =IF('Formulario PPGR2'!$G16="","",'Formulario PPGR1'!#REF!) -> #REF! | F16: =IF('Formulario PPGR2'!$G16="","",'Formulario PPGR1'!#REF!) -> #REF! | G16: 1.1.1.2 Fortalecimiento del Primer Nivel de Atención sustentado en la implementación del Modelo de Atención | H16: 1.1.1.2.04 | I16: Elaboración de Análisis de Situación de Salud provincial acorde a los lineamientos establecidos por el MSP. | L16: 1 | V16: =SUM('Formulario PPGR2'!$J16:$U16) -> 1 | W16: Informe | Z16: Primer Nivel
B17: =IF('Formulario PPGR2'!$G17="","",CONCATENATE('Formulario PPGR2'!$C17,".",'Formulario PPGR2'!$D17,".",'Formulario PPGR2'!$E17,".",'Formulario PPGR2'!$F17)) -> #REF! | D17: =IF('Formulario PPGR2'!$G17="","",'Formulario PPGR1'!#REF!) -> #REF! | E17: =IF('Formulario PPGR2'!$G17="","",'Formulario PPGR1'!#REF!) -> #REF! | F17: =IF('Formulario PPGR2'!$G17="","",'Formulario PPGR1'!#REF!) -> #REF! | G17: 1.1.1.2 Fortalecimiento del Primer Nivel de Atención sustentado en la implementación del Modelo de Atención | H17: 1.1.1.2.05 | I17: Reuniones de seguimiento a las acciones en el Primer Nivel de Atención con los equipos Áreas y Zonas de Salud. | J17: 1 | M17: 1 | P17: 1 | S17: 1 | V17: =SUM('Formulario PPGR2'!$J17:$U17) -> 4 | W17: Listado de participación | X17: Minuta | Z17: Primer Nivel
B18: =IF('Formulario PPGR2'!$G18="","",CONCATENATE('Formulario PPGR2'!$C18,".",'Formulario PPGR2'!$D18,".",'Formulario PPGR2'!$E18,".",'Formulario PPGR2'!$F18)) -> #REF! | D18: =IF('Formulario PPGR2'!$G18="","",'Formulario PPGR1'!#REF!) -> #REF! | E18: =IF('Formulario PPGR2'!$G18="","",'Formulario PPGR1'!#REF!) -> #REF! | F18: =IF('Formulario PPGR2'!$G18="","",'Formulario PPGR1'!#REF!) -> #REF! | G18: 1.1.1.2 Fortalecimiento del Primer Nivel de Atención sustentado en la implementación del Modelo de Atención | H18: 1.1.1.2.06 | I18: Seguimiento a los CCDX para la el aumento de la facturación de los servicios. | L18: 1 | O18: 1 | R18: 1 | U18: 1 | V18: =SUM('Formulario PPGR2'!$J18:$U18) -> 4 | W18: Reporte | Z18: Primer Nivel
B19: =IF('Formulario PPGR2'!$G19="","",CONCATENATE('Formulario PPGR2'!$C19,".",'Formulario PPGR2'!$D19,".",'Formulario PPGR2'!$E19,".",'Formulario PPGR2'!$F19)) -> #REF! | D19: =IF('Formulario PPGR2'!$G19="","",'Formulario PPGR1'!#REF!) -> #REF! | E19: =IF('Formulario PPGR2'!$G19="","",'Formulario PPGR1'!#REF!) -> #REF! | F19: =IF('Formulario PPGR2'!$G19="","",'Formulario PPGR1'!#REF!) -> #REF! | G19: 1.1.1.2 Fortalecimiento del Primer Nivel de Atención sustentado en la implementación del Modelo de Atención | H19: 1.1.1.2.07 | I19: Seguimiento a las atenciones por curso de vida definidas en el marco del convenio con SENASA. | L19: 1 | O19: 1 | R19: 1 | U19: 1 | V19: =SUM('Formulario PPGR2'!$J19:$U19) -> 4 | W19: Informe | Z19: Primer Nivel
B20: =IF('Formulario PPGR2'!$G20="","",CONCATENATE('Formulario PPGR2'!$C20,".",'Formulario PPGR2'!$D20,".",'Formulario PPGR2'!$E20,".",'Formulario PPGR2'!$F20)) -> #REF! | D20: =IF('Formulario PPGR2'!$G20="","",'Formulario PPGR1'!#REF!) -> #REF! | E20: =IF('Formulario PPGR2'!$G20="","",'Formulario PPGR1'!#REF!) -> #REF! | F20: =IF('Formulario PPGR2'!$G20="","",'Formulario PPGR1'!#REF!) -> #REF! | G20: 1.1.1.2 Fortalecimiento del Primer Nivel de Atención sustentado en la implementación del Modelo de Atención | H20: 1.1.1.2.08 | I20: Captura, seguimiento y evaluación de la atención de Adulto Mayor en las UNAP. | L20: 1 | O20: 1 | R20: 1 | U20: 1 | V20: =SUM('Formulario PPGR2'!$J20:$U20) -> 4 | W20: Informe | Y20: Por zona de salud | Z20: Primer Nivel
B21: =IF('Formulario PPGR2'!$G21="","",CONCATENATE('Formulario PPGR2'!$C21,".",'Formulario PPGR2'!$D21,".",'Formulario PPGR2'!$E21,".",'Formulario PPGR2'!$F21)) -> #REF! | D21: =IF('Formulario PPGR2'!$G21="","",'Formulario PPGR1'!#REF!) -> #REF! | E21: =IF('Formulario PPGR2'!$G21="","",'Formulario PPGR1'!#REF!) -> #REF! | F21: =IF('Formulario PPGR2'!$G21="","",'Formulario PPGR1'!#REF!) -> #REF! | G21: 1.1.1.2 Fortalecimiento del Primer Nivel de Atención sustentado en la implementación del Modelo de Atención | H21: 1.1.1.2.09 | I21: Seguimiento a los equipo de la UNAP para el aumento de la realización de visitas domiciliarias con énfasis en programas priorizados. | L21: 1 | O21: 1 | R21: 1 | U21: 1 | V21: =SUM('Formulario PPGR2'!$J21:$U21) -> 4 | W21: Informe | Y21: Por zona de salud | Z21: Primer Nivel
B22: =IF('Formulario PPGR2'!$G22="","",CONCATENATE('Formulario PPGR2'!$C22,".",'Formulario PPGR2'!$D22,".",'Formulario PPGR2'!$E22,".",'Formulario PPGR2'!$F22)) -> #REF! | D22: =IF('Formulario PPGR2'!$G22="","",'Formulario PPGR1'!#REF!) -> #REF! | E22: =IF('Formulario PPGR2'!$G22="","",'Formulario PPGR1'!#REF!) -> #REF! | F22: =IF('Formulario PPGR2'!$G22="","",'Formulario PPGR1'!#REF!) -> #REF! | G22: 1.1.1.3 Despliegue del programa salud escolar | H22: 1.1.1.3.01 | I22: Seguimiento de las acciones para la implementación del programa Salud Escolar en los SRS Metropolitano y Norcentral. | L22: 1 | O22: 1 | R22: 1 | U22: 1 | V22: =SUM('Formulario PPGR2'!$J22:$U22) -> 4 | W22: Informe | Z22: Primer Nivel
B23: =IF('Formulario PPGR2'!$G23="","",CONCATENATE('Formulario PPGR2'!$C23,".",'Formulario PPGR2'!$D23,".",'Formulario PPGR2'!$E23,".",'Formulario PPGR2'!$F23)) -> #REF! | D23: =IF('Formulario PPGR2'!$G23="","",'Formulario PPGR1'!#REF!) -> #REF! | E23: =IF('Formulario PPGR2'!$G23="","",'Formulario PPGR1'!#REF!) -> #REF! | F23: =IF('Formulario PPGR2'!$G23="","",'Formulario PPGR1'!#REF!) -> #REF! | G23: 1.1.2.1 Programa de Fortalecimiento del Nivel Especializado | H23: 1.1.2.1.01 | I23: Seguimiento de la plataforma digital de lista de espera quirúrgica en hospitales priorizados (Traumatológico Dr. Ney Arias Lora, SRS Ozama) | M23: 1 | P23: 1 | S23: 1 | V23: =SUM('Formulario PPGR2'!$J23:$U23) -> 3 | W23: Reporte | Z23: Centros Hospitalarios
B24: =IF('Formulario PPGR2'!$G24="","",CONCATENATE('Formulario PPGR2'!$C24,".",'Formulario PPGR2'!$D24,".",'Formulario PPGR2'!$E24,".",'Formulario PPGR2'!$F24)) -> #REF! | D24: =IF('Formulario PPGR2'!$G24="","",'Formulario PPGR1'!#REF!) -> #REF! | E24: =IF('Formulario PPGR2'!$G24="","",'Formulario PPGR1'!#REF!) -> #REF! | F24: =IF('Formulario PPGR2'!$G24="","",'Formulario PPGR1'!#REF!) -> #REF! | G24: 1.1.2.1 Programa de Fortalecimiento del Nivel Especializado | H24: 1.1.2.1.02 | I24: Seguimiento a la elaboracion y ejecución del plan de mejora para la disminución de lista de espera | N24: 1 | Q24: 1 | U24: 1 | V24: =SUM('Formulario PPGR2'!$J24:$U24) -> 3 | W24: Informe | Z24: Centros Hospitalarios
B25: =IF('Formulario PPGR2'!$G25="","",CONCATENATE('Formulario PPGR2'!$C25,".",'Formulario PPGR2'!$D25,".",'Formulario PPGR2'!$E25,".",'Formulario PPGR2'!$F25)) -> #REF! | D25: =IF('Formulario PPGR2'!$G25="","",'Formulario PPGR1'!#REF!) -> #REF! | E25: =IF('Formulario PPGR2'!$G25="","",'Formulario PPGR1'!#REF!) -> #REF! | F25: =IF('Formulario PPGR2'!$G25="","",'Formulario PPGR1'!#REF!) -> #REF! | G25: 1.1.2.1 Programa de Fortalecimiento del Nivel Especializado | H25: 1.1.2.1.03 | I25: Análisis del comportamiento de las objeciones médicas y administrativas (SENASA) y otras ARS del régimen Contributivo | J25: 1 | K25: 1 | L25: 1 | M25: 1 | N25: 1 | O25: 1 | P25: 1 | Q25: 1 | R25: 1 | S25: 1 | T25: 1 | U25: 1 | V25: =SUM('Formulario PPGR2'!$J25:$U25) -> 12 | W25: Informe | Z25: Centros Hospitalarios
B26: =IF('Formulario PPGR2'!$G26="","",CONCATENATE('Formulario PPGR2'!$C26,".",'Formulario PPGR2'!$D26,".",'Formulario PPGR2'!$E26,".",'Formulario PPGR2'!$F26)) -> #REF! | D26: =IF('Formulario PPGR2'!$G26="","",'Formulario PPGR1'!#REF!) -> #REF! | E26: =IF('Formulario PPGR2'!$G26="","",'Formulario PPGR1'!#REF!) -> #REF! | F26: =IF('Formulario PPGR2'!$G26="","",'Formulario PPGR1'!#REF!) -> #REF! | G26: 1.1.2.1 Programa de Fortalecimiento del Nivel Especializado | H26: 1.1.2.1.04 | I26: Seguimiento a la elaboración de los planes de mejora para la disminución de las objeciones médicas, administrativas y el incremento de la facturación de los CEAS | O26: 1 | U26: 1 | V26: =SUM('Formulario PPGR2'!$J26:$U26) -> 2 | W26: Reporte | X26: Plan | Z26: Centros Hospitalarios
B27: =IF('Formulario PPGR2'!$G27="","",CONCATENATE('Formulario PPGR2'!$C27,".",'Formulario PPGR2'!$D27,".",'Formulario PPGR2'!$E27,".",'Formulario PPGR2'!$F27)) -> #REF! | D27: =IF('Formulario PPGR2'!$G27="","",'Formulario PPGR1'!#REF!) -> #REF! | E27: =IF('Formulario PPGR2'!$G27="","",'Formulario PPGR1'!#REF!) -> #REF! | F27: =IF('Formulario PPGR2'!$G27="","",'Formulario PPGR1'!#REF!) -> #REF! | G27: 1.1.2.1 Programa de Fortalecimiento del Nivel Especializado | H27: 1.1.2.1.05 | I27: Seguimiento a la ejecución de los planes de mejora para la disminucion de las glosas y el incremento de la facturación de los CEAS. | P27: 1 | U27: 1 | V27: =SUM('Formulario PPGR2'!$J27:$U27) -> 2 | W27: Informe | X27: Plan | Z27: Centros Hospitalarios
B28: =IF('Formulario PPGR2'!$G28="","",CONCATENATE('Formulario PPGR2'!$C28,".",'Formulario PPGR2'!$D28,".",'Formulario PPGR2'!$E28,".",'Formulario PPGR2'!$F28)) -> #REF! | D28: =IF('Formulario PPGR2'!$G28="","",'Formulario PPGR1'!#REF!) -> #REF! | E28: =IF('Formulario PPGR2'!$G28="","",'Formulario PPGR1'!#REF!) -> #REF! | F28: =IF('Formulario PPGR2'!$G28="","",'Formulario PPGR1'!#REF!) -> #REF! | G28: 1.1.2.1 Programa de Fortalecimiento del Nivel Especializado | H28: 1.1.2.1.06 | I28: Levantamiento de hospitales para conocer estatus de la contratacion de las ARS | P28: 1 | V28: =SUM('Formulario PPGR2'!$J28:$U28) -> 1 | W28: Otros | Y28: Matriz de ARS contratadas por hospital | Z28: Centros Hospitalarios
B29: =IF('Formulario PPGR2'!$G29="","",CONCATENATE('Formulario PPGR2'!$C29,".",'Formulario PPGR2'!$D29,".",'Formulario PPGR2'!$E29,".",'Formulario PPGR2'!$F29)) -> #REF! | D29: =IF('Formulario PPGR2'!$G29="","",'Formulario PPGR1'!#REF!) -> #REF! | E29: =IF('Formulario PPGR2'!$G29="","",'Formulario PPGR1'!#REF!) -> #REF! | F29: =IF('Formulario PPGR2'!$G29="","",'Formulario PPGR1'!#REF!) -> #REF! | G29: 1.1.2.1 Programa de Fortalecimiento del Nivel Especializado | H29: 1.1.2.1.07 | I29: Seguimiento a la implementacion del proceso de prefactura para la optimizacion y efectividad del proceso de factura en los centros priorizados. | M29: 1 | P29: 1 | R29: 1 | U29: 1 | V29: =SUM('Formulario PPGR2'!$J29:$U29) -> 4 | W29: Informe | Z29: Centros Hospitalarios
B30: =IF('Formulario PPGR2'!$G30="","",CONCATENATE('Formulario PPGR2'!$C30,".",'Formulario PPGR2'!$D30,".",'Formulario PPGR2'!$E30,".",'Formulario PPGR2'!$F30)) -> #REF! | D30: =IF('Formulario PPGR2'!$G30="","",'Formulario PPGR1'!#REF!) -> #REF! | E30: =IF('Formulario PPGR2'!$G30="","",'Formulario PPGR1'!#REF!) -> #REF! | F30: =IF('Formulario PPGR2'!$G30="","",'Formulario PPGR1'!#REF!) -> #REF! | G30: 1.1.2.2 Operaciones de emergencias y gestión de riesgos | H30: 1.1.2.2.01 | I30: Reunion de coordinación para la gestión de la red de emergencias médicas de su demarcación | P30: 1 | V30: =SUM('Formulario PPGR2'!$J30:$U30) -> 1 | W30: Listado de participación | X30: Minuta | Z30: Emergencias
B31: =IF('Formulario PPGR2'!$G31="","",CONCATENATE('Formulario PPGR2'!$C31,".",'Formulario PPGR2'!$D31,".",'Formulario PPGR2'!$E31,".",'Formulario PPGR2'!$F31)) -> #REF! | D31: =IF('Formulario PPGR2'!$G31="","",'Formulario PPGR1'!#REF!) -> #REF! | E31: =IF('Formulario PPGR2'!$G31="","",'Formulario PPGR1'!#REF!) -> #REF! | F31: =IF('Formulario PPGR2'!$G31="","",'Formulario PPGR1'!#REF!) -> #REF! | G31: 1.1.2.2 Operaciones de emergencias y gestión de riesgos | H31: 1.1.2.2.02 | I31: Reunion de Coordinación de la implementación del Modelo Integrado de Atención de Emergencias y Urgencias | P31: 1 | U31: 1 | V31: =SUM('Formulario PPGR2'!$J31:$U31) -> 2 | W31: Listado de participación | X31: Minuta | Z31: Emergencias
B32: =IF('Formulario PPGR2'!$G32="","",CONCATENATE('Formulario PPGR2'!$C32,".",'Formulario PPGR2'!$D32,".",'Formulario PPGR2'!$E32,".",'Formulario PPGR2'!$F32)) -> #REF! | D32: =IF('Formulario PPGR2'!$G32="","",'Formulario PPGR1'!#REF!) -> #REF! | E32: =IF('Formulario PPGR2'!$G32="","",'Formulario PPGR1'!#REF!) -> #REF! | F32: =IF('Formulario PPGR2'!$G32="","",'Formulario PPGR1'!#REF!) -> #REF! | G32: 1.1.2.2 Operaciones de emergencias y gestión de riesgos | H32: 1.1.2.2.03 | I32: Supervisión de Oficiales RAC-Triaje y la implementación de RAC-Triaje en Salas de Emergencias Hospitalarias | L32: 1 | O32: 1 | R32: 1 | V32: =SUM('Formulario PPGR2'!$J32:$U32) -> 3 | W32: Reporte | X32: Otros | Y32: Formularios | Z32: Emergencias
B33: =IF('Formulario PPGR2'!$G33="","",CONCATENATE('Formulario PPGR2'!$C33,".",'Formulario PPGR2'!$D33,".",'Formulario PPGR2'!$E33,".",'Formulario PPGR2'!$F33)) -> #REF! | D33: =IF('Formulario PPGR2'!$G33="","",'Formulario PPGR1'!#REF!) -> #REF! | E33: =IF('Formulario PPGR2'!$G33="","",'Formulario PPGR1'!#REF!) -> #REF! | F33: =IF('Formulario PPGR2'!$G33="","",'Formulario PPGR1'!#REF!) -> #REF! | G33: 1.1.2.2 Operaciones de emergencias y gestión de riesgos | H33: 1.1.2.2.04 | I33: Supervisión al llenado de historia clinica de emergencias, reporte de indicadores y del registro de los pacientes en el libro de emergencias | P33: 1 | T33: 1 | V33: =SUM('Formulario PPGR2'!$J33:$U33) -> 2 | W33: Reporte | Z33: Emergencias
B34: =IF('Formulario PPGR2'!$G34="","",CONCATENATE('Formulario PPGR2'!$C34,".",'Formulario PPGR2'!$D34,".",'Formulario PPGR2'!$E34,".",'Formulario PPGR2'!$F34)) -> #REF! | D34: =IF('Formulario PPGR2'!$G34="","",'Formulario PPGR1'!#REF!) -> #REF! | E34: =IF('Formulario PPGR2'!$G34="","",'Formulario PPGR1'!#REF!) -> #REF! | F34: =IF('Formulario PPGR2'!$G34="","",'Formulario PPGR1'!#REF!) -> #REF! | G34: 1.1.2.2 Operaciones de emergencias y gestión de riesgos | H34: 1.1.2.2.05 | I34: Supervisión procedimiento de entrega, recibo y reposicion de carro de paro en salas de emergencias | O34: 1 | S34: 1 | V34: =SUM('Formulario PPGR2'!$J34:$U34) -> 2 | W34: Otros | Y34: Formularios | Z34: Emergencias
B35: =IF('Formulario PPGR2'!$G35="","",CONCATENATE('Formulario PPGR2'!$C35,".",'Formulario PPGR2'!$D35,".",'Formulario PPGR2'!$E35,".",'Formulario PPGR2'!$F35)) -> #REF! | D35: =IF('Formulario PPGR2'!$G35="","",'Formulario PPGR1'!#REF!) -> #REF! | E35: =IF('Formulario PPGR2'!$G35="","",'Formulario PPGR1'!#REF!) -> #REF! | F35: =IF('Formulario PPGR2'!$G35="","",'Formulario PPGR1'!#REF!) -> #REF! | G35: 1.1.2.2 Operaciones de emergencias y gestión de riesgos | H35: 1.1.2.2.06 | I35: Monitoreo del tablero de Indicadores de Gestión de las Salas de Emergencias Hospitalaria | L35: 1 | O35: 1 | R35: 1 | U35: 1 | V35: =SUM('Formulario PPGR2'!$J35:$U35) -> 4 | W35: Reporte | Z35: Emergencias
B36: =IF('Formulario PPGR2'!$G36="","",CONCATENATE('Formulario PPGR2'!$C36,".",'Formulario PPGR2'!$D36,".",'Formulario PPGR2'!$E36,".",'Formulario PPGR2'!$F36)) -> #REF! | D36: =IF('Formulario PPGR2'!$G36="","",'Formulario PPGR1'!#REF!) -> #REF! | E36: =IF('Formulario PPGR2'!$G36="","",'Formulario PPGR1'!#REF!) -> #REF! | F36: =IF('Formulario PPGR2'!$G36="","",'Formulario PPGR1'!#REF!) -> #REF! | G36: 1.1.2.2 Operaciones de emergencias y gestión de riesgos | H36: 1.1.2.2.07 | I36: Seguimiento del Plan de Mejora de los Servicios de emergencias Centros hospitalario | K36: 1 | S36: 1 | V36: =SUM('Formulario PPGR2'!$J36:$U36) -> 2 | W36: Plan | X36: Listado de participación | Y36: Reporte | Z36: Emergencias
B37: =IF('Formulario PPGR2'!$G37="","",CONCATENATE('Formulario PPGR2'!$C37,".",'Formulario PPGR2'!$D37,".",'Formulario PPGR2'!$E37,".",'Formulario PPGR2'!$F37)) -> #REF! | D37: =IF('Formulario PPGR2'!$G37="","",'Formulario PPGR1'!#REF!) -> #REF! | E37: =IF('Formulario PPGR2'!$G37="","",'Formulario PPGR1'!#REF!) -> #REF! | F37: =IF('Formulario PPGR2'!$G37="","",'Formulario PPGR1'!#REF!) -> #REF! | G37: 1.1.2.2 Operaciones de emergencias y gestión de riesgos | H37: 1.1.2.2.08 | I37: Seguimiento a la elaboración y/o actualización de los Planes de Emergencias de Salud y Desastres Naturales ORS y CEAS | L37: 1 | V37: =SUM('Formulario PPGR2'!$J37:$U37) -> 1 | W37: Informe | X37: Otros | Y37: Plan en registro digital | Z37: Emergencias
B38: =IF('Formulario PPGR2'!$G38="","",CONCATENATE('Formulario PPGR2'!$C38,".",'Formulario PPGR2'!$D38,".",'Formulario PPGR2'!$E38,".",'Formulario PPGR2'!$F38)) -> #REF! | D38: =IF('Formulario PPGR2'!$G38="","",'Formulario PPGR1'!#REF!) -> #REF! | E38: =IF('Formulario PPGR2'!$G38="","",'Formulario PPGR1'!#REF!) -> #REF! | F38: =IF('Formulario PPGR2'!$G38="","",'Formulario PPGR1'!#REF!) -> #REF! | G38: 1.1.2.2 Operaciones de emergencias y gestión de riesgos | H38: 1.1.2.2.09 | I38: Supervisión y seguimiento a la funcionalidad de los Planes de Emergencias y Desastres Hospitalarios a traves de simulacros | S38: 1 | V38: =SUM('Formulario PPGR2'!$J38:$U38) -> 1 | W38: Informe | Z38: Emergencias
B39: =IF('Formulario PPGR2'!$G39="","",CONCATENATE('Formulario PPGR2'!$C39,".",'Formulario PPGR2'!$D39,".",'Formulario PPGR2'!$E39,".",'Formulario PPGR2'!$F39)) -> #REF! | D39: =IF('Formulario PPGR2'!$G39="","",'Formulario PPGR1'!#REF!) -> #REF! | E39: =IF('Formulario PPGR2'!$G39="","",'Formulario PPGR1'!#REF!) -> #REF! | F39: =IF('Formulario PPGR2'!$G39="","",'Formulario PPGR1'!#REF!) -> #REF! | G39: 1.1.2.2 Operaciones de emergencias y gestión de riesgos | H39: 1.1.2.2.10 | I39: Reunión de coordinación de Operativo Feriado Navidad y Año Nuevo | U39: 1 | V39: =SUM('Formulario PPGR2'!$J39:$U39) -> 1 | W39: Listado de participación | X39: Minuta | Z39: Emergencias
B40: =IF('Formulario PPGR2'!$G40="","",CONCATENATE('Formulario PPGR2'!$C40,".",'Formulario PPGR2'!$D40,".",'Formulario PPGR2'!$E40,".",'Formulario PPGR2'!$F40)) -> #REF! | D40: =IF('Formulario PPGR2'!$G40="","",'Formulario PPGR1'!#REF!) -> #REF! | E40: =IF('Formulario PPGR2'!$G40="","",'Formulario PPGR1'!#REF!) -> #REF! | F40: =IF('Formulario PPGR2'!$G40="","",'Formulario PPGR1'!#REF!) -> #REF! | G40: 1.1.2.2 Operaciones de emergencias y gestión de riesgos | H40: 1.1.2.2.11 | I40: Reunion de coordinación preparativos Operativo Semana Santa | L40: 1 | V40: =SUM('Formulario PPGR2'!$J40:$U40) -> 1 | W40: Listado de participación | X40: Minuta | Z40: Emergencias
B41: =IF('Formulario PPGR2'!$G41="","",CONCATENATE('Formulario PPGR2'!$C41,".",'Formulario PPGR2'!$D41,".",'Formulario PPGR2'!$E41,".",'Formulario PPGR2'!$F41)) -> #REF! | D41: =IF('Formulario PPGR2'!$G41="","",'Formulario PPGR1'!#REF!) -> #REF! | E41: =IF('Formulario PPGR2'!$G41="","",'Formulario PPGR1'!#REF!) -> #REF! | F41: =IF('Formulario PPGR2'!$G41="","",'Formulario PPGR1'!#REF!) -> #REF! | G41: 1.1.2.2 Operaciones de emergencias y gestión de riesgos | H41: 1.1.2.2.12 | I41: Reunion coordinación preparativos y pespuesta a Temporada Ciclónica y Eventos de Salud Pública consecuentes | N41: 1 | V41: =SUM('Formulario PPGR2'!$J41:$U41) -> 1 | W41: Listado de participación | X41: Minuta | Z41: Emergencias
B42: =IF('Formulario PPGR2'!$G42="","",CONCATENATE('Formulario PPGR2'!$C42,".",'Formulario PPGR2'!$D42,".",'Formulario PPGR2'!$E42,".",'Formulario PPGR2'!$F42)) -> #REF! | D42: =IF('Formulario PPGR2'!$G42="","",'Formulario PPGR1'!#REF!) -> #REF! | E42: =IF('Formulario PPGR2'!$G42="","",'Formulario PPGR1'!#REF!) -> #REF! | F42: =IF('Formulario PPGR2'!$G42="","",'Formulario PPGR1'!#REF!) -> #REF! | G42: 1.1.2.2 Operaciones de emergencias y gestión de riesgos | H42: 1.1.2.2.13 | I42: Reunión de análisis situacional de salud pública y desastres naturales de su demarcación | N42: 1 | V42: =SUM('Formulario PPGR2'!$J42:$U42) -> 1 | W42: Listado de participación | X42: Minuta | Z42: Emergencias
B43: =IF('Formulario PPGR2'!$G43="","",CONCATENATE('Formulario PPGR2'!$C43,".",'Formulario PPGR2'!$D43,".",'Formulario PPGR2'!$E43,".",'Formulario PPGR2'!$F43)) -> #REF! | D43: =IF('Formulario PPGR2'!$G43="","",'Formulario PPGR1'!#REF!) -> #REF! | E43: =IF('Formulario PPGR2'!$G43="","",'Formulario PPGR1'!#REF!) -> #REF! | F43: =IF('Formulario PPGR2'!$G43="","",'Formulario PPGR1'!#REF!) -> #REF! | G43: 1.1.2.3 Implementación de la estrategia HEARTS para la prevención y control de las enfermedades crónicas no transmisibles (ECNT) implementada. | H43: 1.1.2.3.01 | I43: Capacitación al personal de salud en los módulos de la Estrategia Hearts. | N43: 1 | T43: 1 | V43: =SUM('Formulario PPGR2'!$J43:$U43) -> 2 | W43: Listado de participación | X43: Agenda | Z43: Primer Nivel
B44: =IF('Formulario PPGR2'!$G44="","",CONCATENATE('Formulario PPGR2'!$C44,".",'Formulario PPGR2'!$D44,".",'Formulario PPGR2'!$E44,".",'Formulario PPGR2'!$F44)) -> #REF! | D44: =IF('Formulario PPGR2'!$G44="","",'Formulario PPGR1'!#REF!) -> #REF! | E44: =IF('Formulario PPGR2'!$G44="","",'Formulario PPGR1'!#REF!) -> #REF! | F44: =IF('Formulario PPGR2'!$G44="","",'Formulario PPGR1'!#REF!) -> #REF! | G44: 1.1.2.3 Implementación de la estrategia HEARTS para la prevención y control de las enfermedades crónicas no transmisibles (ECNT) implementada. | H44: 1.1.2.3.02 | I44: Despliegue de la Estrategia Hearts en el 100% de las Unidades de Atención Primaria del SRS. | O44: 1 | U44: 1 | V44: =SUM('Formulario PPGR2'!$J44:$U44) -> 2 | W44: Informe | Z44: Primer Nivel
B45: =IF('Formulario PPGR2'!$G45="","",CONCATENATE('Formulario PPGR2'!$C45,".",'Formulario PPGR2'!$D45,".",'Formulario PPGR2'!$E45,".",'Formulario PPGR2'!$F45)) -> #REF! | D45: =IF('Formulario PPGR2'!$G45="","",'Formulario PPGR1'!#REF!) -> #REF! | E45: =IF('Formulario PPGR2'!$G45="","",'Formulario PPGR1'!#REF!) -> #REF! | F45: =IF('Formulario PPGR2'!$G45="","",'Formulario PPGR1'!#REF!) -> #REF! | G45: 1.1.2.3 Implementación de la estrategia HEARTS para la prevención y control de las enfermedades crónicas no transmisibles (ECNT) implementada. | H45: 1.1.2.3.03 | I45: Tamizaje de captación de personas para la prevensión y control de las ECNT. | L45: 1 | O45: 1 | R45: 1 | U45: 1 | V45: =SUM('Formulario PPGR2'!$J45:$U45) -> 4 | W45: Reporte | X45: Listado de participación | Z45: Primer Nivel
B46: =IF('Formulario PPGR2'!$G46="","",CONCATENATE('Formulario PPGR2'!$C46,".",'Formulario PPGR2'!$D46,".",'Formulario PPGR2'!$E46,".",'Formulario PPGR2'!$F46)) -> #REF! | D46: =IF('Formulario PPGR2'!$G46="","",'Formulario PPGR1'!#REF!) -> #REF! | E46: =IF('Formulario PPGR2'!$G46="","",'Formulario PPGR1'!#REF!) -> #REF! | F46: =IF('Formulario PPGR2'!$G46="","",'Formulario PPGR1'!#REF!) -> #REF! | G46: 1.1.2.3 Implementación de la estrategia HEARTS para la prevención y control de las enfermedades crónicas no transmisibles (ECNT) implementada. | H46: 1.1.2.3.04 | I46: Seguimiento a la implementación y funcionalidad de la Estrategia Hearts en el 100% de las Unidades de Atención Primaria del SRS. | O46: 1 | U46: 1 | V46: =SUM('Formulario PPGR2'!$J46:$U46) -> 2 | W46: Informe | Z46: Primer Nivel
B47: =IF('Formulario PPGR2'!$G47="","",CONCATENATE('Formulario PPGR2'!$C47,".",'Formulario PPGR2'!$D47,".",'Formulario PPGR2'!$E47,".",'Formulario PPGR2'!$F47)) -> #REF! | D47: =IF('Formulario PPGR2'!$G47="","",'Formulario PPGR1'!#REF!) -> #REF! | E47: =IF('Formulario PPGR2'!$G47="","",'Formulario PPGR1'!#REF!) -> #REF! | F47: =IF('Formulario PPGR2'!$G47="","",'Formulario PPGR1'!#REF!) -> #REF! | G47: 1.1.2.3 Implementación de la estrategia HEARTS para la prevención y control de las enfermedades crónicas no transmisibles (ECNT) implementada. | H47: 1.1.2.3.05 | I47: Seguimiento a las iniciativas de prevención de otras enfermedades cronicas no trasmisibles. | O47: 1 | U47: 1 | V47: =SUM('Formulario PPGR2'!$J47:$U47) -> 2 | W47: Informe | Z47: Primer Nivel
B48: =IF('Formulario PPGR2'!$G48="","",CONCATENATE('Formulario PPGR2'!$C48,".",'Formulario PPGR2'!$D48,".",'Formulario PPGR2'!$E48,".",'Formulario PPGR2'!$F48)) -> #REF! | D48: =IF('Formulario PPGR2'!$G48="","",'Formulario PPGR1'!#REF!) -> #REF! | E48: =IF('Formulario PPGR2'!$G48="","",'Formulario PPGR1'!#REF!) -> #REF! | F48: =IF('Formulario PPGR2'!$G48="","",'Formulario PPGR1'!#REF!) -> #REF! | G48: 1.1.2.4 Fortalecimiento de la atención integral a menores de 5 años | H48: 1.1.2.4.01 | I48: Seguimiento a los equipos de la UNAP para el aumento de la captación, seguimiento al crecimiento y desarrollo, vigilancia del estado nutricional, esquema de vacunación en menores de 5 años con controles de salud de acuerdo con el protocolo. | L48: 1 | O48: 1 | R48: 1 | U48: 1 | V48: =SUM('Formulario PPGR2'!$J48:$U48) -> 4 | W48: Informe | Y48: Por zona de salud | Z48: Primer Nivel
B49: =IF('Formulario PPGR2'!$G49="","",CONCATENATE('Formulario PPGR2'!$C49,".",'Formulario PPGR2'!$D49,".",'Formulario PPGR2'!$E49,".",'Formulario PPGR2'!$F49)) -> #REF! | D49: =IF('Formulario PPGR2'!$G49="","",'Formulario PPGR1'!#REF!) -> #REF! | E49: =IF('Formulario PPGR2'!$G49="","",'Formulario PPGR1'!#REF!) -> #REF! | F49: =IF('Formulario PPGR2'!$G49="","",'Formulario PPGR1'!#REF!) -> #REF! | G49: 1.1.2.5 Fotalecimiento de los servicios de la red de servicios de Salud Mental | H49: 1.1.2.5.01 | I49: Visitas de supervisión con el objetivo de identificar brechas en la atención de salud mental, con el fin de desarrollar planes de mejora para fortalecer los servicios. | L49: 1 | M49: 1 | N49: 1 | O49: 1 | P49: 1 | Q49: 1 | R49: 1 | S49: 1 | T49: 1 | V49: =SUM('Formulario PPGR2'!$J49:$U49) -> 9 | W49: Listado de participación | X49: Informe | Z49: Gestión Clínica
B50: =IF('Formulario PPGR2'!$G50="","",CONCATENATE('Formulario PPGR2'!$C50,".",'Formulario PPGR2'!$D50,".",'Formulario PPGR2'!$E50,".",'Formulario PPGR2'!$F50)) -> #REF! | D50: =IF('Formulario PPGR2'!$G50="","",'Formulario PPGR1'!#REF!) -> #REF! | E50: =IF('Formulario PPGR2'!$G50="","",'Formulario PPGR1'!#REF!) -> #REF! | F50: =IF('Formulario PPGR2'!$G50="","",'Formulario PPGR1'!#REF!) -> #REF! | G50: 1.1.2.5 Fotalecimiento de los servicios de la red de servicios de Salud Mental | H50: 1.1.2.5.02 | I50: Taller de capacitación en el fortalecimiento de buenas prácticas en protocolos y documentación estandarizada. | P50: 1 | S50: 1 | V50: =SUM('Formulario PPGR2'!$J50:$U50) -> 2 | W50: Listado de participación | X50: Agenda | Z50: Gestión Clínica
B51: =IF('Formulario PPGR2'!$G51="","",CONCATENATE('Formulario PPGR2'!$C51,".",'Formulario PPGR2'!$D51,".",'Formulario PPGR2'!$E51,".",'Formulario PPGR2'!$F51)) -> #REF! | D51: =IF('Formulario PPGR2'!$G51="","",'Formulario PPGR1'!#REF!) -> #REF! | E51: =IF('Formulario PPGR2'!$G51="","",'Formulario PPGR1'!#REF!) -> #REF! | F51: =IF('Formulario PPGR2'!$G51="","",'Formulario PPGR1'!#REF!) -> #REF! | G51: 1.1.2.5 Fotalecimiento de los servicios de la red de servicios de Salud Mental | H51: 1.1.2.5.03 | I51: Ampliación de la estrategia mhGAP de Atención Primaria, con enfoque prioritario en los Servicios Regionales Metropolitana, Valdesia y Norcentral. | O51: 1 | T51: 1 | V51: =SUM('Formulario PPGR2'!$J51:$U51) -> 2 | W51: Listado de participación | X51: Informe | Z51: Gestión Clínica
B52: =IF('Formulario PPGR2'!$G52="","",CONCATENATE('Formulario PPGR2'!$C52,".",'Formulario PPGR2'!$D52,".",'Formulario PPGR2'!$E52,".",'Formulario PPGR2'!$F52)) -> #REF! | D52: =IF('Formulario PPGR2'!$G52="","",'Formulario PPGR1'!#REF!) -> #REF! | E52: =IF('Formulario PPGR2'!$G52="","",'Formulario PPGR1'!#REF!) -> #REF! | F52: =IF('Formulario PPGR2'!$G52="","",'Formulario PPGR1'!#REF!) -> #REF! | G52: 1.1.2.5 Fotalecimiento de los servicios de la red de servicios de Salud Mental | H52: 1.1.2.5.04 | I52: Visitas de Supervision a las Unidades de Intervención en Crisis en funcionamiento en la región. | L52: 1 | M52: 1 | N52: 1 | O52: 1 | P52: 1 | Q52: 1 | R52: 1 | S52: 1 | T52: 1 | V52: =SUM('Formulario PPGR2'!$J52:$U52) -> 9 | W52: Listado de participación | X52: Informe | Z52: Gestión Clínica
B53: =IF('Formulario PPGR2'!$G53="","",CONCATENATE('Formulario PPGR2'!$C53,".",'Formulario PPGR2'!$D53,".",'Formulario PPGR2'!$E53,".",'Formulario PPGR2'!$F53)) -> #REF! | D53: =IF('Formulario PPGR2'!$G53="","",'Formulario PPGR1'!#REF!) -> #REF! | E53: =IF('Formulario PPGR2'!$G53="","",'Formulario PPGR1'!#REF!) -> #REF! | F53: =IF('Formulario PPGR2'!$G53="","",'Formulario PPGR1'!#REF!) -> #REF! | G53: 1.1.2.6 Seguimiento a la aplicación de los protocolos de las enfermedades zoonóticas | H53: 1.1.2.6.01 | I53: Supervisión a la implementación del DTIR (Detección, tratamiento, investigación y Respuesta) en Establecimientos de Salud del Primer Nivel de Atención y Nivel Especializado. | K53: 1 | M53: 1 | O53: 1 | Q53: 1 | S53: 1 | U53: 1 | V53: =SUM('Formulario PPGR2'!$J53:$U53) -> 6 | W53: Listado de participación | X53: Informe | Z53: Gestión Clínica
B54: =IF('Formulario PPGR2'!$G54="","",CONCATENATE('Formulario PPGR2'!$C54,".",'Formulario PPGR2'!$D54,".",'Formulario PPGR2'!$E54,".",'Formulario PPGR2'!$F54)) -> #REF! | D54: =IF('Formulario PPGR2'!$G54="","",'Formulario PPGR1'!#REF!) -> #REF! | E54: =IF('Formulario PPGR2'!$G54="","",'Formulario PPGR1'!#REF!) -> #REF! | F54: =IF('Formulario PPGR2'!$G54="","",'Formulario PPGR1'!#REF!) -> #REF! | G54: 1.1.2.6 Seguimiento a la aplicación de los protocolos de las enfermedades zoonóticas | H54: 1.1.2.6.02 | I54: Seguimiento al proceso de atención del paciente con mordedura en 1 EESS. | L54: 1 | N54: 1 | P54: 1 | R54: 1 | T54: 1 | V54: =SUM('Formulario PPGR2'!$J54:$U54) -> 5 | W54: Listado de participación | X54: Informe | Z54: Gestión Clínica
B55: =IF('Formulario PPGR2'!$G55="","",CONCATENATE('Formulario PPGR2'!$C55,".",'Formulario PPGR2'!$D55,".",'Formulario PPGR2'!$E55,".",'Formulario PPGR2'!$F55)) -> #REF! | D55: =IF('Formulario PPGR2'!$G55="","",'Formulario PPGR1'!#REF!) -> #REF! | E55: =IF('Formulario PPGR2'!$G55="","",'Formulario PPGR1'!#REF!) -> #REF! | F55: =IF('Formulario PPGR2'!$G55="","",'Formulario PPGR1'!#REF!) -> #REF! | G55: 1.1.2.6 Seguimiento a la aplicación de los protocolos de las enfermedades zoonóticas | H55: 1.1.2.6.03 | I55: Taller de actualización en manejo de Arbovirosis dirigido al personal de los centros de salud del Primer Nivel de Atención. | M55: 1 | V55: =SUM('Formulario PPGR2'!$J55:$U55) -> 1 | W55: Listado de participación | X55: Agenda | Z55: Gestión Clínica
B56: =IF('Formulario PPGR2'!$G56="","",CONCATENATE('Formulario PPGR2'!$C56,".",'Formulario PPGR2'!$D56,".",'Formulario PPGR2'!$E56,".",'Formulario PPGR2'!$F56)) -> #REF! | D56: =IF('Formulario PPGR2'!$G56="","",'Formulario PPGR1'!#REF!) -> #REF! | E56: =IF('Formulario PPGR2'!$G56="","",'Formulario PPGR1'!#REF!) -> #REF! | F56: =IF('Formulario PPGR2'!$G56="","",'Formulario PPGR1'!#REF!) -> #REF! | G56: 1.1.2.6 Seguimiento a la aplicación de los protocolos de las enfermedades zoonóticas | H56: 1.1.2.6.04 | I56: Taller de actualización en detección y manejo de la leptospirosis dirigido al personal de los centros de salud de 2do y 3er nivel de atención.. | S56: 1 | V56: =SUM('Formulario PPGR2'!$J56:$U56) -> 1 | W56: Listado de participación | X56: Agenda | Z56: Gestión Clínica
B57: =IF('Formulario PPGR2'!$G57="","",CONCATENATE('Formulario PPGR2'!$C57,".",'Formulario PPGR2'!$D57,".",'Formulario PPGR2'!$E57,".",'Formulario PPGR2'!$F57)) -> #REF! | D57: =IF('Formulario PPGR2'!$G57="","",'Formulario PPGR1'!#REF!) -> #REF! | E57: =IF('Formulario PPGR2'!$G57="","",'Formulario PPGR1'!#REF!) -> #REF! | F57: =IF('Formulario PPGR2'!$G57="","",'Formulario PPGR1'!#REF!) -> #REF! | G57: 1.1.3.1 Aumento de la provisión de servicios de salud sexual y reproductiva en la Red SNS | H57: 1.1.3.1.01 | I57: Seguimiento al programa de planificacion familiar en el PNA | M57: 1 | P57: 1 | S57: 1 | V57: =SUM('Formulario PPGR2'!$J57:$U57) -> 3 | W57: Informe | Y57: Por zona de salud | Z57: Primer Nivel
B58: =IF('Formulario PPGR2'!$G58="","",CONCATENATE('Formulario PPGR2'!$C58,".",'Formulario PPGR2'!$D58,".",'Formulario PPGR2'!$E58,".",'Formulario PPGR2'!$F58)) -> #REF! | D58: =IF('Formulario PPGR2'!$G58="","",'Formulario PPGR1'!#REF!) -> #REF! | E58: =IF('Formulario PPGR2'!$G58="","",'Formulario PPGR1'!#REF!) -> #REF! | F58: =IF('Formulario PPGR2'!$G58="","",'Formulario PPGR1'!#REF!) -> #REF! | G58: 1.1.3.1 Aumento de la provisión de servicios de salud sexual y reproductiva en la Red SNS | H58: 1.1.3.1.02 | I58: Seguimiento a los equipos de las UNAP en la realización de Pap a las mujeres entre 19 y 65 años al menos una vez en el último año. | L58: 1 | O58: 1 | R58: 1 | U58: 1 | V58: =SUM('Formulario PPGR2'!$J58:$U58) -> 4 | W58: Informe | Y58: Por zona de salud | Z58: Primer Nivel
B59: =IF('Formulario PPGR2'!$G59="","",CONCATENATE('Formulario PPGR2'!$C59,".",'Formulario PPGR2'!$D59,".",'Formulario PPGR2'!$E59,".",'Formulario PPGR2'!$F59)) -> #REF! | D59: =IF('Formulario PPGR2'!$G59="","",'Formulario PPGR1'!#REF!) -> #REF! | E59: =IF('Formulario PPGR2'!$G59="","",'Formulario PPGR1'!#REF!) -> #REF! | F59: =IF('Formulario PPGR2'!$G59="","",'Formulario PPGR1'!#REF!) -> #REF! | G59: 1.1.3.1 Aumento de la provisión de servicios de salud sexual y reproductiva en la Red SNS | H59: 1.1.3.1.03 | I59: Visitas de seguimiento para el fortalecimiento de los Servicios de Infecciones de Transmisión Sexual (ITS) de los puestos centinelas establecidos. | K59: 1 | N59: 1 | Q59: 1 | T59: 1 | V59: =SUM('Formulario PPGR2'!$J59:$U59) -> 4 | W59: Listado de participación | X59: Informe | Z59: Gestión Clínica
B60: =IF('Formulario PPGR2'!$G60="","",CONCATENATE('Formulario PPGR2'!$C60,".",'Formulario PPGR2'!$D60,".",'Formulario PPGR2'!$E60,".",'Formulario PPGR2'!$F60)) -> #REF! | D60: =IF('Formulario PPGR2'!$G60="","",'Formulario PPGR1'!#REF!) -> #REF! | E60: =IF('Formulario PPGR2'!$G60="","",'Formulario PPGR1'!#REF!) -> #REF! | F60: =IF('Formulario PPGR2'!$G60="","",'Formulario PPGR1'!#REF!) -> #REF! | G60: 1.1.3.1 Aumento de la provisión de servicios de salud sexual y reproductiva en la Red SNS | H60: 1.1.3.1.04 | I60: Auditoria de la calidad de los datos en los Puestos Centinelas de ITS establecidos. | L60: 1 | P60: 1 | R60: 1 | V60: =SUM('Formulario PPGR2'!$J60:$U60) -> 3 | W60: Listado de participación | X60: Informe | Z60: Gestión Clínica
B61: =IF('Formulario PPGR2'!$G61="","",CONCATENATE('Formulario PPGR2'!$C61,".",'Formulario PPGR2'!$D61,".",'Formulario PPGR2'!$E61,".",'Formulario PPGR2'!$F61)) -> #REF! | D61: =IF('Formulario PPGR2'!$G61="","",'Formulario PPGR1'!#REF!) -> #REF! | E61: =IF('Formulario PPGR2'!$G61="","",'Formulario PPGR1'!#REF!) -> #REF! | F61: =IF('Formulario PPGR2'!$G61="","",'Formulario PPGR1'!#REF!) -> #REF! | G61: 1.1.3.1 Aumento de la provisión de servicios de salud sexual y reproductiva en la Red SNS | H61: 1.1.3.1.05 | I61: Visitas de supervisión para la Mejora de la Calidad de los Datos y el Registro Oportuno en el Sistema de Registro Nominal de Pruebas de VIH (SIRENP) para resultados de pruebas de VIH, Hepatitis B, Hepatitis C y Sífilis | O61: 1 | S61: 2 | V61: =SUM('Formulario PPGR2'!$J61:$U61) -> 3 | W61: Listado de participación | X61: Informe | Z61: Gestión Clínica
B62: =IF('Formulario PPGR2'!$G62="","",CONCATENATE('Formulario PPGR2'!$C62,".",'Formulario PPGR2'!$D62,".",'Formulario PPGR2'!$E62,".",'Formulario PPGR2'!$F62)) -> #REF! | D62: =IF('Formulario PPGR2'!$G62="","",'Formulario PPGR1'!#REF!) -> #REF! | E62: =IF('Formulario PPGR2'!$G62="","",'Formulario PPGR1'!#REF!) -> #REF! | F62: =IF('Formulario PPGR2'!$G62="","",'Formulario PPGR1'!#REF!) -> #REF! | G62: 1.1.3.1 Aumento de la provisión de servicios de salud sexual y reproductiva en la Red SNS | H62: 1.1.3.1.06 | I62: Seguimiento Planificacion Post Evento Obstetrico en los hospitales priorizados | J62: 1 | K62: 1 | L62: 1 | M62: 1 | N62: 1 | O62: 1 | P62: 1 | Q62: 1 | R62: 1 | S62: 1 | T62: 1 | U62: 1 | V62: =SUM('Formulario PPGR2'!$J62:$U62) -> 12 | W62: Informe | Z62: Materno-Infantil y Adolescentes
B63: =IF('Formulario PPGR2'!$G63="","",CONCATENATE('Formulario PPGR2'!$C63,".",'Formulario PPGR2'!$D63,".",'Formulario PPGR2'!$E63,".",'Formulario PPGR2'!$F63)) -> #REF! | D63: =IF('Formulario PPGR2'!$G63="","",'Formulario PPGR1'!#REF!) -> #REF! | E63: =IF('Formulario PPGR2'!$G63="","",'Formulario PPGR1'!#REF!) -> #REF! | F63: =IF('Formulario PPGR2'!$G63="","",'Formulario PPGR1'!#REF!) -> #REF! | G63: 1.1.3.1 Aumento de la provisión de servicios de salud sexual y reproductiva en la Red SNS | H63: 1.1.3.1.07 | I63: Adecuación de la Elaboracion de los planes de mejora de la metodología de Observación de la Práctica Clínica (OPC) según los resultados del monitoreo de calidad de los servicios en los CEAS priorizados | L63: 1 | O63: 1 | R63: 1 | U63: 1 | V63: =SUM('Formulario PPGR2'!$J63:$U63) -> 4 | W63: Plan | Z63: Materno-Infantil y Adolescentes
B64: =IF('Formulario PPGR2'!$G64="","",CONCATENATE('Formulario PPGR2'!$C64,".",'Formulario PPGR2'!$D64,".",'Formulario PPGR2'!$E64,".",'Formulario PPGR2'!$F64)) -> #REF! | D64: =IF('Formulario PPGR2'!$G64="","",'Formulario PPGR1'!#REF!) -> #REF! | E64: =IF('Formulario PPGR2'!$G64="","",'Formulario PPGR1'!#REF!) -> #REF! | F64: =IF('Formulario PPGR2'!$G64="","",'Formulario PPGR1'!#REF!) -> #REF! | G64: 1.1.3.1 Aumento de la provisión de servicios de salud sexual y reproductiva en la Red SNS | H64: 1.1.3.1.08 | I64: Analisis de los indicadores Maternos Neonatales de la Sala Situacional de los CEAS | L64: 1 | O64: 1 | R64: 1 | U64: 1 | V64: =SUM('Formulario PPGR2'!$J64:$U64) -> 4 | W64: Otros | Y64: Matriz Sala Situacional | Z64: Materno-Infantil y Adolescentes
B65: =IF('Formulario PPGR2'!$G65="","",CONCATENATE('Formulario PPGR2'!$C65,".",'Formulario PPGR2'!$D65,".",'Formulario PPGR2'!$E65,".",'Formulario PPGR2'!$F65)) -> #REF! | D65: =IF('Formulario PPGR2'!$G65="","",'Formulario PPGR1'!#REF!) -> #REF! | E65: =IF('Formulario PPGR2'!$G65="","",'Formulario PPGR1'!#REF!) -> #REF! | F65: =IF('Formulario PPGR2'!$G65="","",'Formulario PPGR1'!#REF!) -> #REF! | G65: 1.1.3.1 Aumento de la provisión de servicios de salud sexual y reproductiva en la Red SNS | H65: 1.1.3.1.09 | I65: Análisis y seguimiento a la implementacion de la Estrategia Código Rojo en los CEAS priorizados. | J65: 1 | L65: 1 | N65: 1 | P65: 1 | R65: 1 | T65: 1 | V65: =SUM('Formulario PPGR2'!$J65:$U65) -> 6 | W65: Reporte | Z65: Materno-Infantil y Adolescentes
B66: =IF('Formulario PPGR2'!$G66="","",CONCATENATE('Formulario PPGR2'!$C66,".",'Formulario PPGR2'!$D66,".",'Formulario PPGR2'!$E66,".",'Formulario PPGR2'!$F66)) -> #REF! | D66: =IF('Formulario PPGR2'!$G66="","",'Formulario PPGR1'!#REF!) -> #REF! | E66: =IF('Formulario PPGR2'!$G66="","",'Formulario PPGR1'!#REF!) -> #REF! | F66: =IF('Formulario PPGR2'!$G66="","",'Formulario PPGR1'!#REF!) -> #REF! | G66: 1.1.3.1 Aumento de la provisión de servicios de salud sexual y reproductiva en la Red SNS | H66: 1.1.3.1.10 | I66: Seguimiento al plan de mejora resultado del monitoreo del apego a protocolo de atencion en consulta prenatal en los CEAS priorizados. | L66: 1 | O66: 1 | R66: 1 | U66: 1 | V66: =SUM('Formulario PPGR2'!$J66:$U66) -> 4 | W66: Plan | X66: Informe | Z66: Materno-Infantil y Adolescentes
B67: =IF('Formulario PPGR2'!$G67="","",CONCATENATE('Formulario PPGR2'!$C67,".",'Formulario PPGR2'!$D67,".",'Formulario PPGR2'!$E67,".",'Formulario PPGR2'!$F67)) -> #REF! | D67: =IF('Formulario PPGR2'!$G67="","",'Formulario PPGR1'!#REF!) -> #REF! | E67: =IF('Formulario PPGR2'!$G67="","",'Formulario PPGR1'!#REF!) -> #REF! | F67: =IF('Formulario PPGR2'!$G67="","",'Formulario PPGR1'!#REF!) -> #REF! | G67: 1.1.3.1 Aumento de la provisión de servicios de salud sexual y reproductiva en la Red SNS | H67: 1.1.3.1.11 | I67: Capacitación en el uso y correcto llenado de la Historia Clinica Perinatal en los CEAS de SRS Norcentral, Nordeste y Este. | K67: 1 | N67: 1 | Q67: 1 | T67: 1 | V67: =SUM('Formulario PPGR2'!$J67:$U67) -> 4 | W67: Listado de participación | X67: Agenda | Z67: Materno-Infantil y Adolescentes
B68: =IF('Formulario PPGR2'!$G68="","",CONCATENATE('Formulario PPGR2'!$C68,".",'Formulario PPGR2'!$D68,".",'Formulario PPGR2'!$E68,".",'Formulario PPGR2'!$F68)) -> #REF! | D68: =IF('Formulario PPGR2'!$G68="","",'Formulario PPGR1'!#REF!) -> #REF! | E68: =IF('Formulario PPGR2'!$G68="","",'Formulario PPGR1'!#REF!) -> #REF! | F68: =IF('Formulario PPGR2'!$G68="","",'Formulario PPGR1'!#REF!) -> #REF! | G68: 1.1.3.1 Aumento de la provisión de servicios de salud sexual y reproductiva en la Red SNS | H68: 1.1.3.1.12 | I68: Capacitacion continua sobre prevención de Trastornos Hipertensivos en el embarazo en CEAS provinciales | L68: 1 | O68: 1 | R68: 1 | U68: 1 | V68: =SUM('Formulario PPGR2'!$J68:$U68) -> 4 | W68: Listado de participación | X68: Agenda | Z68: Materno-Infantil y Adolescentes
B69: =IF('Formulario PPGR2'!$G69="","",CONCATENATE('Formulario PPGR2'!$C69,".",'Formulario PPGR2'!$D69,".",'Formulario PPGR2'!$E69,".",'Formulario PPGR2'!$F69)) -> #REF! | D69: =IF('Formulario PPGR2'!$G69="","",'Formulario PPGR1'!#REF!) -> #REF! | E69: =IF('Formulario PPGR2'!$G69="","",'Formulario PPGR1'!#REF!) -> #REF! | F69: =IF('Formulario PPGR2'!$G69="","",'Formulario PPGR1'!#REF!) -> #REF! | G69: 1.1.3.1 Aumento de la provisión de servicios de salud sexual y reproductiva en la Red SNS | H69: 1.1.3.1.13 | I69: Seguimiento al plan de mejora resultado resultado del monitoreo al apego de los Protocolos de Trastornos Hipertensivos en el embarazo a los CEAS priorizados | L69: 1 | O69: 1 | R69: 1 | U69: 1 | V69: =SUM('Formulario PPGR2'!$J69:$U69) -> 4 | W69: Plan | X69: Informe | Z69: Materno-Infantil y Adolescentes
B70: =IF('Formulario PPGR2'!$G70="","",CONCATENATE('Formulario PPGR2'!$C70,".",'Formulario PPGR2'!$D70,".",'Formulario PPGR2'!$E70,".",'Formulario PPGR2'!$F70)) -> #REF! | D70: =IF('Formulario PPGR2'!$G70="","",'Formulario PPGR1'!#REF!) -> #REF! | E70: =IF('Formulario PPGR2'!$G70="","",'Formulario PPGR1'!#REF!) -> #REF! | F70: =IF('Formulario PPGR2'!$G70="","",'Formulario PPGR1'!#REF!) -> #REF! | G70: 1.1.3.1 Aumento de la provisión de servicios de salud sexual y reproductiva en la Red SNS | H70: 1.1.3.1.14 | I70: Capacitación en Planificacion Familiar Post Evento Obstetrico en 5 CEAS por SRS. | K70: 1 | L70: 1 | M70: 1 | N70: 1 | O70: 1 | V70: =SUM('Formulario PPGR2'!$J70:$U70) -> 5 | W70: Listado de participación | X70: Agenda | Z70: Materno-Infantil y Adolescentes
B71: =IF('Formulario PPGR2'!$G71="","",CONCATENATE('Formulario PPGR2'!$C71,".",'Formulario PPGR2'!$D71,".",'Formulario PPGR2'!$E71,".",'Formulario PPGR2'!$F71)) -> #REF! | D71: =IF('Formulario PPGR2'!$G71="","",'Formulario PPGR1'!#REF!) -> #REF! | E71: =IF('Formulario PPGR2'!$G71="","",'Formulario PPGR1'!#REF!) -> #REF! | F71: =IF('Formulario PPGR2'!$G71="","",'Formulario PPGR1'!#REF!) -> #REF! | G71: 1.1.3.1 Aumento de la provisión de servicios de salud sexual y reproductiva en la Red SNS | H71: 1.1.3.1.15 | I71: Seguimiento al fortalecimiento de la estrategia IPAM en CEAS hospitales priorizados | M71: 1 | Q71: 1 | U71: 1 | V71: =SUM('Formulario PPGR2'!$J71:$U71) -> 3 | W71: Informe | Z71: Materno-Infantil y Adolescentes
B72: =IF('Formulario PPGR2'!$G72="","",CONCATENATE('Formulario PPGR2'!$C72,".",'Formulario PPGR2'!$D72,".",'Formulario PPGR2'!$E72,".",'Formulario PPGR2'!$F72)) -> #REF! | D72: =IF('Formulario PPGR2'!$G72="","",'Formulario PPGR1'!#REF!) -> #REF! | E72: =IF('Formulario PPGR2'!$G72="","",'Formulario PPGR1'!#REF!) -> #REF! | F72: =IF('Formulario PPGR2'!$G72="","",'Formulario PPGR1'!#REF!) -> #REF! | G72: 1.1.3.1 Aumento de la provisión de servicios de salud sexual y reproductiva en la Red SNS | H72: 1.1.3.1.16 | I72: Análisis de la morbilidad materna extrema | J72: 1 | K72: 1 | L72: 1 | M72: 1 | N72: 1 | O72: 1 | P72: 1 | Q72: 1 | R72: 1 | S72: 1 | T72: 1 | U72: 1 | V72: =SUM('Formulario PPGR2'!$J72:$U72) -> 12 | W72: Informe | Z72: Materno-Infantil y Adolescentes
B73: =IF('Formulario PPGR2'!$G73="","",CONCATENATE('Formulario PPGR2'!$C73,".",'Formulario PPGR2'!$D73,".",'Formulario PPGR2'!$E73,".",'Formulario PPGR2'!$F73)) -> #REF! | D73: =IF('Formulario PPGR2'!$G73="","",'Formulario PPGR1'!#REF!) -> #REF! | E73: =IF('Formulario PPGR2'!$G73="","",'Formulario PPGR1'!#REF!) -> #REF! | F73: =IF('Formulario PPGR2'!$G73="","",'Formulario PPGR1'!#REF!) -> #REF! | G73: 1.1.3.1 Aumento de la provisión de servicios de salud sexual y reproductiva en la Red SNS | H73: 1.1.3.1.17 | I73: Socialización del Protocolo para la prevención, diagnóstico y tratamiento de la Sepsis Materna | J73: 1 | K73: 1 | L73: 1 | M73: 1 | N73: 1 | O73: 1 | P73: 1 | Q73: 1 | R73: 1 | S73: 1 | T73: 1 | U73: 1 | V73: =SUM('Formulario PPGR2'!$J73:$U73) -> 12 | W73: Listado de participación | Z73: Materno-Infantil y Adolescentes
B74: =IF('Formulario PPGR2'!$G74="","",CONCATENATE('Formulario PPGR2'!$C74,".",'Formulario PPGR2'!$D74,".",'Formulario PPGR2'!$E74,".",'Formulario PPGR2'!$F74)) -> #REF! | D74: =IF('Formulario PPGR2'!$G74="","",'Formulario PPGR1'!#REF!) -> #REF! | E74: =IF('Formulario PPGR2'!$G74="","",'Formulario PPGR1'!#REF!) -> #REF! | F74: =IF('Formulario PPGR2'!$G74="","",'Formulario PPGR1'!#REF!) -> #REF! | G74: 1.1.3.1 Aumento de la provisión de servicios de salud sexual y reproductiva en la Red SNS | H74: 1.1.3.1.18 | I74: Seguimiento al fortalecimiento de la atención de las embarazadas, puerperas y recién nacido a través de la integración de enfermeras obstétricas | L74: 1 | O74: 1 | R74: 1 | U74: 1 | V74: =SUM('Formulario PPGR2'!$J74:$U74) -> 4 | W74: Informe | Z74: Materno-Infantil y Adolescentes
B75: =IF('Formulario PPGR2'!$G75="","",CONCATENATE('Formulario PPGR2'!$C75,".",'Formulario PPGR2'!$D75,".",'Formulario PPGR2'!$E75,".",'Formulario PPGR2'!$F75)) -> #REF! | D75: =IF('Formulario PPGR2'!$G75="","",'Formulario PPGR1'!#REF!) -> #REF! | E75: =IF('Formulario PPGR2'!$G75="","",'Formulario PPGR1'!#REF!) -> #REF! | F75: =IF('Formulario PPGR2'!$G75="","",'Formulario PPGR1'!#REF!) -> #REF! | G75: 1.1.3.2 Mejorada la atención de enfermedades transmisibles | H75: 1.1.3.2.01 | I75: Seguimiento a los programas de enfermedades transmisibles por vectores en primer nivel de atención. | L75: 1 | O75: 1 | R75: 1 | U75: 1 | V75: =SUM('Formulario PPGR2'!$J75:$U75) -> 4 | W75: Informe | Z75: Primer Nivel
B76: =IF('Formulario PPGR2'!$G76="","",CONCATENATE('Formulario PPGR2'!$C76,".",'Formulario PPGR2'!$D76,".",'Formulario PPGR2'!$E76,".",'Formulario PPGR2'!$F76)) -> #REF! | D76: =IF('Formulario PPGR2'!$G76="","",'Formulario PPGR1'!#REF!) -> #REF! | E76: =IF('Formulario PPGR2'!$G76="","",'Formulario PPGR1'!#REF!) -> #REF! | F76: =IF('Formulario PPGR2'!$G76="","",'Formulario PPGR1'!#REF!) -> #REF! | G76: 1.1.3.2 Mejorada la atención de enfermedades transmisibles | H76: 1.1.3.2.02 | I76: Visita de supervisión a los Establecimientos de Salud (EES) para verificación de la disponibilidad de los servicios integrales de salud | L76: 1 | V76: =SUM('Formulario PPGR2'!$J76:$U76) -> 1 | W76: Informe | X76: Listado de participación | Z76: Gestión Clínica
B77: =IF('Formulario PPGR2'!$G77="","",CONCATENATE('Formulario PPGR2'!$C77,".",'Formulario PPGR2'!$D77,".",'Formulario PPGR2'!$E77,".",'Formulario PPGR2'!$F77)) -> #REF! | D77: =IF('Formulario PPGR2'!$G77="","",'Formulario PPGR1'!#REF!) -> #REF! | E77: =IF('Formulario PPGR2'!$G77="","",'Formulario PPGR1'!#REF!) -> #REF! | F77: =IF('Formulario PPGR2'!$G77="","",'Formulario PPGR1'!#REF!) -> #REF! | G77: 1.1.3.3 Fortalecimiento de la capacidad de los servicios de salud de VIH para garantizar la atencion integral y de calidad centrada en el paciente de VIH para cumplir las metas 95-95-95 al 2030 y el PoR 42 | H77: 1.1.3.3.01 | I77: Mesas de trabajo con el personal de los Servicios de Atención Integral para seguimiento al cumplimiento de indicadores de la cascada 95-95-95 del Programa de VIH | L77: 1 | O77: 1 | R77: 1 | U77: 1 | V77: =SUM('Formulario PPGR2'!$J77:$U77) -> 4 | W77: Listado de participación | X77: Minuta | Z77: Gestión Clínica
B78: =IF('Formulario PPGR2'!$G78="","",CONCATENATE('Formulario PPGR2'!$C78,".",'Formulario PPGR2'!$D78,".",'Formulario PPGR2'!$E78,".",'Formulario PPGR2'!$F78)) -> #REF! | D78: =IF('Formulario PPGR2'!$G78="","",'Formulario PPGR1'!#REF!) -> #REF! | E78: =IF('Formulario PPGR2'!$G78="","",'Formulario PPGR1'!#REF!) -> #REF! | F78: =IF('Formulario PPGR2'!$G78="","",'Formulario PPGR1'!#REF!) -> #REF! | G78: 1.1.3.3 Fortalecimiento de la capacidad de los servicios de salud de VIH para garantizar la atencion integral y de calidad centrada en el paciente de VIH para cumplir las metas 95-95-95 al 2030 y el PoR 43 | H78: 1.1.3.3.02 | I78: Seguimiento a la Implementación del Plan de Integración de los Servicios de VIH en los EES de las Provincias Priorizadas (Distrito Nacional, Santiago, La Altagracia) Aplica para SRS Metropolitano, Norcentral y Este (Hospital Vinicio Calventi, Hospital Santo Cristo de los Milagros, Centro Diagnostico Vietnam, Hospital Angel Contreras, Hospital Los Alcarrizos I y los Alcarrizos II, Hospital Regional Jose Maria Cabral y Baez, Centro de Salud Juan XXIII, CPN Bella Vista, Hospital Nuestra Sra de la Altagracia (Higuey) CDX Anamuya, CPN Veron) | K78: 1 | N78: 1 | Q78: 1 | T78: 1 | V78: =SUM('Formulario PPGR2'!$J78:$U78) -> 4 | W78: Listado de participación | X78: Informe | Z78: Gestión Clínica
B79: =IF('Formulario PPGR2'!$G79="","",CONCATENATE('Formulario PPGR2'!$C79,".",'Formulario PPGR2'!$D79,".",'Formulario PPGR2'!$E79,".",'Formulario PPGR2'!$F79)) -> #REF! | D79: =IF('Formulario PPGR2'!$G79="","",'Formulario PPGR1'!#REF!) -> #REF! | E79: =IF('Formulario PPGR2'!$G79="","",'Formulario PPGR1'!#REF!) -> #REF! | F79: =IF('Formulario PPGR2'!$G79="","",'Formulario PPGR1'!#REF!) -> #REF! | G79: 1.1.3.3 Fortalecimiento de la capacidad de los servicios de salud de VIH para garantizar la atencion integral y de calidad centrada en el paciente de VIH para cumplir las metas 95-95-95 al 2030 y el PoR 44 | H79: 1.1.3.3.03 | I79: Visitas de seguimiento para el fortalecimiento del Sistema de Registro Nominal de Atención Integral (SIRNAI) a nivel nacional. | J79: 1 | M79: 1 | P79: 1 | V79: =SUM('Formulario PPGR2'!$J79:$U79) -> 3 | W79: Listado de participación | X79: Informe | Z79: Gestión Clínica
B80: =IF('Formulario PPGR2'!$G80="","",CONCATENATE('Formulario PPGR2'!$C80,".",'Formulario PPGR2'!$D80,".",'Formulario PPGR2'!$E80,".",'Formulario PPGR2'!$F80)) -> #REF! | D80: =IF('Formulario PPGR2'!$G80="","",'Formulario PPGR1'!#REF!) -> #REF! | E80: =IF('Formulario PPGR2'!$G80="","",'Formulario PPGR1'!#REF!) -> #REF! | F80: =IF('Formulario PPGR2'!$G80="","",'Formulario PPGR1'!#REF!) -> #REF! | G80: 1.1.3.3 Fortalecimiento de la capacidad de los servicios de salud de VIH para garantizar la atencion integral y de calidad centrada en el paciente de VIH para cumplir las metas 95-95-95 al 2030 y el PoR 45 | H80: 1.1.3.3.04 | I80: Visitas de supervisión a las Áreas de Consejería para pruebas de VIH en los EES priorizados, con el fin de verificar la entrega y el registro oportuno de la pre y post consejería en el SIRENP. | L80: 1 | O80: 1 | R80: 1 | V80: =SUM('Formulario PPGR2'!$J80:$U80) -> 3 | W80: Listado de participación | X80: Informe | Z80: Gestión Clínica
B81: =IF('Formulario PPGR2'!$G81="","",CONCATENATE('Formulario PPGR2'!$C81,".",'Formulario PPGR2'!$D81,".",'Formulario PPGR2'!$E81,".",'Formulario PPGR2'!$F81)) -> #REF! | D81: =IF('Formulario PPGR2'!$G81="","",'Formulario PPGR1'!#REF!) -> #REF! | E81: =IF('Formulario PPGR2'!$G81="","",'Formulario PPGR1'!#REF!) -> #REF! | F81: =IF('Formulario PPGR2'!$G81="","",'Formulario PPGR1'!#REF!) -> #REF! | G81: 1.1.3.3 Fortalecimiento de la capacidad de los servicios de salud de VIH para garantizar la atencion integral y de calidad centrada en el paciente de VIH para cumplir las metas 95-95-95 al 2030 y el PoR 46 | H81: 1.1.3.3.05 | I81: Supervisión de los Servicios de Preexposición al VIH (PrEP) en los EES para el fortalecimiento Integral de la Estrategia de Prevención del VIH. | K81: 1 | P81: 1 | T81: 1 | V81: =SUM('Formulario PPGR2'!$J81:$U81) -> 3 | W81: Listado de participación | X81: Informe | Z81: Gestión Clínica
B82: =IF('Formulario PPGR2'!$G82="","",CONCATENATE('Formulario PPGR2'!$C82,".",'Formulario PPGR2'!$D82,".",'Formulario PPGR2'!$E82,".",'Formulario PPGR2'!$F82)) -> #REF! | D82: =IF('Formulario PPGR2'!$G82="","",'Formulario PPGR1'!#REF!) -> #REF! | E82: =IF('Formulario PPGR2'!$G82="","",'Formulario PPGR1'!#REF!) -> #REF! | F82: =IF('Formulario PPGR2'!$G82="","",'Formulario PPGR1'!#REF!) -> #REF! | G82: 1.1.3.3 Fortalecimiento de la capacidad de los servicios de salud de VIH para garantizar la atencion integral y de calidad centrada en el paciente de VIH para cumplir las metas 95-95-95 al 2030 y el PoR 47 | H82: 1.1.3.3.06 | I82: Reuniones de seguimiento al cumplimiento de indicadores del PoR 42 en las regiones priorizadas (SRS) | L82: 1 | O82: 1 | R82: 1 | U82: 1 | V82: =SUM('Formulario PPGR2'!$J82:$U82) -> 4 | W82: Listado de participación | X82: Minuta | Z82: Gestión Clínica
B83: =IF('Formulario PPGR2'!$G83="","",CONCATENATE('Formulario PPGR2'!$C83,".",'Formulario PPGR2'!$D83,".",'Formulario PPGR2'!$E83,".",'Formulario PPGR2'!$F83)) -> #REF! | D83: =IF('Formulario PPGR2'!$G83="","",'Formulario PPGR1'!#REF!) -> #REF! | E83: =IF('Formulario PPGR2'!$G83="","",'Formulario PPGR1'!#REF!) -> #REF! | F83: =IF('Formulario PPGR2'!$G83="","",'Formulario PPGR1'!#REF!) -> #REF! | G83: 1.1.3.3 Fortalecimiento de la capacidad de los servicios de salud de VIH para garantizar la atencion integral y de calidad centrada en el paciente de VIH para cumplir las metas 95-95-95 al 2030 y el PoR 48 | H83: 1.1.3.3.07 | I83: Supervisión de las Intervenciones Implementadas para el Fortalecimiento de la Adherencia por el Personal del Programa 42 | K83: 1 | N83: 1 | Q83: 1 | T83: 1 | V83: =SUM('Formulario PPGR2'!$J83:$U83) -> 4 | W83: Listado de participación | X83: Informe | Z83: Gestión Clínica
B84: =IF('Formulario PPGR2'!$G84="","",CONCATENATE('Formulario PPGR2'!$C84,".",'Formulario PPGR2'!$D84,".",'Formulario PPGR2'!$E84,".",'Formulario PPGR2'!$F84)) -> #REF! | D84: =IF('Formulario PPGR2'!$G84="","",'Formulario PPGR1'!#REF!) -> #REF! | E84: =IF('Formulario PPGR2'!$G84="","",'Formulario PPGR1'!#REF!) -> #REF! | F84: =IF('Formulario PPGR2'!$G84="","",'Formulario PPGR1'!#REF!) -> #REF! | G84: 1.1.3.4 Fortalecimiento de la capacidad de respuesta para brindar atencion integral centrada en el paciente de Tb en todas sus fases para garantizar el cumplimiento de las metas de fin de la TB al 2030 y PoR 41 | H84: 1.1.3.4.01 | I84: Visitas de auditoria al Sistema de Información Operacional y Epidemiológico de TB (SIOE) en los EESS para fortalecimiento de la calidad del dato. | L84: 5 | M84: 5 | N84: 5 | O84: 5 | P84: 5 | Q84: 5 | R84: 5 | S84: 5 | T84: 5 | U84: 5 | V84: =SUM('Formulario PPGR2'!$J84:$U84) -> 50 | W84: Listado de participación | X84: Informe | Z84: Gestión Clínica
B85: =IF('Formulario PPGR2'!$G85="","",CONCATENATE('Formulario PPGR2'!$C85,".",'Formulario PPGR2'!$D85,".",'Formulario PPGR2'!$E85,".",'Formulario PPGR2'!$F85)) -> #REF! | D85: =IF('Formulario PPGR2'!$G85="","",'Formulario PPGR1'!#REF!) -> #REF! | E85: =IF('Formulario PPGR2'!$G85="","",'Formulario PPGR1'!#REF!) -> #REF! | F85: =IF('Formulario PPGR2'!$G85="","",'Formulario PPGR1'!#REF!) -> #REF! | G85: 1.1.3.4 Fortalecimiento de la capacidad de respuesta para brindar atencion integral centrada en el paciente de Tb en todas sus fases para garantizar el cumplimiento de las metas de fin de la TB al 2030 y PoR 42 | H85: 1.1.3.4.02 | I85: Implementación y seguimiento a la Terapia Preventiva de Tuberculosis (TPT) en los SAIs de la región | L85: 4 | O85: 4 | R85: 4 | U85: 4 | V85: =SUM('Formulario PPGR2'!$J85:$U85) -> 16 | W85: Reporte | Z85: Gestión Clínica
B86: =IF('Formulario PPGR2'!$G86="","",CONCATENATE('Formulario PPGR2'!$C86,".",'Formulario PPGR2'!$D86,".",'Formulario PPGR2'!$E86,".",'Formulario PPGR2'!$F86)) -> #REF! | D86: =IF('Formulario PPGR2'!$G86="","",'Formulario PPGR1'!#REF!) -> #REF! | E86: =IF('Formulario PPGR2'!$G86="","",'Formulario PPGR1'!#REF!) -> #REF! | F86: =IF('Formulario PPGR2'!$G86="","",'Formulario PPGR1'!#REF!) -> #REF! | G86: 1.1.3.4 Fortalecimiento de la capacidad de respuesta para brindar atencion integral centrada en el paciente de Tb en todas sus fases para garantizar el cumplimiento de las metas de fin de la TB al 2030 y PoR 43 | H86: 1.1.3.4.03 | I86: Visitas de seguimiento a los centros penitenciarios para validacion de la aplicación de protocolos de atencion y calidad del dato. | K86: 2 | M86: 2 | O86: 2 | Q86: 2 | S86: 2 | V86: =SUM('Formulario PPGR2'!$J86:$U86) -> 10 | W86: Listado de participación | X86: Informe | Z86: Gestión Clínica
B87: =IF('Formulario PPGR2'!$G87="","",CONCATENATE('Formulario PPGR2'!$C87,".",'Formulario PPGR2'!$D87,".",'Formulario PPGR2'!$E87,".",'Formulario PPGR2'!$F87)) -> #REF! | D87: =IF('Formulario PPGR2'!$G87="","",'Formulario PPGR1'!#REF!) -> #REF! | E87: =IF('Formulario PPGR2'!$G87="","",'Formulario PPGR1'!#REF!) -> #REF! | F87: =IF('Formulario PPGR2'!$G87="","",'Formulario PPGR1'!#REF!) -> #REF! | G87: 1.1.3.4 Fortalecimiento de la capacidad de respuesta para brindar atencion integral centrada en el paciente de Tb en todas sus fases para garantizar el cumplimiento de las metas de fin de la TB al 2030 y PoR 44 | H87: 1.1.3.4.04 | I87: Visitas a las Unidades Técnicas Regionales (UTR) para Monitoreo el cumplimiento de protocolos establecidos para el manejo de los pacientes Drogoresistentes. Hosp. Luis L. Bogaert | L87: 2 | O87: 2 | R87: 2 | U87: 2 | V87: =SUM('Formulario PPGR2'!$J87:$U87) -> 8 | W87: Listado de participación | X87: Informe | Z87: Gestión Clínica
B88: =IF('Formulario PPGR2'!$G88="","",CONCATENATE('Formulario PPGR2'!$C88,".",'Formulario PPGR2'!$D88,".",'Formulario PPGR2'!$E88,".",'Formulario PPGR2'!$F88)) -> #REF! | D88: =IF('Formulario PPGR2'!$G88="","",'Formulario PPGR1'!#REF!) -> #REF! | E88: =IF('Formulario PPGR2'!$G88="","",'Formulario PPGR1'!#REF!) -> #REF! | F88: =IF('Formulario PPGR2'!$G88="","",'Formulario PPGR1'!#REF!) -> #REF! | G88: 1.1.3.4 Fortalecimiento de la capacidad de respuesta para brindar atencion integral centrada en el paciente de Tb en todas sus fases para garantizar el cumplimiento de las metas de fin de la TB al 2030 y PoR 45 | H88: 1.1.3.4.05 | I88: Mesa de Trabajo con el nivel intermedio (Gerencias de Áreas de los SRS) para revisión de los indicadores y realización de planes de mejora en los servicios de TB | L88: 1 | M88: 1 | N88: 1 | O88: 1 | P88: 1 | Q88: 1 | R88: 1 | S88: 1 | T88: 1 | U88: 1 | V88: =SUM('Formulario PPGR2'!$J88:$U88) -> 10 | W88: Listado de participación | X88: Informe | Z88: Gestión Clínica
B89: =IF('Formulario PPGR2'!$G89="","",CONCATENATE('Formulario PPGR2'!$C89,".",'Formulario PPGR2'!$D89,".",'Formulario PPGR2'!$E89,".",'Formulario PPGR2'!$F89)) -> #REF! | D89: =IF('Formulario PPGR2'!$G89="","",'Formulario PPGR1'!#REF!) -> #REF! | E89: =IF('Formulario PPGR2'!$G89="","",'Formulario PPGR1'!#REF!) -> #REF! | F89: =IF('Formulario PPGR2'!$G89="","",'Formulario PPGR1'!#REF!) -> #REF! | G89: 1.1.3.4 Fortalecimiento de la capacidad de respuesta para brindar atencion integral centrada en el paciente de Tb en todas sus fases para garantizar el cumplimiento de las metas de fin de la TB al 2030 y PoR 46 | H89: 1.1.3.4.06 | I89: Mesa de trabajo para fortalecimientode la Red de Pediatria para el seguimiento a la TB Infantil. | K89: 1 | N89: 1 | R89: 1 | V89: =SUM('Formulario PPGR2'!$J89:$U89) -> 3 | W89: Listado de participación | X89: Minuta | Z89: Gestión Clínica
B90: =IF('Formulario PPGR2'!$G90="","",CONCATENATE('Formulario PPGR2'!$C90,".",'Formulario PPGR2'!$D90,".",'Formulario PPGR2'!$E90,".",'Formulario PPGR2'!$F90)) -> #REF! | D90: =IF('Formulario PPGR2'!$G90="","",'Formulario PPGR1'!#REF!) -> #REF! | E90: =IF('Formulario PPGR2'!$G90="","",'Formulario PPGR1'!#REF!) -> #REF! | F90: =IF('Formulario PPGR2'!$G90="","",'Formulario PPGR1'!#REF!) -> #REF! | G90: 1.1.3.4 Fortalecimiento de la capacidad de respuesta para brindar atencion integral centrada en el paciente de Tb en todas sus fases para garantizar el cumplimiento de las metas de fin de la TB al 2030 y PoR 47 | H90: 1.1.3.4.07 | I90: Mesa Técnica con la Coordinación de Laboratorio e Imágenes para fortalecimiento del diagnóstico oportuno de Tuberculosis en la Región SRS. | K90: 1 | N90: 1 | R90: 1 | V90: =SUM('Formulario PPGR2'!$J90:$U90) -> 3 | W90: Listado de participación | X90: Minuta | Z90: Gestión Clínica
B91: =IF('Formulario PPGR2'!$G91="","",CONCATENATE('Formulario PPGR2'!$C91,".",'Formulario PPGR2'!$D91,".",'Formulario PPGR2'!$E91,".",'Formulario PPGR2'!$F91)) -> #REF! | D91: =IF('Formulario PPGR2'!$G91="","",'Formulario PPGR1'!#REF!) -> #REF! | E91: =IF('Formulario PPGR2'!$G91="","",'Formulario PPGR1'!#REF!) -> #REF! | F91: =IF('Formulario PPGR2'!$G91="","",'Formulario PPGR1'!#REF!) -> #REF! | G91: 1.1.3.4 Fortalecimiento de la capacidad de respuesta para brindar atencion integral centrada en el paciente de Tb en todas sus fases para garantizar el cumplimiento de las metas de fin de la TB al 2030 y PoR 48 | H91: 1.1.3.4.08 | I91: Mesa de Trabajo con Primer Nivel de Atención y Medicamento e Insumos para coordinación y distribución de medicamentos en los EESS. | N91: 1 | R91: 1 | V91: =SUM('Formulario PPGR2'!$J91:$U91) -> 2 | W91: Listado de participación | X91: Minuta | Z91: Gestión Clínica
B92: =IF('Formulario PPGR2'!$G92="","",CONCATENATE('Formulario PPGR2'!$C92,".",'Formulario PPGR2'!$D92,".",'Formulario PPGR2'!$E92,".",'Formulario PPGR2'!$F92)) -> #REF! | D92: =IF('Formulario PPGR2'!$G92="","",'Formulario PPGR1'!#REF!) -> #REF! | E92: =IF('Formulario PPGR2'!$G92="","",'Formulario PPGR1'!#REF!) -> #REF! | F92: =IF('Formulario PPGR2'!$G92="","",'Formulario PPGR1'!#REF!) -> #REF! | G92: 1.1.3.4 Fortalecimiento de la capacidad de respuesta para brindar atencion integral centrada en el paciente de Tb en todas sus fases para garantizar el cumplimiento de las metas de fin de la TB al 2030 y PoR 49 | H92: 1.1.3.4.09 | I92: Reuniones de seguimiento al cumplimiento de indicadores del PoR 41 en las regiones priorizadas | L92: 1 | O92: 1 | R92: 1 | U92: 1 | V92: =SUM('Formulario PPGR2'!$J92:$U92) -> 4 | W92: Listado de participación | X92: Minuta | Z92: Gestión Clínica
B93: =IF('Formulario PPGR2'!$G93="","",CONCATENATE('Formulario PPGR2'!$C93,".",'Formulario PPGR2'!$D93,".",'Formulario PPGR2'!$E93,".",'Formulario PPGR2'!$F93)) -> #REF! | D93: =IF('Formulario PPGR2'!$G93="","",'Formulario PPGR1'!#REF!) -> #REF! | E93: =IF('Formulario PPGR2'!$G93="","",'Formulario PPGR1'!#REF!) -> #REF! | F93: =IF('Formulario PPGR2'!$G93="","",'Formulario PPGR1'!#REF!) -> #REF! | G93: 1.1.3.4 Fortalecimiento de la capacidad de respuesta para brindar atencion integral centrada en el paciente de Tb en todas sus fases para garantizar el cumplimiento de las metas de fin de la TB al 2030 y PoR 50 | H93: 1.1.3.4.10 | I93: Visitas de seguimiento al cumplimiento de las intervenciones de adherencia en la regiones priorizadas ( Valdesia, Norcentral, Nordeste Este, El Valley Cibao Central). | L93: 5 | M93: 5 | N93: 5 | O93: 5 | P93: 5 | Q93: 5 | R93: 5 | S93: 5 | T93: 5 | U93: 5 | V93: =SUM('Formulario PPGR2'!$J93:$U93) -> 50 | W93: Reporte | Z93: Gestión Clínica
B94: =IF('Formulario PPGR2'!$G94="","",CONCATENATE('Formulario PPGR2'!$C94,".",'Formulario PPGR2'!$D94,".",'Formulario PPGR2'!$E94,".",'Formulario PPGR2'!$F94)) -> #REF! | D94: =IF('Formulario PPGR2'!$G94="","",'Formulario PPGR1'!#REF!) -> #REF! | E94: =IF('Formulario PPGR2'!$G94="","",'Formulario PPGR1'!#REF!) -> #REF! | F94: =IF('Formulario PPGR2'!$G94="","",'Formulario PPGR1'!#REF!) -> #REF! | G94: 1.1.3.4 Fortalecimiento de la capacidad de respuesta para brindar atencion integral centrada en el paciente de Tb en todas sus fases para garantizar el cumplimiento de las metas de fin de la TB al 2030 y PoR 51 | H94: 1.1.3.4.11 | I94: Capacitación y actualización (Algoritmo, TB-DR, TB/VIH) al personal de salud de los EES para el fortalecimiento del programa de Tuberculosis. | M94: 1 | P94: 1 | S94: 1 | V94: =SUM('Formulario PPGR2'!$J94:$U94) -> 3 | W94: Listado de participación | X94: Informe | Z94: Gestión Clínica
B95: =IF('Formulario PPGR2'!$G95="","",CONCATENATE('Formulario PPGR2'!$C95,".",'Formulario PPGR2'!$D95,".",'Formulario PPGR2'!$E95,".",'Formulario PPGR2'!$F95)) -> #REF! | D95: =IF('Formulario PPGR2'!$G95="","",'Formulario PPGR1'!#REF!) -> #REF! | E95: =IF('Formulario PPGR2'!$G95="","",'Formulario PPGR1'!#REF!) -> #REF! | F95: =IF('Formulario PPGR2'!$G95="","",'Formulario PPGR1'!#REF!) -> #REF! | G95: 1.2.2.1 Articulación de la Red SNS | H95: 1.2.2.1.01 | I95: Seguimiento al registro de referencias y contrareferencias de la Red | J95: 1 | K95: 1 | L95: 1 | M95: 1 | N95: 1 | O95: 1 | P95: 1 | Q95: 1 | R95: 1 | S95: 1 | T95: 1 | U95: 1 | V95: =SUM('Formulario PPGR2'!$J95:$U95) -> 12 | W95: Reporte | Z95: Atención a los Usuarios
B96: =IF('Formulario PPGR2'!$G96="","",CONCATENATE('Formulario PPGR2'!$C96,".",'Formulario PPGR2'!$D96,".",'Formulario PPGR2'!$E96,".",'Formulario PPGR2'!$F96)) -> #REF! | D96: =IF('Formulario PPGR2'!$G96="","",'Formulario PPGR1'!#REF!) -> #REF! | E96: =IF('Formulario PPGR2'!$G96="","",'Formulario PPGR1'!#REF!) -> #REF! | F96: =IF('Formulario PPGR2'!$G96="","",'Formulario PPGR1'!#REF!) -> #REF! | G96: 1.2.2.1 Articulación de la Red SNS | H96: 1.2.2.1.02 | I96: Mesa de trabajo con subdirectores de los CEAS para implementación y fortalecimiento del proceso de referencia y contrareferencia. | M96: 1 | Q96: 1 | V96: =SUM('Formulario PPGR2'!$J96:$U96) -> 2 | W96: Listado de participación | X96: Minuta | Z96: Primer Nivel
B97: =IF('Formulario PPGR2'!$G97="","",CONCATENATE('Formulario PPGR2'!$C97,".",'Formulario PPGR2'!$D97,".",'Formulario PPGR2'!$E97,".",'Formulario PPGR2'!$F97)) -> #REF! | D97: =IF('Formulario PPGR2'!$G97="","",'Formulario PPGR1'!#REF!) -> #REF! | E97: =IF('Formulario PPGR2'!$G97="","",'Formulario PPGR1'!#REF!) -> #REF! | F97: =IF('Formulario PPGR2'!$G97="","",'Formulario PPGR1'!#REF!) -> #REF! | G97: 1.2.2.1 Articulación de la Red SNS | H97: 1.2.2.1.03 | I97: Reunión con los equipos de Tecnología de la Información (TI) y Gestión de la Información (GI) del SRS para dar seguimiento a los avances en la organización y articulación de la red, a través del módulo diseñado para el registro diario de referencias y contrarreferencias. | K97: 1 | M97: 1 | V97: =SUM('Formulario PPGR2'!$J97:$U97) -> 2 | W97: Listado de participación | X97: Minuta | Z97: Gestión Clínica
B98: =IF('Formulario PPGR2'!$G98="","",CONCATENATE('Formulario PPGR2'!$C98,".",'Formulario PPGR2'!$D98,".",'Formulario PPGR2'!$E98,".",'Formulario PPGR2'!$F98)) -> #REF! | D98: =IF('Formulario PPGR2'!$G98="","",'Formulario PPGR1'!#REF!) -> #REF! | E98: =IF('Formulario PPGR2'!$G98="","",'Formulario PPGR1'!#REF!) -> #REF! | F98: =IF('Formulario PPGR2'!$G98="","",'Formulario PPGR1'!#REF!) -> #REF! | G98: 1.2.2.1 Articulación de la Red SNS | H98: 1.2.2.1.04 | I98: Supervisión del correcto llenado del Registro Diario de Referencia y Contrarreferencia. | M98: 2 | P98: 2 | S98: 2 | V98: =SUM('Formulario PPGR2'!$J98:$U98) -> 6 | W98: Informe | X98: Reporte | Y98: Consolidado de las RyC | Z98: Gestión Clínica
B99: =IF('Formulario PPGR2'!$G99="","",CONCATENATE('Formulario PPGR2'!$C99,".",'Formulario PPGR2'!$D99,".",'Formulario PPGR2'!$E99,".",'Formulario PPGR2'!$F99)) -> #REF! | D99: =IF('Formulario PPGR2'!$G99="","",'Formulario PPGR1'!#REF!) -> #REF! | E99: =IF('Formulario PPGR2'!$G99="","",'Formulario PPGR1'!#REF!) -> #REF! | F99: =IF('Formulario PPGR2'!$G99="","",'Formulario PPGR1'!#REF!) -> #REF! | G99: 1.2.2.2 Provisión de servicios de Salud Materno, Infantil y Adolescentes de Calidad | H99: 1.2.2.2.01 | I99: Implementación y seguimiento a la Sala Situacional Infanto Adolescente en las ORS y los CEAS de su demarcación | L99: 1 | O99: 1 | R99: 1 | U99: 1 | V99: =SUM('Formulario PPGR2'!$J99:$U99) -> 4 | W99: Inventario | Y99: Se iniciara en los Hospitales Regionales, pediatricos, materno infantiles y provinciales | Z99: Materno-Infantil y Adolescentes
B100: =IF('Formulario PPGR2'!$G100="","",CONCATENATE('Formulario PPGR2'!$C100,".",'Formulario PPGR2'!$D100,".",'Formulario PPGR2'!$E100,".",'Formulario PPGR2'!$F100)) -> #REF! | D100: =IF('Formulario PPGR2'!$G100="","",'Formulario PPGR1'!#REF!) -> #REF! | E100: =IF('Formulario PPGR2'!$G100="","",'Formulario PPGR1'!#REF!) -> #REF! | F100: =IF('Formulario PPGR2'!$G100="","",'Formulario PPGR1'!#REF!) -> #REF! | G100: 1.2.2.2 Provisión de servicios de Salud Materno, Infantil y Adolescentes de Calidad | H100: 1.2.2.2.02 | I100: Expansión y fortalecimiento Programas Madre Canguro (PMC) | J100: 1 | K100: 1 | L100: 2 | M100: 1 | N100: 1 | O100: 2 | P100: 1 | Q100: 1 | R100: 1 | S100: 1 | T100: 2 | U100: 1 | V100: =SUM('Formulario PPGR2'!$J100:$U100) -> 15 | W100: Otros | X100: Formulario de evaluación de CEAS para la implementación/ Informe/ Formulario de supervisión PMC/ Plan de Mejora | Y100: (Acompañamiento en la elaboración e implemtación de planes de mejora, autoevaluación y apego a los protocolos). VER CRONOGRAMA DE VISITAS CEAS Provinciales Evaluación marzo, implementación primer informe junio y final noviembre . Para implementación norcentral no aplica y para la metropolitana hospitales pediatricos y materno infantiles donde no se implementa. | Z100: Materno-Infantil y Adolescentes
B101: =IF('Formulario PPGR2'!$G101="","",CONCATENATE('Formulario PPGR2'!$C101,".",'Formulario PPGR2'!$D101,".",'Formulario PPGR2'!$E101,".",'Formulario PPGR2'!$F101)) -> #REF! | D101: =IF('Formulario PPGR2'!$G101="","",'Formulario PPGR1'!#REF!) -> #REF! | E101: =IF('Formulario PPGR2'!$G101="","",'Formulario PPGR1'!#REF!) -> #REF! | F101: =IF('Formulario PPGR2'!$G101="","",'Formulario PPGR1'!#REF!) -> #REF! | G101: 1.2.2.2 Provisión de servicios de Salud Materno, Infantil y Adolescentes de Calidad | H101: 1.2.2.2.03 | I101: Fortalecimiento en la atención a pacientes criticos en emergencia | L101: 1 | O101: 1 | R101: 1 | U101: 1 | V101: =SUM('Formulario PPGR2'!$J101:$U101) -> 4 | W101: Informe | X101: Listado de participación | Y101: SRS cuatrimestral y CEAS trimestral. Cibao Occidental solo valorar emergencia por no contar con UCIP. | Z101: Materno-Infantil y Adolescentes
B102: =IF('Formulario PPGR2'!$G102="","",CONCATENATE('Formulario PPGR2'!$C102,".",'Formulario PPGR2'!$D102,".",'Formulario PPGR2'!$E102,".",'Formulario PPGR2'!$F102)) -> #REF! | D102: =IF('Formulario PPGR2'!$G102="","",'Formulario PPGR1'!#REF!) -> #REF! | E102: =IF('Formulario PPGR2'!$G102="","",'Formulario PPGR1'!#REF!) -> #REF! | F102: =IF('Formulario PPGR2'!$G102="","",'Formulario PPGR1'!#REF!) -> #REF! | G102: 1.2.2.2 Provisión de servicios de Salud Materno, Infantil y Adolescentes de Calidad | H102: 1.2.2.2.04 | I102: Fortalecimiento en la atención a NNA asistidos por violencia. | L102: 1 | O102: 1 | R102: 1 | U102: 1 | V102: =SUM('Formulario PPGR2'!$J102:$U102) -> 4 | W102: Informe | X102: Listado de participación | Z102: Materno-Infantil y Adolescentes
...

Sheet Formulario PPGR3
S1: Venta Servicios
I2: ='Formulario PPGR1'!G2 -> Servicio Nacional de Salud
I3: ='Formulario PPGR1'!G3 -> Dirección de Planificación y Desarrollo
I4: ='Formulario PPGR1'!G4 -> Plan Operativo Anual
I5: Identificación de necesidades de insumos
I6: ='Formulario PPGR1'!$M$3 -> SNS - Dirección Central
B8: ID_Dependendencia | C8: POA | D8: SRS | E8: AREA | F8: TIPO | G8: Código_Actividad | H8: Actividad | I8: Total de Actividades | J8: Insumos | K8: InsumoAbrev | L8: Descripción | M8: Unidad de Medida | N8: Cantidad de Insumos | O8: Precio Unitario | P8: Valor Total | Q8: Código Presupuestario | R8: Fuente de Financiamiento
B9: =IF('Formulario PPGR3'!$G9="","",CONCATENATE('Formulario PPGR3'!$C9,".",'Formulario PPGR3'!$D9,".",'Formulario PPGR3'!$E9,".",'Formulario PPGR3'!$F9)) | C9: =IF('Formulario PPGR3'!$G9="","",'Formulario PPGR1'!#REF!) | D9: =IF('Formulario PPGR3'!$G9="","",'Formulario PPGR1'!#REF!) | E9: =IF('Formulario PPGR3'!$G9="","",'Formulario PPGR1'!#REF!) | F9: =IF('Formulario PPGR3'!$G9="","",'Formulario PPGR1'!#REF!) | H9: {=IF(Tabla1[[#This Row],[Código_Actividad]]="","",_xlfn.XLOOKUP(Tabla1[[#This Row],[Código_Actividad]],CodigoActividad,Tabla2[Actividades Programables Presupuestables],"",0))} | I9: =IFERROR(VLOOKUP('Formulario PPGR3'!$G9,'Formulario PPGR2'!$H$110:$V$265,15,FALSE),"") | K9: =IF(Tabla1[[#This Row],[Insumos]]="","",_xlfn.XLOOKUP(Tabla1[[#This Row],[Insumos]],Tabla10[Insumo],Tabla10[InsumoAbrev],"",0)) | M9: =IF(Tabla1[[#This Row],[Descripción]]="","",_xlfn.XLOOKUP(Tabla1[[#This Row],[Descripción]],Tabla10[Descripción],Tabla10[Unidad de Medida],"",0)) | N9: 5 | O9: =IF(Tabla1[[#This Row],[Descripción]]="","",_xlfn.XLOOKUP(Tabla1[[#This Row],[Descripción]],Tabla10[Descripción],Tabla10[Precio Unitario],0)) | P9: =IF(Tabla1[[#This Row],[Cantidad de Insumos]]="","",Tabla1[[#This Row],[Precio Unitario]]*Tabla1[[#This Row],[Cantidad de Insumos]]) -> #VALUE! | Q9: =IF(Tabla1[[#This Row],[Descripción]]="","",_xlfn.XLOOKUP(Tabla1[[#This Row],[Descripción]],Tabla10[Descripción],Tabla10[CODIGO PRESUPUESTARIO],0))
B10: =IF('Formulario PPGR3'!$G10="","",CONCATENATE('Formulario PPGR3'!$C10,".",'Formulario PPGR3'!$D10,".",'Formulario PPGR3'!$E10,".",'Formulario PPGR3'!$F10)) | C10: =IF('Formulario PPGR3'!$G10="","",'Formulario PPGR1'!#REF!) | D10: =IF('Formulario PPGR3'!$G10="","",'Formulario PPGR1'!#REF!) | E10: =IF('Formulario PPGR3'!$G10="","",'Formulario PPGR1'!#REF!) | F10: =IF('Formulario PPGR3'!$G10="","",'Formulario PPGR1'!#REF!) | H10: {=IF(Tabla1[[#This Row],[Código_Actividad]]="","",_xlfn.XLOOKUP(Tabla1[[#This Row],[Código_Actividad]],CodigoActividad,Tabla2[Actividades Programables Presupuestables],"",0))} | I10: =IFERROR(VLOOKUP('Formulario PPGR3'!$G10,'Formulario PPGR2'!$H$110:$V$265,15,FALSE),"") | K10: =IF(Tabla1[[#This Row],[Insumos]]="","",_xlfn.XLOOKUP(Tabla1[[#This Row],[Insumos]],Tabla10[Insumo],Tabla10[InsumoAbrev],"",0)) | M10: =IF(Tabla1[[#This Row],[Descripción]]="","",_xlfn.XLOOKUP(Tabla1[[#This Row],[Descripción]],Tabla10[Descripción],Tabla10[Unidad de Medida],"",0)) | O10: =IF(Tabla1[[#This Row],[Descripción]]="","",_xlfn.XLOOKUP(Tabla1[[#This Row],[Descripción]],Tabla10[Descripción],Tabla10[Precio Unitario],0)) | P10: =IF(Tabla1[[#This Row],[Cantidad de Insumos]]="","",Tabla1[[#This Row],[Precio Unitario]]*Tabla1[[#This Row],[Cantidad de Insumos]]) | Q10: =IF(Tabla1[[#This Row],[Descripción]]="","",_xlfn.XLOOKUP(Tabla1[[#This Row],[Descripción]],Tabla10[Descripción],Tabla10[CODIGO PRESUPUESTARIO],0))
B11: =IF('Formulario PPGR3'!$G11="","",CONCATENATE('Formulario PPGR3'!$C11,".",'Formulario PPGR3'!$D11,".",'Formulario PPGR3'!$E11,".",'Formulario PPGR3'!$F11)) | C11: =IF('Formulario PPGR3'!$G11="","",'Formulario PPGR1'!#REF!) | D11: =IF('Formulario PPGR3'!$G11="","",'Formulario PPGR1'!#REF!) | E11: =IF('Formulario PPGR3'!$G11="","",'Formulario PPGR1'!#REF!) | F11: =IF('Formulario PPGR3'!$G11="","",'Formulario PPGR1'!#REF!) | H11: {=IF(Tabla1[[#This Row],[Código_Actividad]]="","",_xlfn.XLOOKUP(Tabla1[[#This Row],[Código_Actividad]],CodigoActividad,Tabla2[Actividades Programables Presupuestables],"",0))} | I11: =IFERROR(VLOOKUP('Formulario PPGR3'!$G11,'Formulario PPGR2'!$H$110:$V$265,15,FALSE),"") | K11: =IF(Tabla1[[#This Row],[Insumos]]="","",_xlfn.XLOOKUP(Tabla1[[#This Row],[Insumos]],Tabla10[Insumo],Tabla10[InsumoAbrev],"",0)) | M11: =IF(Tabla1[[#This Row],[Descripción]]="","",_xlfn.XLOOKUP(Tabla1[[#This Row],[Descripción]],Tabla10[Descripción],Tabla10[Unidad de Medida],"",0)) | O11: =IF(Tabla1[[#This Row],[Descripción]]="","",_xlfn.XLOOKUP(Tabla1[[#This Row],[Descripción]],Tabla10[Descripción],Tabla10[Precio Unitario],0)) | P11: =IF(Tabla1[[#This Row],[Cantidad de Insumos]]="","",Tabla1[[#This Row],[Precio Unitario]]*Tabla1[[#This Row],[Cantidad de Insumos]]) | Q11: =IF(Tabla1[[#This Row],[Descripción]]="","",_xlfn.XLOOKUP(Tabla1[[#This Row],[Descripción]],Tabla10[Descripción],Tabla10[CODIGO PRESUPUESTARIO],0))
B12: =IF('Formulario PPGR3'!$G12="","",CONCATENATE('Formulario PPGR3'!$C12,".",'Formulario PPGR3'!$D12,".",'Formulario PPGR3'!$E12,".",'Formulario PPGR3'!$F12)) | C12: =IF('Formulario PPGR3'!$G12="","",'Formulario PPGR1'!#REF!) | D12: =IF('Formulario PPGR3'!$G12="","",'Formulario PPGR1'!#REF!) | E12: =IF('Formulario PPGR3'!$G12="","",'Formulario PPGR1'!#REF!) | F12: =IF('Formulario PPGR3'!$G12="","",'Formulario PPGR1'!#REF!) | H12: {=IF(Tabla1[[#This Row],[Código_Actividad]]="","",_xlfn.XLOOKUP(Tabla1[[#This Row],[Código_Actividad]],CodigoActividad,Tabla2[Actividades Programables Presupuestables],"",0))} | I12: =IFERROR(VLOOKUP('Formulario PPGR3'!$G12,'Formulario PPGR2'!$H$110:$V$265,15,FALSE),"") | K12: =IF(Tabla1[[#This Row],[Insumos]]="","",_xlfn.XLOOKUP(Tabla1[[#This Row],[Insumos]],Tabla10[Insumo],Tabla10[InsumoAbrev],"",0)) | M12: =IF(Tabla1[[#This Row],[Descripción]]="","",_xlfn.XLOOKUP(Tabla1[[#This Row],[Descripción]],Tabla10[Descripción],Tabla10[Unidad de Medida],"",0)) | O12: =IF(Tabla1[[#This Row],[Descripción]]="","",_xlfn.XLOOKUP(Tabla1[[#This Row],[Descripción]],Tabla10[Descripción],Tabla10[Precio Unitario],0)) | P12: =IF(Tabla1[[#This Row],[Cantidad de Insumos]]="","",Tabla1[[#This Row],[Precio Unitario]]*Tabla1[[#This Row],[Cantidad de Insumos]]) | Q12: =IF(Tabla1[[#This Row],[Descripción]]="","",_xlfn.XLOOKUP(Tabla1[[#This Row],[Descripción]],Tabla10[Descripción],Tabla10[CODIGO PRESUPUESTARIO],0))
B13: =IF('Formulario PPGR3'!$G13="","",CONCATENATE('Formulario PPGR3'!$C13,".",'Formulario PPGR3'!$D13,".",'Formulario PPGR3'!$E13,".",'Formulario PPGR3'!$F13)) | C13: =IF('Formulario PPGR3'!$G13="","",'Formulario PPGR1'!#REF!) | D13: =IF('Formulario PPGR3'!$G13="","",'Formulario PPGR1'!#REF!) | E13: =IF('Formulario PPGR3'!$G13="","",'Formulario PPGR1'!#REF!) | F13: =IF('Formulario PPGR3'!$G13="","",'Formulario PPGR1'!#REF!) | H13: {=IF(Tabla1[[#This Row],[Código_Actividad]]="","",_xlfn.XLOOKUP(Tabla1[[#This Row],[Código_Actividad]],CodigoActividad,Tabla2[Actividades Programables Presupuestables],"",0))} | I13: =IFERROR(VLOOKUP('Formulario PPGR3'!$G13,'Formulario PPGR2'!$H$110:$V$265,15,FALSE),"") | K13: =IF(Tabla1[[#This Row],[Insumos]]="","",_xlfn.XLOOKUP(Tabla1[[#This Row],[Insumos]],Tabla10[Insumo],Tabla10[InsumoAbrev],"",0)) | M13: =IF(Tabla1[[#This Row],[Descripción]]="","",_xlfn.XLOOKUP(Tabla1[[#This Row],[Descripción]],Tabla10[Descripción],Tabla10[Unidad de Medida],"",0)) | O13: =IF(Tabla1[[#This Row],[Descripción]]="","",_xlfn.XLOOKUP(Tabla1[[#This Row],[Descripción]],Tabla10[Descripción],Tabla10[Precio Unitario],0)) | P13: =IF(Tabla1[[#This Row],[Cantidad de Insumos]]="","",Tabla1[[#This Row],[Precio Unitario]]*Tabla1[[#This Row],[Cantidad de Insumos]]) | Q13: =IF(Tabla1[[#This Row],[Descripción]]="","",_xlfn.XLOOKUP(Tabla1[[#This Row],[Descripción]],Tabla10[Descripción],Tabla10[CODIGO PRESUPUESTARIO],0))
B14: =IF('Formulario PPGR3'!$G14="","",CONCATENATE('Formulario PPGR3'!$C14,".",'Formulario PPGR3'!$D14,".",'Formulario PPGR3'!$E14,".",'Formulario PPGR3'!$F14)) | C14: =IF('Formulario PPGR3'!$G14="","",'Formulario PPGR1'!#REF!) | D14: =IF('Formulario PPGR3'!$G14="","",'Formulario PPGR1'!#REF!) | E14: =IF('Formulario PPGR3'!$G14="","",'Formulario PPGR1'!#REF!) | F14: =IF('Formulario PPGR3'!$G14="","",'Formulario PPGR1'!#REF!) | H14: {=IF(Tabla1[[#This Row],[Código_Actividad]]="","",_xlfn.XLOOKUP(Tabla1[[#This Row],[Código_Actividad]],CodigoActividad,Tabla2[Actividades Programables Presupuestables],"",0))} | I14: =IFERROR(VLOOKUP('Formulario PPGR3'!$G14,'Formulario PPGR2'!$H$110:$V$265,15,FALSE),"") | K14: =IF(Tabla1[[#This Row],[Insumos]]="","",_xlfn.XLOOKUP(Tabla1[[#This Row],[Insumos]],Tabla10[Insumo],Tabla10[InsumoAbrev],"",0)) | M14: =IF(Tabla1[[#This Row],[Descripción]]="","",_xlfn.XLOOKUP(Tabla1[[#This Row],[Descripción]],Tabla10[Descripción],Tabla10[Unidad de Medida],"",0)) | O14: =IF(Tabla1[[#This Row],[Descripción]]="","",_xlfn.XLOOKUP(Tabla1[[#This Row],[Descripción]],Tabla10[Descripción],Tabla10[Precio Unitario],0)) | P14: =IF(Tabla1[[#This Row],[Cantidad de Insumos]]="","",Tabla1[[#This Row],[Precio Unitario]]*Tabla1[[#This Row],[Cantidad de Insumos]]) | Q14: =IF(Tabla1[[#This Row],[Descripción]]="","",_xlfn.XLOOKUP(Tabla1[[#This Row],[Descripción]],Tabla10[Descripción],Tabla10[CODIGO PRESUPUESTARIO],0))
B15: =IF('Formulario PPGR3'!$G15="","",CONCATENATE('Formulario PPGR3'!$C15,".",'Formulario PPGR3'!$D15,".",'Formulario PPGR3'!$E15,".",'Formulario PPGR3'!$F15)) | C15: =IF('Formulario PPGR3'!$G15="","",'Formulario PPGR1'!#REF!) | D15: =IF('Formulario PPGR3'!$G15="","",'Formulario PPGR1'!#REF!) | E15: =IF('Formulario PPGR3'!$G15="","",'Formulario PPGR1'!#REF!) | F15: =IF('Formulario PPGR3'!$G15="","",'Formulario PPGR1'!#REF!) | H15: {=IF(Tabla1[[#This Row],[Código_Actividad]]="","",_xlfn.XLOOKUP(Tabla1[[#This Row],[Código_Actividad]],CodigoActividad,Tabla2[Actividades Programables Presupuestables],"",0))} | I15: =IFERROR(VLOOKUP('Formulario PPGR3'!$G15,'Formulario PPGR2'!$H$110:$V$265,15,FALSE),"") | K15: =IF(Tabla1[[#This Row],[Insumos]]="","",_xlfn.XLOOKUP(Tabla1[[#This Row],[Insumos]],Tabla10[Insumo],Tabla10[InsumoAbrev],"",0)) | M15: =IF(Tabla1[[#This Row],[Descripción]]="","",_xlfn.XLOOKUP(Tabla1[[#This Row],[Descripción]],Tabla10[Descripción],Tabla10[Unidad de Medida],"",0)) | O15: =IF(Tabla1[[#This Row],[Descripción]]="","",_xlfn.XLOOKUP(Tabla1[[#This Row],[Descripción]],Tabla10[Descripción],Tabla10[Precio Unitario],0)) | P15: =IF(Tabla1[[#This Row],[Cantidad de Insumos]]="","",Tabla1[[#This Row],[Precio Unitario]]*Tabla1[[#This Row],[Cantidad de Insumos]]) | Q15: =IF(Tabla1[[#This Row],[Descripción]]="","",_xlfn.XLOOKUP(Tabla1[[#This Row],[Descripción]],Tabla10[Descripción],Tabla10[CODIGO PRESUPUESTARIO],0))
B16: =IF('Formulario PPGR3'!$G16="","",CONCATENATE('Formulario PPGR3'!$C16,".",'Formulario PPGR3'!$D16,".",'Formulario PPGR3'!$E16,".",'Formulario PPGR3'!$F16)) | C16: =IF('Formulario PPGR3'!$G16="","",'Formulario PPGR1'!#REF!) | D16: =IF('Formulario PPGR3'!$G16="","",'Formulario PPGR1'!#REF!) | E16: =IF('Formulario PPGR3'!$G16="","",'Formulario PPGR1'!#REF!) | F16: =IF('Formulario PPGR3'!$G16="","",'Formulario PPGR1'!#REF!) | H16: {=IF(Tabla1[[#This Row],[Código_Actividad]]="","",_xlfn.XLOOKUP(Tabla1[[#This Row],[Código_Actividad]],CodigoActividad,Tabla2[Actividades Programables Presupuestables],"",0))} | I16: =IFERROR(VLOOKUP('Formulario PPGR3'!$G16,'Formulario PPGR2'!$H$110:$V$265,15,FALSE),"") | K16: =IF(Tabla1[[#This Row],[Insumos]]="","",_xlfn.XLOOKUP(Tabla1[[#This Row],[Insumos]],Tabla10[Insumo],Tabla10[InsumoAbrev],"",0)) | M16: =IF(Tabla1[[#This Row],[Descripción]]="","",_xlfn.XLOOKUP(Tabla1[[#This Row],[Descripción]],Tabla10[Descripción],Tabla10[Unidad de Medida],"",0)) | O16: =IF(Tabla1[[#This Row],[Descripción]]="","",_xlfn.XLOOKUP(Tabla1[[#This Row],[Descripción]],Tabla10[Descripción],Tabla10[Precio Unitario],0)) | P16: =IF(Tabla1[[#This Row],[Cantidad de Insumos]]="","",Tabla1[[#This Row],[Precio Unitario]]*Tabla1[[#This Row],[Cantidad de Insumos]]) | Q16: =IF(Tabla1[[#This Row],[Descripción]]="","",_xlfn.XLOOKUP(Tabla1[[#This Row],[Descripción]],Tabla10[Descripción],Tabla10[CODIGO PRESUPUESTARIO],0))
B17: =IF('Formulario PPGR3'!$G17="","",CONCATENATE('Formulario PPGR3'!$C17,".",'Formulario PPGR3'!$D17,".",'Formulario PPGR3'!$E17,".",'Formulario PPGR3'!$F17)) | C17: =IF('Formulario PPGR3'!$G17="","",'Formulario PPGR1'!#REF!) | D17: =IF('Formulario PPGR3'!$G17="","",'Formulario PPGR1'!#REF!) | E17: =IF('Formulario PPGR3'!$G17="","",'Formulario PPGR1'!#REF!) | F17: =IF('Formulario PPGR3'!$G17="","",'Formulario PPGR1'!#REF!) | H17: {=IF(Tabla1[[#This Row],[Código_Actividad]]="","",_xlfn.XLOOKUP(Tabla1[[#This Row],[Código_Actividad]],CodigoActividad,Tabla2[Actividades Programables Presupuestables],"",0))} | I17: =IFERROR(VLOOKUP('Formulario PPGR3'!$G17,'Formulario PPGR2'!$H$110:$V$265,15,FALSE),"") | K17: =IF(Tabla1[[#This Row],[Insumos]]="","",_xlfn.XLOOKUP(Tabla1[[#This Row],[Insumos]],Tabla10[Insumo],Tabla10[InsumoAbrev],"",0)) | M17: =IF(Tabla1[[#This Row],[Descripción]]="","",_xlfn.XLOOKUP(Tabla1[[#This Row],[Descripción]],Tabla10[Descripción],Tabla10[Unidad de Medida],"",0)) | O17: =IF(Tabla1[[#This Row],[Descripción]]="","",_xlfn.XLOOKUP(Tabla1[[#This Row],[Descripción]],Tabla10[Descripción],Tabla10[Precio Unitario],0)) | P17: =IF(Tabla1[[#This Row],[Cantidad de Insumos]]="","",Tabla1[[#This Row],[Precio Unitario]]*Tabla1[[#This Row],[Cantidad de Insumos]]) | Q17: =IF(Tabla1[[#This Row],[Descripción]]="","",_xlfn.XLOOKUP(Tabla1[[#This Row],[Descripción]],Tabla10[Descripción],Tabla10[CODIGO PRESUPUESTARIO],0))
B18: =IF('Formulario PPGR3'!$G18="","",CONCATENATE('Formulario PPGR3'!$C18,".",'Formulario PPGR3'!$D18,".",'Formulario PPGR3'!$E18,".",'Formulario PPGR3'!$F18)) | C18: =IF('Formulario PPGR3'!$G18="","",'Formulario PPGR1'!#REF!) | D18: =IF('Formulario PPGR3'!$G18="","",'Formulario PPGR1'!#REF!) | E18: =IF('Formulario PPGR3'!$G18="","",'Formulario PPGR1'!#REF!) | F18: =IF('Formulario PPGR3'!$G18="","",'Formulario PPGR1'!#REF!) | H18: {=IF(Tabla1[[#This Row],[Código_Actividad]]="","",_xlfn.XLOOKUP(Tabla1[[#This Row],[Código_Actividad]],CodigoActividad,Tabla2[Actividades Programables Presupuestables],"",0))} | I18: =IFERROR(VLOOKUP('Formulario PPGR3'!$G18,'Formulario PPGR2'!$H$110:$V$265,15,FALSE),"") | K18: =IF(Tabla1[[#This Row],[Insumos]]="","",_xlfn.XLOOKUP(Tabla1[[#This Row],[Insumos]],Tabla10[Insumo],Tabla10[InsumoAbrev],"",0)) | M18: =IF(Tabla1[[#This Row],[Descripción]]="","",_xlfn.XLOOKUP(Tabla1[[#This Row],[Descripción]],Tabla10[Descripción],Tabla10[Unidad de Medida],"",0)) | O18: =IF(Tabla1[[#This Row],[Descripción]]="","",_xlfn.XLOOKUP(Tabla1[[#This Row],[Descripción]],Tabla10[Descripción],Tabla10[Precio Unitario],0)) | P18: =IF(Tabla1[[#This Row],[Cantidad de Insumos]]="","",Tabla1[[#This Row],[Precio Unitario]]*Tabla1[[#This Row],[Cantidad de Insumos]]) | Q18: =IF(Tabla1[[#This Row],[Descripción]]="","",_xlfn.XLOOKUP(Tabla1[[#This Row],[Descripción]],Tabla10[Descripción],Tabla10[CODIGO PRESUPUESTARIO],0))
B19: =IF('Formulario PPGR3'!$G19="","",CONCATENATE('Formulario PPGR3'!$C19,".",'Formulario PPGR3'!$D19,".",'Formulario PPGR3'!$E19,".",'Formulario PPGR3'!$F19)) | C19: =IF('Formulario PPGR3'!$G19="","",'Formulario PPGR1'!#REF!) | D19: =IF('Formulario PPGR3'!$G19="","",'Formulario PPGR1'!#REF!) | E19: =IF('Formulario PPGR3'!$G19="","",'Formulario PPGR1'!#REF!) | F19: =IF('Formulario PPGR3'!$G19="","",'Formulario PPGR1'!#REF!) | H19: {=IF(Tabla1[[#This Row],[Código_Actividad]]="","",_xlfn.XLOOKUP(Tabla1[[#This Row],[Código_Actividad]],CodigoActividad,Tabla2[Actividades Programables Presupuestables],"",0))} | I19: =IFERROR(VLOOKUP('Formulario PPGR3'!$G19,'Formulario PPGR2'!$H$110:$V$265,15,FALSE),"") | K19: =IF(Tabla1[[#This Row],[Insumos]]="","",_xlfn.XLOOKUP(Tabla1[[#This Row],[Insumos]],Tabla10[Insumo],Tabla10[InsumoAbrev],"",0)) | M19: =IF(Tabla1[[#This Row],[Descripción]]="","",_xlfn.XLOOKUP(Tabla1[[#This Row],[Descripción]],Tabla10[Descripción],Tabla10[Unidad de Medida],"",0)) | O19: =IF(Tabla1[[#This Row],[Descripción]]="","",_xlfn.XLOOKUP(Tabla1[[#This Row],[Descripción]],Tabla10[Descripción],Tabla10[Precio Unitario],0)) | P19: =IF(Tabla1[[#This Row],[Cantidad de Insumos]]="","",Tabla1[[#This Row],[Precio Unitario]]*Tabla1[[#This Row],[Cantidad de Insumos]]) | Q19: =IF(Tabla1[[#This Row],[Descripción]]="","",_xlfn.XLOOKUP(Tabla1[[#This Row],[Descripción]],Tabla10[Descripción],Tabla10[CODIGO PRESUPUESTARIO],0))
B20: =IF('Formulario PPGR3'!$G20="","",CONCATENATE('Formulario PPGR3'!$C20,".",'Formulario PPGR3'!$D20,".",'Formulario PPGR3'!$E20,".",'Formulario PPGR3'!$F20)) | C20: =IF('Formulario PPGR3'!$G20="","",'Formulario PPGR1'!#REF!) | D20: =IF('Formulario PPGR3'!$G20="","",'Formulario PPGR1'!#REF!) | E20: =IF('Formulario PPGR3'!$G20="","",'Formulario PPGR1'!#REF!) | F20: =IF('Formulario PPGR3'!$G20="","",'Formulario PPGR1'!#REF!) | H20: {=IF(Tabla1[[#This Row],[Código_Actividad]]="","",_xlfn.XLOOKUP(Tabla1[[#This Row],[Código_Actividad]],CodigoActividad,Tabla2[Actividades Programables Presupuestables],"",0))} | I20: =IFERROR(VLOOKUP('Formulario PPGR3'!$G20,'Formulario PPGR2'!$H$110:$V$265,15,FALSE),"") | K20: =IF(Tabla1[[#This Row],[Insumos]]="","",_xlfn.XLOOKUP(Tabla1[[#This Row],[Insumos]],Tabla10[Insumo],Tabla10[InsumoAbrev],"",0)) | M20: =IF(Tabla1[[#This Row],[Descripción]]="","",_xlfn.XLOOKUP(Tabla1[[#This Row],[Descripción]],Tabla10[Descripción],Tabla10[Unidad de Medida],"",0)) | O20: =IF(Tabla1[[#This Row],[Descripción]]="","",_xlfn.XLOOKUP(Tabla1[[#This Row],[Descripción]],Tabla10[Descripción],Tabla10[Precio Unitario],0)) | P20: =IF(Tabla1[[#This Row],[Cantidad de Insumos]]="","",Tabla1[[#This Row],[Precio Unitario]]*Tabla1[[#This Row],[Cantidad de Insumos]]) | Q20: =IF(Tabla1[[#This Row],[Descripción]]="","",_xlfn.XLOOKUP(Tabla1[[#This Row],[Descripción]],Tabla10[Descripción],Tabla10[CODIGO PRESUPUESTARIO],0))
B21: =IF('Formulario PPGR3'!$G21="","",CONCATENATE('Formulario PPGR3'!$C21,".",'Formulario PPGR3'!$D21,".",'Formulario PPGR3'!$E21,".",'Formulario PPGR3'!$F21)) | C21: =IF('Formulario PPGR3'!$G21="","",'Formulario PPGR1'!#REF!) | D21: =IF('Formulario PPGR3'!$G21="","",'Formulario PPGR1'!#REF!) | E21: =IF('Formulario PPGR3'!$G21="","",'Formulario PPGR1'!#REF!) | F21: =IF('Formulario PPGR3'!$G21="","",'Formulario PPGR1'!#REF!) | H21: {=IF(Tabla1[[#This Row],[Código_Actividad]]="","",_xlfn.XLOOKUP(Tabla1[[#This Row],[Código_Actividad]],CodigoActividad,Tabla2[Actividades Programables Presupuestables],"",0))} | I21: =IFERROR(VLOOKUP('Formulario PPGR3'!$G21,'Formulario PPGR2'!$H$110:$V$265,15,FALSE),"") | K21: =IF(Tabla1[[#This Row],[Insumos]]="","",_xlfn.XLOOKUP(Tabla1[[#This Row],[Insumos]],Tabla10[Insumo],Tabla10[InsumoAbrev],"",0)) | M21: =IF(Tabla1[[#This Row],[Descripción]]="","",_xlfn.XLOOKUP(Tabla1[[#This Row],[Descripción]],Tabla10[Descripción],Tabla10[Unidad de Medida],"",0)) | O21: =IF(Tabla1[[#This Row],[Descripción]]="","",_xlfn.XLOOKUP(Tabla1[[#This Row],[Descripción]],Tabla10[Descripción],Tabla10[Precio Unitario],0)) | P21: =IF(Tabla1[[#This Row],[Cantidad de Insumos]]="","",Tabla1[[#This Row],[Precio Unitario]]*Tabla1[[#This Row],[Cantidad de Insumos]]) | Q21: =IF(Tabla1[[#This Row],[Descripción]]="","",_xlfn.XLOOKUP(Tabla1[[#This Row],[Descripción]],Tabla10[Descripción],Tabla10[CODIGO PRESUPUESTARIO],0))
... B1684: =IF('Formulario PPGR3'!$G1684="","",CONCATENATE('Formulario PPGR3'!$C1684,".",'Formulario PPGR3'!$D1684,".",'Formulario PPGR3'!$E1684,".",'Formulario PPGR3'!$F1684)) | C1684: =IF('Formulario PPGR3'!$G1684="","",'Formulario PPGR1'!#REF!) | D1684: =IF('Formulario PPGR3'!$G1684="","",'Formulario PPGR1'!#REF!) | E1684: =IF('Formulario PPGR3'!$G1684="","",'Formulario PPGR1'!#REF!) | F1684: =IF('Formulario PPGR3'!$G1684="","",'Formulario PPGR1'!#REF!) | H1684: {=IF(Tabla1[[#This Row],[Código_Actividad]]="","",_xlfn.XLOOKUP(Tabla1[[#This Row],[Código_Actividad]],CodigoActividad,Tabla2[Actividades Programables Presupuestables],"",0))} | I1684: =IFERROR(VLOOKUP('Formulario PPGR3'!$G1684,'Formulario PPGR2'!$H$110:$V$265,15,FALSE),"") | K1684: =IF(Tabla1[[#This Row],[Insumos]]="","",_xlfn.XLOOKUP(Tabla1[[#This Row],[Insumos]],Tabla10[Insumo],Tabla10[InsumoAbrev],"",0)) | M1684: =IF(Tabla1[[#This Row],[Descripción]]="","",_xlfn.XLOOKUP(Tabla1[[#This Row],[Descripción]],Tabla10[Descripción],Tabla10[Unidad de Medida],"",0)) | O1684: =IF(Tabla1[[#This Row],[Descripción]]="","",_xlfn.XLOOKUP(Tabla1[[#This Row],[Descripción]],Tabla10[Descripción],Tabla10[Precio Unitario],0)) | P1684: =IF(Tabla1[[#This Row],[Cantidad de Insumos]]="","",Tabla1[[#This Row],[Precio Unitario]]*Tabla1[[#This Row],[Cantidad de Insumos]]) | Q1684: =IF(Tabla1[[#This Row],[Descripción]]="","",_xlfn.XLOOKUP(Tabla1[[#This Row],[Descripción]],Tabla10[Descripción],Tabla10[CODIGO PRESUPUESTARIO],0))

Sheet Formulario PPGR4
H2: ='Formulario PPGR1'!G2 -> Servicio Nacional de Salud
H3: ='Formulario PPGR1'!G3 -> Dirección de Planificación y Desarrollo
H4: ='Formulario PPGR1'!G4 -> Plan Operativo Anual
H5: Identificacion de necesidades de infraestructuras
H6: ='Formulario PPGR1'!$M$3 -> SNS - Dirección Central
B8: ID_Dependendencia | C8: POA | D8: SRS | E8: AREA | F8: TIPO | G8: Tipo de Intervención | H8: Tipo EESS | I8: Nombre de establecimiento | J8: Provincia | K8: ListaProvincia | L8: Municipio | M8: Unidad de Medida | N8: Monto Estimado | O8: Código Presupuestario | P8: Fuente de Financiamiento
B9: =IF('Formulario PPGR4'!$G9="","",CONCATENATE('Formulario PPGR4'!$C9,".",'Formulario PPGR4'!$D9,".",'Formulario PPGR4'!$E9,".",'Formulario PPGR4'!$F9)) | C9: =IF('Formulario PPGR4'!$G9="","",'Formulario PPGR1'!#REF!) | D9: =IF('Formulario PPGR4'!$G9="","",'Formulario PPGR1'!#REF!) | E9: =IF('Formulario PPGR4'!$G9="","",'Formulario PPGR1'!#REF!) | F9: =IF('Formulario PPGR4'!$G9="","",'Formulario PPGR1'!#REF!) | K9: =IFERROR(VLOOKUP('Formulario PPGR4'!$J9,Prov!$A$2:$B$156,2,FALSE),"") | O9: =IFERROR(VLOOKUP($G9,Catalogo!$G$20:$H$25,2,FALSE),"")
B10: =IF('Formulario PPGR4'!$G10="","",CONCATENATE('Formulario PPGR4'!$C10,".",'Formulario PPGR4'!$D10,".",'Formulario PPGR4'!$E10,".",'Formulario PPGR4'!$F10)) | C10: =IF('Formulario PPGR4'!$G10="","",'Formulario PPGR1'!#REF!) | D10: =IF('Formulario PPGR4'!$G10="","",'Formulario PPGR1'!#REF!) | E10: =IF('Formulario PPGR4'!$G10="","",'Formulario PPGR1'!#REF!) | F10: =IF('Formulario PPGR4'!$G10="","",'Formulario PPGR1'!#REF!) | K10: =IFERROR(VLOOKUP('Formulario PPGR4'!$J10,Prov!$A$2:$B$156,2,FALSE),"") | O10: =IFERROR(VLOOKUP($G10,Catalogo!$G$20:$H$25,2,FALSE),"")
B11: =IF('Formulario PPGR4'!$G11="","",CONCATENATE('Formulario PPGR4'!$C11,".",'Formulario PPGR4'!$D11,".",'Formulario PPGR4'!$E11,".",'Formulario PPGR4'!$F11)) | C11: =IF('Formulario PPGR4'!$G11="","",'Formulario PPGR1'!#REF!) | D11: =IF('Formulario PPGR4'!$G11="","",'Formulario PPGR1'!#REF!) | E11: =IF('Formulario PPGR4'!$G11="","",'Formulario PPGR1'!#REF!) | F11: =IF('Formulario PPGR4'!$G11="","",'Formulario PPGR1'!#REF!) | K11: =IFERROR(VLOOKUP('Formulario PPGR4'!$J11,Prov!$A$2:$B$156,2,FALSE),"") | O11: =IFERROR(VLOOKUP($G11,Catalogo!$G$20:$H$25,2,FALSE),"")
B12: =IF('Formulario PPGR4'!$G12="","",CONCATENATE('Formulario PPGR4'!$C12,".",'Formulario PPGR4'!$D12,".",'Formulario PPGR4'!$E12,".",'Formulario PPGR4'!$F12)) | C12: =IF('Formulario PPGR4'!$G12="","",'Formulario PPGR1'!#REF!) | D12: =IF('Formulario PPGR4'!$G12="","",'Formulario PPGR1'!#REF!) | E12: =IF('Formulario PPGR4'!$G12="","",'Formulario PPGR1'!#REF!) | F12: =IF('Formulario PPGR4'!$G12="","",'Formulario PPGR1'!#REF!) | K12: =IFERROR(VLOOKUP('Formulario PPGR4'!$J12,Prov!$A$2:$B$156,2,FALSE),"") | O12: =IFERROR(VLOOKUP($G12,Catalogo!$G$20:$H$25,2,FALSE),"")
B13: =IF('Formulario PPGR4'!$G13="","",CONCATENATE('Formulario PPGR4'!$C13,".",'Formulario PPGR4'!$D13,".",'Formulario PPGR4'!$E13,".",'Formulario PPGR4'!$F13)) | C13: =IF('Formulario PPGR4'!$G13="","",'Formulario PPGR1'!#REF!) | D13: =IF('Formulario PPGR4'!$G13="","",'Formulario PPGR1'!#REF!) | E13: =IF('Formulario PPGR4'!$G13="","",'Formulario PPGR1'!#REF!) | F13: =IF('Formulario PPGR4'!$G13="","",'Formulario PPGR1'!#REF!) | K13: =IFERROR(VLOOKUP('Formulario PPGR4'!$J13,Prov!$A$2:$B$156,2,FALSE),"") | O13: =IFERROR(VLOOKUP($G13,Catalogo!$G$20:$H$25,2,FALSE),"")
B14: =IF('Formulario PPGR4'!$G14="","",CONCATENATE('Formulario PPGR4'!$C14,".",'Formulario PPGR4'!$D14,".",'Formulario PPGR4'!$E14,".",'Formulario PPGR4'!$F14)) | C14: =IF('Formulario PPGR4'!$G14="","",'Formulario PPGR1'!#REF!) | D14: =IF('Formulario PPGR4'!$G14="","",'Formulario PPGR1'!#REF!) | E14: =IF('Formulario PPGR4'!$G14="","",'Formulario PPGR1'!#REF!) | F14: =IF('Formulario PPGR4'!$G14="","",'Formulario PPGR1'!#REF!) | K14: =IFERROR(VLOOKUP('Formulario PPGR4'!$J14,Prov!$A$2:$B$156,2,FALSE),"") | O14: =IFERROR(VLOOKUP($G14,Catalogo!$G$20:$H$25,2,FALSE),"")
B15: =IF('Formulario PPGR4'!$G15="","",CONCATENATE('Formulario PPGR4'!$C15,".",'Formulario PPGR4'!$D15,".",'Formulario PPGR4'!$E15,".",'Formulario PPGR4'!$F15)) | C15: =IF('Formulario PPGR4'!$G15="","",'Formulario PPGR1'!#REF!) | D15: =IF('Formulario PPGR4'!$G15="","",'Formulario PPGR1'!#REF!) | E15: =IF('Formulario PPGR4'!$G15="","",'Formulario PPGR1'!#REF!) | F15: =IF('Formulario PPGR4'!$G15="","",'Formulario PPGR1'!#REF!) | K15: =IFERROR(VLOOKUP('Formulario PPGR4'!$J15,Prov!$A$2:$B$156,2,FALSE),"") | O15: =IFERROR(VLOOKUP($G15,Catalogo!$G$20:$H$25,2,FALSE),"")
B16: =IF('Formulario PPGR4'!$G16="","",CONCATENATE('Formulario PPGR4'!$C16,".",'Formulario PPGR4'!$D16,".",'Formulario PPGR4'!$E16,".",'Formulario PPGR4'!$F16)) | C16: =IF('Formulario PPGR4'!$G16="","",'Formulario PPGR1'!#REF!) | D16: =IF('Formulario PPGR4'!$G16="","",'Formulario PPGR1'!#REF!) | E16: =IF('Formulario PPGR4'!$G16="","",'Formulario PPGR1'!#REF!) | F16: =IF('Formulario PPGR4'!$G16="","",'Formulario PPGR1'!#REF!) | K16: =IFERROR(VLOOKUP('Formulario PPGR4'!$J16,Prov!$A$2:$B$156,2,FALSE),"") | O16: =IFERROR(VLOOKUP($G16,Catalogo!$G$20:$H$25,2,FALSE),"")
B17: =IF('Formulario PPGR4'!$G17="","",CONCATENATE('Formulario PPGR4'!$C17,".",'Formulario PPGR4'!$D17,".",'Formulario PPGR4'!$E17,".",'Formulario PPGR4'!$F17)) | C17: =IF('Formulario PPGR4'!$G17="","",'Formulario PPGR1'!#REF!) | D17: =IF('Formulario PPGR4'!$G17="","",'Formulario PPGR1'!#REF!) | E17: =IF('Formulario PPGR4'!$G17="","",'Formulario PPGR1'!#REF!) | F17: =IF('Formulario PPGR4'!$G17="","",'Formulario PPGR1'!#REF!) | K17: =IFERROR(VLOOKUP('Formulario PPGR4'!$J17,Prov!$A$2:$B$156,2,FALSE),"") | O17: =IFERROR(VLOOKUP($G17,Catalogo!$G$20:$H$25,2,FALSE),"")
B18: =IF('Formulario PPGR4'!$G18="","",CONCATENATE('Formulario PPGR4'!$C18,".",'Formulario PPGR4'!$D18,".",'Formulario PPGR4'!$E18,".",'Formulario PPGR4'!$F18)) | C18: =IF('Formulario PPGR4'!$G18="","",'Formulario PPGR1'!#REF!) | D18: =IF('Formulario PPGR4'!$G18="","",'Formulario PPGR1'!#REF!) | E18: =IF('Formulario PPGR4'!$G18="","",'Formulario PPGR1'!#REF!) | F18: =IF('Formulario PPGR4'!$G18="","",'Formulario PPGR1'!#REF!) | K18: =IFERROR(VLOOKUP('Formulario PPGR4'!$J18,Prov!$A$2:$B$156,2,FALSE),"") | O18: =IFERROR(VLOOKUP($G18,Catalogo!$G$20:$H$25,2,FALSE),"")
B19: =IF('Formulario PPGR4'!$G19="","",CONCATENATE('Formulario PPGR4'!$C19,".",'Formulario PPGR4'!$D19,".",'Formulario PPGR4'!$E19,".",'Formulario PPGR4'!$F19)) | C19: =IF('Formulario PPGR4'!$G19="","",'Formulario PPGR1'!#REF!) | D19: =IF('Formulario PPGR4'!$G19="","",'Formulario PPGR1'!#REF!) | E19: =IF('Formulario PPGR4'!$G19="","",'Formulario PPGR1'!#REF!) | F19: =IF('Formulario PPGR4'!$G19="","",'Formulario PPGR1'!#REF!) | K19: =IFERROR(VLOOKUP('Formulario PPGR4'!$J19,Prov!$A$2:$B$156,2,FALSE),"") | O19: =IFERROR(VLOOKUP($G19,Catalogo!$G$20:$H$25,2,FALSE),"")
B20: =IF('Formulario PPGR4'!$G20="","",CONCATENATE('Formulario PPGR4'!$C20,".",'Formulario PPGR4'!$D20,".",'Formulario PPGR4'!$E20,".",'Formulario PPGR4'!$F20)) | C20: =IF('Formulario PPGR4'!$G20="","",'Formulario PPGR1'!#REF!) | D20: =IF('Formulario PPGR4'!$G20="","",'Formulario PPGR1'!#REF!) | E20: =IF('Formulario PPGR4'!$G20="","",'Formulario PPGR1'!#REF!) | F20: =IF('Formulario PPGR4'!$G20="","",'Formulario PPGR1'!#REF!) | K20: =IFERROR(VLOOKUP('Formulario PPGR4'!$J20,Prov!$A$2:$B$156,2,FALSE),"") | O20: =IFERROR(VLOOKUP($G20,Catalogo!$G$20:$H$25,2,FALSE),"")
... B23: =IF('Formulario PPGR4'!$G23="","",CONCATENATE('Formulario PPGR4'!$C23,".",'Formulario PPGR4'!$D23,".",'Formulario PPGR4'!$E23,".",'Formulario PPGR4'!$F23)) | C23: =IF('Formulario PPGR4'!$G23="","",'Formulario PPGR1'!#REF!) | D23: =IF('Formulario PPGR4'!$G23="","",'Formulario PPGR1'!#REF!) | E23: =IF('Formulario PPGR4'!$G23="","",'Formulario PPGR1'!#REF!) | F23: =IF('Formulario PPGR4'!$G23="","",'Formulario PPGR1'!#REF!) | K23: =IFERROR(VLOOKUP('Formulario PPGR4'!$J23,Prov!$A$2:$B$156,2,FALSE),"") | O23: =IFERROR(VLOOKUP($G23,Catalogo!$G$20:$H$25,2,FALSE),"")
B24: =IF('Formulario PPGR4'!$G24="","",CONCATENATE('Formulario PPGR4'!$C24,".",'Formulario PPGR4'!$D24,".",'Formulario PPGR4'!$E24,".",'Formulario PPGR4'!$F24)) | C24: =IF('Formulario PPGR4'!$G24="","",'Formulario PPGR1'!#REF!) | D24: =IF('Formulario PPGR4'!$G24="","",'Formulario PPGR1'!#REF!) | E24: =IF('Formulario PPGR4'!$G24="","",'Formulario PPGR1'!#REF!) | F24: =IF('Formulario PPGR4'!$G24="","",'Formulario PPGR1'!#REF!) | O24: =IFERROR(VLOOKUP($G24,Catalogo!$G$20:$H$25,2,FALSE),"")
B25: =IF('Formulario PPGR4'!$G25="","",CONCATENATE('Formulario PPGR4'!$C25,".",'Formulario PPGR4'!$D25,".",'Formulario PPGR4'!$E25,".",'Formulario PPGR4'!$F25)) | C25: =IF('Formulario PPGR4'!$G25="","",'Formulario PPGR1'!#REF!) | D25: =IF('Formulario PPGR4'!$G25="","",'Formulario PPGR1'!#REF!) | E25: =IF('Formulario PPGR4'!$G25="","",'Formulario PPGR1'!#REF!) | F25: =IF('Formulario PPGR4'!$G25="","",'Formulario PPGR1'!#REF!) | K25: =IFERROR(VLOOKUP('Formulario PPGR4'!$J25,Prov!$A$2:$B$156,2,FALSE),"") | O25: =IFERROR(VLOOKUP($G25,Catalogo!$G$20:$H$25,2,FALSE),"")
B26: =IF('Formulario PPGR4'!$G26="","",CONCATENATE('Formulario PPGR4'!$C26,".",'Formulario PPGR4'!$D26,".",'Formulario PPGR4'!$E26,".",'Formulario PPGR4'!$F26)) | C26: =IF('Formulario PPGR4'!$G26="","",'Formulario PPGR1'!#REF!) | D26: =IF('Formulario PPGR4'!$G26="","",'Formulario PPGR1'!#REF!) | E26: =IF('Formulario PPGR4'!$G26="","",'Formulario PPGR1'!#REF!) | F26: =IF('Formulario PPGR4'!$G26="","",'Formulario PPGR1'!#REF!) | K26: =IFERROR(VLOOKUP('Formulario PPGR4'!$J26,Prov!$A$2:$B$156,2,FALSE),"")
B27: =IF('Formulario PPGR4'!$G27="","",CONCATENATE('Formulario PPGR4'!$C27,".",'Formulario PPGR4'!$D27,".",'Formulario PPGR4'!$E27,".",'Formulario PPGR4'!$F27)) | C27: =IF('Formulario PPGR4'!$G27="","",'Formulario PPGR1'!#REF!) | D27: =IF('Formulario PPGR4'!$G27="","",'Formulario PPGR1'!#REF!) | E27: =IF('Formulario PPGR4'!$G27="","",'Formulario PPGR1'!#REF!) | F27: =IF('Formulario PPGR4'!$G27="","",'Formulario PPGR1'!#REF!) | K27: =IFERROR(VLOOKUP('Formulario PPGR4'!$J27,Prov!$A$2:$B$156,2,FALSE),"") | O27: =IFERROR(VLOOKUP($G27,Catalogo!$G$20:$H$25,2,FALSE),"")
B28: =IF('Formulario PPGR4'!$G28="","",CONCATENATE('Formulario PPGR4'!$C28,".",'Formulario PPGR4'!$D28,".",'Formulario PPGR4'!$E28,".",'Formulario PPGR4'!$F28)) | C28: =IF('Formulario PPGR4'!$G28="","",'Formulario PPGR1'!#REF!) | D28: =IF('Formulario PPGR4'!$G28="","",'Formulario PPGR1'!#REF!) | E28: =IF('Formulario PPGR4'!$G28="","",'Formulario PPGR1'!#REF!) | F28: =IF('Formulario PPGR4'!$G28="","",'Formulario PPGR1'!#REF!) | K28: =IFERROR(VLOOKUP('Formulario PPGR4'!$J28,Prov!$A$2:$B$156,2,FALSE),"") | O28: =IFERROR(VLOOKUP($G28,Catalogo!$G$20:$H$25,2,FALSE),"")
B29: =IF('Formulario PPGR4'!$G29="","",CONCATENATE('Formulario PPGR4'!$C29,".",'Formulario PPGR4'!$D29,".",'Formulario PPGR4'!$E29,".",'Formulario PPGR4'!$F29)) | C29: =IF('Formulario PPGR4'!$G29="","",'Formulario PPGR1'!#REF!) | D29: =IF('Formulario PPGR4'!$G29="","",'Formulario PPGR1'!#REF!) | E29: =IF('Formulario PPGR4'!$G29="","",'Formulario PPGR1'!#REF!) | F29: =IF('Formulario PPGR4'!$G29="","",'Formulario PPGR1'!#REF!) | K29: =IFERROR(VLOOKUP('Formulario PPGR4'!$J29,Prov!$A$2:$B$156,2,FALSE),"") | O29: =IFERROR(VLOOKUP($G29,Catalogo!$G$20:$H$25,2,FALSE),"")
B30: =IF('Formulario PPGR4'!$G30="","",CONCATENATE('Formulario PPGR4'!$C30,".",'Formulario PPGR4'!$D30,".",'Formulario PPGR4'!$E30,".",'Formulario PPGR4'!$F30)) | C30: =IF('Formulario PPGR4'!$G30="","",'Formulario PPGR1'!#REF!) | D30: =IF('Formulario PPGR4'!$G30="","",'Formulario PPGR1'!#REF!) | E30: =IF('Formulario PPGR4'!$G30="","",'Formulario PPGR1'!#REF!) | F30: =IF('Formulario PPGR4'!$G30="","",'Formulario PPGR1'!#REF!) | K30: =IFERROR(VLOOKUP('Formulario PPGR4'!$J30,Prov!$A$2:$B$156,2,FALSE),"") | O30: =IFERROR(VLOOKUP($G30,Catalogo!$G$20:$H$25,2,FALSE),"")
B31: =IF('Formulario PPGR4'!$G31="","",CONCATENATE('Formulario PPGR4'!$C31,".",'Formulario PPGR4'!$D31,".",'Formulario PPGR4'!$E31,".",'Formulario PPGR4'!$F31)) | C31: =IF('Formulario PPGR4'!$G31="","",'Formulario PPGR1'!#REF!) | D31: =IF('Formulario PPGR4'!$G31="","",'Formulario PPGR1'!#REF!) | E31: =IF('Formulario PPGR4'!$G31="","",'Formulario PPGR1'!#REF!) | F31: =IF('Formulario PPGR4'!$G31="","",'Formulario PPGR1'!#REF!) | K31: =IFERROR(VLOOKUP('Formulario PPGR4'!$J31,Prov!$A$2:$B$156,2,FALSE),"") | O31: =IFERROR(VLOOKUP(#REF!,Catalogo!$G$20:$H$25,2,FALSE),"")
B32: =IF('Formulario PPGR4'!$G32="","",CONCATENATE('Formulario PPGR4'!$C32,".",'Formulario PPGR4'!$D32,".",'Formulario PPGR4'!$E32,".",'Formulario PPGR4'!$F32)) | C32: =IF('Formulario PPGR4'!$G32="","",'Formulario PPGR1'!#REF!) | D32: =IF('Formulario PPGR4'!$G32="","",'Formulario PPGR1'!#REF!) | E32: =IF('Formulario PPGR4'!$G32="","",'Formulario PPGR1'!#REF!) | F32: =IF('Formulario PPGR4'!$G32="","",'Formulario PPGR1'!#REF!) | K32: =IFERROR(VLOOKUP('Formulario PPGR4'!$J32,Prov!$A$2:$B$156,2,FALSE),"") | O32: =IFERROR(VLOOKUP($G31,Catalogo!$G$20:$H$25,2,FALSE),"")
B33: =IF('Formulario PPGR4'!$G33="","",CONCATENATE('Formulario PPGR4'!$C33,".",'Formulario PPGR4'!$D33,".",'Formulario PPGR4'!$E33,".",'Formulario PPGR4'!$F33)) | C33: =IF('Formulario PPGR4'!$G33="","",'Formulario PPGR1'!#REF!) | D33: =IF('Formulario PPGR4'!$G33="","",'Formulario PPGR1'!#REF!) | E33: =IF('Formulario PPGR4'!$G33="","",'Formulario PPGR1'!#REF!) | F33: =IF('Formulario PPGR4'!$G33="","",'Formulario PPGR1'!#REF!) | K33: =IFERROR(VLOOKUP('Formulario PPGR4'!$J33,Prov!$A$2:$B$156,2,FALSE),"") | O33: =IFERROR(VLOOKUP($G33,Catalogo!$G$20:$H$25,2,FALSE),"")
B34: =IF('Formulario PPGR4'!$G34="","",CONCATENATE('Formulario PPGR4'!$C34,".",'Formulario PPGR4'!$D34,".",'Formulario PPGR4'!$E34,".",'Formulario PPGR4'!$F34)) | C34: =IF('Formulario PPGR4'!$G34="","",'Formulario PPGR1'!#REF!) | D34: =IF('Formulario PPGR4'!$G34="","",'Formulario PPGR1'!#REF!) | E34: =IF('Formulario PPGR4'!$G34="","",'Formulario PPGR1'!#REF!) | F34: =IF('Formulario PPGR4'!$G34="","",'Formulario PPGR1'!#REF!) | K34: =IFERROR(VLOOKUP('Formulario PPGR4'!$J34,Prov!$A$2:$B$156,2,FALSE),"") | O34: =IFERROR(VLOOKUP($G34,Catalogo!$G$20:$H$25,2,FALSE),"")
B35: =IF('Formulario PPGR4'!$G35="","",CONCATENATE('Formulario PPGR4'!$C35,".",'Formulario PPGR4'!$D35,".",'Formulario PPGR4'!$E35,".",'Formulario PPGR4'!$F35)) | C35: =IF('Formulario PPGR4'!$G35="","",'Formulario PPGR1'!#REF!) | D35: =IF('Formulario PPGR4'!$G35="","",'Formulario PPGR1'!#REF!) | E35: =IF('Formulario PPGR4'!$G35="","",'Formulario PPGR1'!#REF!) | F35: =IF('Formulario PPGR4'!$G35="","",'Formulario PPGR1'!#REF!) | K35: =IFERROR(VLOOKUP('Formulario PPGR4'!$J35,Prov!$A$2:$B$156,2,FALSE),"") | O35: =IFERROR(VLOOKUP($G35,Catalogo!$G$20:$H$25,2,FALSE),"")
B36: =IF('Formulario PPGR4'!$G36="","",CONCATENATE('Formulario PPGR4'!$C36,".",'Formulario PPGR4'!$D36,".",'Formulario PPGR4'!$E36,".",'Formulario PPGR4'!$F36)) | C36: =IF('Formulario PPGR4'!$G36="","",'Formulario PPGR1'!#REF!) | D36: =IF('Formulario PPGR4'!$G36="","",'Formulario PPGR1'!#REF!) | E36: =IF('Formulario PPGR4'!$G36="","",'Formulario PPGR1'!#REF!) | F36: =IF('Formulario PPGR4'!$G36="","",'Formulario PPGR1'!#REF!) | K36: =IFERROR(VLOOKUP('Formulario PPGR4'!$J36,Prov!$A$2:$B$156,2,FALSE),"") | O36: =IFERROR(VLOOKUP($G36,Catalogo!$G$20:$H$25,2,FALSE),"")
B37: =IF('Formulario PPGR4'!$G37="","",CONCATENATE('Formulario PPGR4'!$C37,".",'Formulario PPGR4'!$D37,".",'Formulario PPGR4'!$E37,".",'Formulario PPGR4'!$F37)) | C37: =IF('Formulario PPGR4'!$G37="","",'Formulario PPGR1'!#REF!) | D37: =IF('Formulario PPGR4'!$G37="","",'Formulario PPGR1'!#REF!) | E37: =IF('Formulario PPGR4'!$G37="","",'Formulario PPGR1'!#REF!) | F37: =IF('Formulario PPGR4'!$G37="","",'Formulario PPGR1'!#REF!) | K37: =IFERROR(VLOOKUP('Formulario PPGR4'!$J37,Prov!$A$2:$B$156,2,FALSE),"") | O37: =IFERROR(VLOOKUP($G37,Catalogo!$G$20:$H$25,2,FALSE),"")

Sheet Formulario PPGR5
H2: ='Formulario PPGR1'!G2 -> Servicio Nacional de Salud
H3: ='Formulario PPGR1'!G3 -> Dirección de Planificación y Desarrollo
H4: ='Formulario PPGR1'!G4 -> Plan Operativo Anual
H5: Identificación de necesidades de equipos
H6: ='Formulario PPGR1'!$M$3 -> SNS - Dirección Central
B8: ID_Dependendencia | C8: POA | D8: SRS | E8: AREA | F8: TIPO | G8: Tipos de Acciones | H8: Tipo de Equipo | I8: InsumoAbrev | J8: Item | K8: Descripción | L8: Tipo EESS | M8: Nombre de establecimiento | N8: Provincia | O8: ListaProvincia | P8: Municipio | Q8: Unidad de Medida | R8: Cantidad de Insumos | S8: Precio Unitario | T8: Valor Total Estimado | U8: Código Presupuestario | V8: Fuente de Financiamiento | W8: Columna1
B9: =IF('Formulario PPGR5'!$G9="","",CONCATENATE('Formulario PPGR5'!$C9,".",'Formulario PPGR5'!$D9,".",'Formulario PPGR5'!$E9,".",'Formulario PPGR5'!$F9)) | C9: =IF('Formulario PPGR5'!$G9="","",'Formulario PPGR1'!#REF!) | D9: =IF('Formulario PPGR5'!$G9="","",'Formulario PPGR1'!#REF!) | E9: =IF('Formulario PPGR5'!$G9="","",'Formulario PPGR1'!#REF!) | F9: =IF('Formulario PPGR5'!$G9="","",'Formulario PPGR1'!#REF!)
B10: =IF('Formulario PPGR5'!$G10="","",CONCATENATE('Formulario PPGR5'!$C10,".",'Formulario PPGR5'!$D10,".",'Formulario PPGR5'!$E10,".",'Formulario PPGR5'!$F10)) | C10: =IF('Formulario PPGR5'!$G10="","",'Formulario PPGR1'!#REF!) | D10: =IF('Formulario PPGR5'!$G10="","",'Formulario PPGR1'!#REF!) | E10: =IF('Formulario PPGR5'!$G10="","",'Formulario PPGR1'!#REF!) | F10: =IF('Formulario PPGR5'!$G10="","",'Formulario PPGR1'!#REF!)
B11: =IF('Formulario PPGR5'!$G11="","",CONCATENATE('Formulario PPGR5'!$C11,".",'Formulario PPGR5'!$D11,".",'Formulario PPGR5'!$E11,".",'Formulario PPGR5'!$F11)) | C11: =IF('Formulario PPGR5'!$G11="","",'Formulario PPGR1'!#REF!) | D11: =IF('Formulario PPGR5'!$G11="","",'Formulario PPGR1'!#REF!) | E11: =IF('Formulario PPGR5'!$G11="","",'Formulario PPGR1'!#REF!) | F11: =IF('Formulario PPGR5'!$G11="","",'Formulario PPGR1'!#REF!)
B12: =IF('Formulario PPGR5'!$G12="","",CONCATENATE('Formulario PPGR5'!$C12,".",'Formulario PPGR5'!$D12,".",'Formulario PPGR5'!$E12,".",'Formulario PPGR5'!$F12)) | C12: =IF('Formulario PPGR5'!$G12="","",'Formulario PPGR1'!#REF!) | D12: =IF('Formulario PPGR5'!$G12="","",'Formulario PPGR1'!#REF!) | E12: =IF('Formulario PPGR5'!$G12="","",'Formulario PPGR1'!#REF!) | F12: =IF('Formulario PPGR5'!$G12="","",'Formulario PPGR1'!#REF!)
B13: =IF('Formulario PPGR5'!$G13="","",CONCATENATE('Formulario PPGR5'!$C13,".",'Formulario PPGR5'!$D13,".",'Formulario PPGR5'!$E13,".",'Formulario PPGR5'!$F13)) | C13: =IF('Formulario PPGR5'!$G13="","",'Formulario PPGR1'!#REF!) | D13: =IF('Formulario PPGR5'!$G13="","",'Formulario PPGR1'!#REF!) | E13: =IF('Formulario PPGR5'!$G13="","",'Formulario PPGR1'!#REF!) | F13: =IF('Formulario PPGR5'!$G13="","",'Formulario PPGR1'!#REF!)
B14: =IF('Formulario PPGR5'!$G14="","",CONCATENATE('Formulario PPGR5'!$C14,".",'Formulario PPGR5'!$D14,".",'Formulario PPGR5'!$E14,".",'Formulario PPGR5'!$F14)) | C14: =IF('Formulario PPGR5'!$G14="","",'Formulario PPGR1'!#REF!) | D14: =IF('Formulario PPGR5'!$G14="","",'Formulario PPGR1'!#REF!) | E14: =IF('Formulario PPGR5'!$G14="","",'Formulario PPGR1'!#REF!) | F14: =IF('Formulario PPGR5'!$G14="","",'Formulario PPGR1'!#REF!)
B15: =IF('Formulario PPGR5'!$G15="","",CONCATENATE('Formulario PPGR5'!$C15,".",'Formulario PPGR5'!$D15,".",'Formulario PPGR5'!$E15,".",'Formulario PPGR5'!$F15)) | C15: =IF('Formulario PPGR5'!$G15="","",'Formulario PPGR1'!#REF!) | D15: =IF('Formulario PPGR5'!$G15="","",'Formulario PPGR1'!#REF!) | E15: =IF('Formulario PPGR5'!$G15="","",'Formulario PPGR1'!#REF!) | F15: =IF('Formulario PPGR5'!$G15="","",'Formulario PPGR1'!#REF!)
B16: =IF('Formulario PPGR5'!$G16="","",CONCATENATE('Formulario PPGR5'!$C16,".",'Formulario PPGR5'!$D16,".",'Formulario PPGR5'!$E16,".",'Formulario PPGR5'!$F16)) | C16: =IF('Formulario PPGR5'!$G16="","",'Formulario PPGR1'!#REF!) | D16: =IF('Formulario PPGR5'!$G16="","",'Formulario PPGR1'!#REF!) | E16: =IF('Formulario PPGR5'!$G16="","",'Formulario PPGR1'!#REF!) | F16: =IF('Formulario PPGR5'!$G16="","",'Formulario PPGR1'!#REF!)
B17: =IF('Formulario PPGR5'!$G17="","",CONCATENATE('Formulario PPGR5'!$C17,".",'Formulario PPGR5'!$D17,".",'Formulario PPGR5'!$E17,".",'Formulario PPGR5'!$F17)) | C17: =IF('Formulario PPGR5'!$G17="","",'Formulario PPGR1'!#REF!) | D17: =IF('Formulario PPGR5'!$G17="","",'Formulario PPGR1'!#REF!) | E17: =IF('Formulario PPGR5'!$G17="","",'Formulario PPGR1'!#REF!) | F17: =IF('Formulario PPGR5'!$G17="","",'Formulario PPGR1'!#REF!)
B18: =IF('Formulario PPGR5'!$G18="","",CONCATENATE('Formulario PPGR5'!$C18,".",'Formulario PPGR5'!$D18,".",'Formulario PPGR5'!$E18,".",'Formulario PPGR5'!$F18)) | C18: =IF('Formulario PPGR5'!$G18="","",'Formulario PPGR1'!#REF!) | D18: =IF('Formulario PPGR5'!$G18="","",'Formulario PPGR1'!#REF!) | E18: =IF('Formulario PPGR5'!$G18="","",'Formulario PPGR1'!#REF!) | F18: =IF('Formulario PPGR5'!$G18="","",'Formulario PPGR1'!#REF!)
B19: =IF('Formulario PPGR5'!$G19="","",CONCATENATE('Formulario PPGR5'!$C19,".",'Formulario PPGR5'!$D19,".",'Formulario PPGR5'!$E19,".",'Formulario PPGR5'!$F19)) | C19: =IF('Formulario PPGR5'!$G19="","",'Formulario PPGR1'!#REF!) | D19: =IF('Formulario PPGR5'!$G19="","",'Formulario PPGR1'!#REF!) | E19: =IF('Formulario PPGR5'!$G19="","",'Formulario PPGR1'!#REF!) | F19: =IF('Formulario PPGR5'!$G19="","",'Formulario PPGR1'!#REF!)
B20: =IF('Formulario PPGR5'!$G20="","",CONCATENATE('Formulario PPGR5'!$C20,".",'Formulario PPGR5'!$D20,".",'Formulario PPGR5'!$E20,".",'Formulario PPGR5'!$F20)) | C20: =IF('Formulario PPGR5'!$G20="","",'Formulario PPGR1'!#REF!) | D20: =IF('Formulario PPGR5'!$G20="","",'Formulario PPGR1'!#REF!) | E20: =IF('Formulario PPGR5'!$G20="","",'Formulario PPGR1'!#REF!) | F20: =IF('Formulario PPGR5'!$G20="","",'Formulario PPGR1'!#REF!)
... B66: =IF('Formulario PPGR5'!$G66="","",CONCATENATE('Formulario PPGR5'!$C66,".",'Formulario PPGR5'!$D66,".",'Formulario PPGR5'!$E66,".",'Formulario PPGR5'!$F66)) | C66: =IF('Formulario PPGR5'!$G66="","",'Formulario PPGR1'!#REF!) | D66: =IF('Formulario PPGR5'!$G66="","",'Formulario PPGR1'!#REF!) | E66: =IF('Formulario PPGR5'!$G66="","",'Formulario PPGR1'!#REF!) | F66: =IF('Formulario PPGR5'!$G66="","",'Formulario PPGR1'!#REF!)

Sheet Formulario PPGR6
E2: ='Formulario PPGR1'!G2 -> Servicio Nacional de Salud
E3: ='Formulario PPGR1'!G3 -> Dirección de Planificación y Desarrollo
E4: ='Formulario PPGR1'!G4 -> Plan Operativo Anual
E5: Estimación de ingresos por cuentas
E6: ='Formulario PPGR1'!$M$3 -> SNS - Dirección Central
A8: Grupo | B8: Subgrupo | C8: Cuenta | D8: Auxiliar | E8: Descripción Ingresos por Cuenta | F8: Valor RD$ | G8: %
A9: 3 | E9: Donaciones | F9: =+F10 -> 0 | G9: =G10 -> 0
B10: 31 | E10: Donaciones Corrientes | F10: =SUM(F11:F11) -> 0 | G10: =G11 -> 0
C11: 312 | E11: Donaciones corrientes de organismos internacionales | F11: 0 | G11: =IFERROR(F11/$F$31*100,"0.00") -> 0
A12: 4 | E12: Transferencias | F12: =+F13+F19 -> 2.6025094e+09 | G12: =G13+G19 -> 96.061635
B13: 41 | E13: Transferencias Corrientes | F13: =SUM(F15:F18) -> 2.6025094e+09 | G13: =SUM(G15:G18) -> 96.061635
C14: 413 | E14: Transferencias Corrientes Recibidas de Instituciones Públicas Descentralizas y Autonomas No Financieras | F14: =SUM(F16:F19) -> 62797506 | G14: =SUM(G16:G19) -> 2.3179287
C15: 413 | D15: ´01 | E15: Aportes SNS Nomina | F15: 2.5397119e+09 | G15: =IFERROR(F15/$F$31*100,"0.00") -> 93.743707
C16: 413 | D16: ´02 | E16: Anticipos Financieros | F16: 17457335 | G16: =IFERROR(F16/$F$31*100,"0.00") -> 0.64437046
C17: 413 | D17: ´03 | E17: Aportes SNS Medicamentos | F17: 45340170 | G17: =IFERROR(F17/$F$31*100,"0.00") -> 1.6735582
C18: 414 | E18: Transferencias Corrientes Recibidas de Instituciones Públicas de la Seguridad Social | F18: 0 | G18: =IFERROR(F18/$F$31*100,"0.00") -> 0
B19: 42 | E19: Transferencia de Capital | F19: =SUM(F21:F22) -> 0 | G19: =G21+G22 -> 0
C20: 423 | E20: Tranferencia de Capital Recibidas de Instituciones Públicas Descentralizas y Autonomas No Financieras | F20: =+F21+F22 -> 0 | G20: =+G21+G22 -> 0
C21: 423 | D21: ´01 | E21: Aportes SNS Equipamiento | F21: 0 | G21: =IFERROR(F21/$F$31*100,"0.00") -> 0
C22: 423 | D22: ´02 | E22: Aportes para otros gastos de inversión del SNS | F22: 0 | G22: =IFERROR(F22/$F$31*100,"0.00") -> 0
A23: 5 | E23: Ingresos por Contraprestación | F23: =+F24 -> 1.0669849e+08 | G23: =G24 -> 3.9383648
B24: 51 | E24: Venta de Bienes y Servicios | F24: =F25 -> 1.0669849e+08 | G24: =G25 -> 3.9383648
C25: 512 | E25: Venta de Servicios del Estado | F25: =F26 -> 1.0669849e+08 | G25: =G26 -> 3.9383648
C26: 512 | D26: ´99 | E26: Otras ventas de servicios | F26: =+F27+F28+F29+F30 -> 1.0669849e+08 | G26: =+G27+G28+G29+G30 -> 3.9383648
C27: 513 | E27: Venta de Servicios a SENASA por afiliados regimen subsidiado | F27: 0 | G27: =IFERROR(F27/$F$31*100,"0.00") -> 0
C28: 512 | E28: Venta de Servicios a SENASA por afiliados regimen contributivo | F28: 1.0669849e+08 | G28: =IFERROR(F28/$F$31*100,"0.00") -> 3.9383648
C29: 512 | E29: Venta de Servicios a otras ARS por atencion a Regimen contributivo | F29: 0 | G29: =IFERROR(F29/$F$31*100,"0.00") -> 0
C30: 512 | E30: Venta de Servicios a ARL | F30: 0 | G30: =IFERROR(F30/$F$31*100,"0.00") -> 0
E31: Total Ingresos | F31: =+F23+F12+F9 -> 2.7092079e+09 | G31: =+G23+G12+G9 -> 100

Sheet Formulario PPGR7
F2: ='Formulario PPGR1'!G2 -> Servicio Nacional de Salud
F3: ='Formulario PPGR1'!G3 -> Dirección de Planificación y Desarrollo
F4: ='Formulario PPGR1'!G4 -> Plan Operativo Anual
F5: Consolidado del Presupuesto Estimado de Ingresos y Gastos
F6: ='Formulario PPGR1'!$M$3 -> SNS - Dirección Central
A8: Estimación de Ingresos
A9: Anticipos Financieros | G9: 17457335
A10: Venta de Servicios y Otros Ingresos | G10: =+'Formulario PPGR6'!F23 -> 1.0669849e+08
A11: Aportes SNS Nómina | G11: =+'Formulario PPGR6'!F15 -> 2.5397119e+09
A12: Otros Aportes | G12: ='Formulario PPGR6'!F11+'Formulario PPGR6'!F17+'Formulario PPGR6'!F21+'Formulario PPGR6'!F22 -> 45340170
A13: Transferencias Corrientes | G13: =+'Formulario PPGR6'!F18 -> 0
A14: Total Ingresos RD$ | G14: =SUM(G9:G13) -> 2.7092079e+09
A15: Estimación de Gastos
A16: Tipo | B16: Objeto | C16: Cuenta | D16: Sub-Cuenta | E16: Auxiliar | F16: Descripción Gasto por Cuenta | G16: Anticipos Financieros / Transferencias | H16: Venta de Servicios | I16: Nominas | J16: Total RD$ | K16: %
A18: 2 | F18: Egresos | G18: =+G19+G67+G170+G254+G270+G323 -> 17452031 | H18: =+H19+H67+H170+H254+H270+H323 -> 1.2263603e+08 | I18: =+I19+I67+I170+I254+I270+I323 -> 0 | J18: =+J19+J67+J170+J254+J270+J323 -> 1.5353815e+08 | K18: =+K19+K67+K170+K254+K270+K323 -> 95.675281
A19: 2 | B19: 1 | F19: Servicios Personales | G19: =+G20+G42+G54+G58 -> 0 | H19: =+H20+H42+H54+H58 -> 29612729 | I19: =+I20+I42+I54+I58 -> 0 | J19: =+J20+J42+J54+J58 -> 29612729 | K19: =+K20+K42+K54+K58 -> 19.286886
A20: 2 | B20: 1 | C20: 1 | F20: Remuneraciones | G20: =+G21+G26+G33+G35+G37 -> 0 | H20: =+H21+H26+H33+H35+H37 -> 18564554 | I20: =+I21+I26+I33+I35+I37 -> 0 | J20: =+J21+J26+J33+J35+J37 -> 18564554 | K20: =+K21+K26+K33+K35+K37 -> 12.091167
A21: 2 | B21: 1 | C21: 1 | D21: 1 | F21: Remuneraciones al personal fijo | G21: =SUM(G22:G25) -> 0 | H21: =SUM(H22:H25) -> 7558500 | I21: =SUM(I22:I25) -> 0 | J21: =SUM(J22:J25) -> 7558500 | K21: =SUM(K22:K25) -> 4.9228807
A22: 2 | B22: 1 | C22: 1 | D22: 1 | E22: `01 | F22: Sueldos fijos | H22: 7558500 | J22: =SUBTOTAL(9,G22:I22) -> 7558500 | K22: =IFERROR(J22/$J$18*100,"0.00") -> 4.9228807
A23: 2 | B23: 1 | C23: 1 | D23: 1 | E23: `02 | F23: Sueldos a medicos | J23: =SUBTOTAL(9,G23:I23) -> 0 | K23: =IFERROR(J23/$J$18*100,"0.00") -> 0
A24: 2 | B24: 1 | C24: 1 | D24: 1 | E24: `05 | F24: Incentivos y escalafón | J24: =SUBTOTAL(9,G24:I24) -> 0 | K24: =IFERROR(J24/$J$18*100,"0.00") -> 0
A25: 2 | B25: 1 | C25: 1 | D25: 1 | E25: `06 | F25: Nuevas plazas a medicos | J25: =SUBTOTAL(9,G25:I25) -> 0 | K25: =IFERROR(J25/$J$18*100,"0.00") -> 0
A26: 2 | B26: 1 | C26: 1 | D26: 2 | F26: Remuneraciones al personal con carácter transitorio | G26: =SUM(G27:G32) -> 0 | H26: =SUM(H27:H32) -> 10017922 | I26: =SUM(I27:I32) -> 0 | J26: =SUM(J27:J32) -> 10017922 | K26: =SUM(K27:K32) -> 6.5247116
A27: 2 | B27: 1 | C27: 1 | D27: 2 | E27: `03 | F27: Suplencias | J27: =SUBTOTAL(9,G27:I27) -> 0 | K27: =IFERROR(J27/$J$18*100,"0.00") -> 0
A28: 2 | B28: 1 | C28: 1 | D28: 2 | E28: `05 | F28: Sueldo al personal nominal en período probatorio | J28: =SUBTOTAL(9,G28:I28) -> 0 | K28: =IFERROR(J28/$J$18*100,"0.00") -> 0
A29: 2 | B29: 1 | C29: 1 | D29: 2 | E29: `06 | F29: Jornales | H29: 7938921.5 | J29: =SUBTOTAL(9,G29:I29) -> 7938921.5 | K29: =IFERROR(J29/$J$18*100,"0.00") -> 5.1706507
A30: 2 | B30: 1 | C30: 1 | D30: 2 | E30: `08 | F30: Empleados temporales | H30: 2079000 | J30: =SUBTOTAL(9,G30:I30) -> 2079000 | K30: =IFERROR(J30/$J$18*100,"0.00") -> 1.3540609
A31: 2 | B31: 1 | C31: 1 | D31: 2 | E31: `09 | F31: Personal de carácter eventual | J31: =SUBTOTAL(9,G31:I31) -> 0 | K31: =IFERROR(J31/$J$18*100,"0.00") -> 0
A32: 2 | B32: 1 | C32: 1 | D32: 2 | E32: `11 | F32: Interinato | J32: =SUBTOTAL(9,G32:I32) -> 0 | K32: =IFERROR(J32/$J$18*100,"0.00") -> 0
A33: 2 | B33: 1 | C33: 1 | D33: 3 | F33: Sueldos al personal fijo en trámite de pensiones | G33: =G34 -> 0 | H33: =H34 -> 0 | I33: =I34 -> 0 | J33: =J34 -> 0 | K33: =K34 -> 0
A34: 2 | B34: 1 | C34: 1 | D34: 3 | E34: `01 | F34: Sueldos al personal fijo en trámite de pensiones | J34: =SUBTOTAL(9,G34:I34) -> 0 | K34: =IFERROR(J34/$J$18*100,"0.00") -> 0
A35: 2 | B35: 1 | C35: 1 | D35: 4 | F35: Sueldo anual No. 13 | G35: =G36 -> 0 | H35: =H36 -> 798166.61 | I35: =I36 -> 0 | J35: =J36 -> 798166.61 | K35: =K36 -> 0.51984905
A36: 2 | B36: 1 | C36: 1 | D36: 4 | E36: `01 | F36: Sueldo anual No. 13 | H36: 798166.61 | J36: =SUBTOTAL(9,G36:I36) -> 798166.61 | K36: =IFERROR(J36/$J$18*100,"0.00") -> 0.51984905
A37: 2 | B37: 1 | C37: 1 | D37: 5 | F37: Prestacianes economicas | G37: =SUM(G38:G41) -> 0 | H37: =SUM(H38:H41) -> 189965.85 | I37: =SUM(I38:I41) -> 0 | J37: =SUM(J38:J41) -> 189965.85 | K37: =SUM(K38:K41) -> 0.1237255
A38: 2 | B38: 1 | C38: 1 | D38: 5 | E38: `01 | F38: Prestacianes economicas | J38: =SUBTOTAL(9,G38:I38) -> 0 | K38: =IFERROR(J38/$J$18*100,"0.00") -> 0
A39: 2 | B39: 1 | C39: 1 | D39: 5 | E39: `02 | F39: Pago de porcentaje por desvinculación de cargo | J39: =SUBTOTAL(9,G39:I39) -> 0 | K39: =IFERROR(J39/$J$18*100,"0.00") -> 0
A40: 2 | B40: 1 | C40: 1 | D40: 5 | E40: `03 | F40: Prestacion laboral por desvinculación | H40: 189965.85 | J40: =SUBTOTAL(9,G40:I40) -> 189965.85 | K40: =IFERROR(J40/$J$18*100,"0.00") -> 0.1237255
A41: 2 | B41: 1 | C41: 1 | D41: 5 | E41: `04 | F41: Proporción de vacaciones no disfrutadas | J41: =SUBTOTAL(9,G41:I41) -> 0 | K41: =IFERROR(J41/$J$18*100,"0.00") -> 0
A42: 2 | B42: 1 | C42: 2 | F42: Sobresueldos | G42: =+G43+G45 -> 0 | H42: =+H43+H45 -> 9586549.2 | I42: =+I43+I45 -> 0 | J42: =+J43+J45 -> 9586549.2 | K42: =+K43+K45 -> 6.2437572
A43: 2 | B43: 1 | C43: 2 | D43: 1 | F43: Primas por antigüedad | G43: =G44 -> 0 | H43: =H44 -> 0 | I43: =I44 -> 0 | J43: =J44 -> 0 | K43: =K44 -> 0
A44: 2 | B44: 1 | C44: 2 | D44: 1 | E44: `01 | F44: Primas por antigüedad | J44: =SUBTOTAL(9,G44:I44) -> 0 | K44: =IFERROR(J44/$J$18*100,"0.00") -> 0
A45: 2 | B45: 1 | C45: 2 | D45: 2 | F45: Compensación | G45: =SUM(G46:G53) -> 0 | H45: =SUM(H46:H53) -> 9586549.2 | I45: =SUM(I46:I53) -> 0 | J45: =SUM(J46:J53) -> 9586549.2 | K45: =SUM(K46:K53) -> 6.2437572
A46: 2 | B46: 1 | C46: 2 | D46: 2 | E46: `03 | F46: Pago de horas extraordinarias, Horas extraordinarias fin de año (Reglamento 523-09) | J46: =SUBTOTAL(9,G46:I46) -> 0 | K46: =IFERROR(J46/$J$18*100,"0.00") -> 0
A47: 2 | B47: 1 | C47: 2 | D47: 2 | E47: `04 | F47: Prima de transporte | J47: =SUBTOTAL(9,G47:I47) -> 0 | K47: =IFERROR(J47/$J$18*100,"0.00") -> 0
A48: 2 | B48: 1 | C48: 2 | D48: 2 | E48: `05 | F48: Compensación servicios de Seguridad | J48: =SUBTOTAL(9,G48:I48) -> 0 | K48: =IFERROR(J48/$J$18*100,"0.00") -> 0
A49: 2 | B49: 1 | C49: 2 | D49: 2 | E49: `06 | F49: Incentivo por rendimiento individual | H49: 9586549.2 | J49: =SUBTOTAL(9,G49:I49) -> 9586549.2 | K49: =IFERROR(J49/$J$18*100,"0.00") -> 6.2437572
A50: 2 | B50: 1 | C50: 2 | D50: 2 | E50: `07 | F50: Compensación por distancia | J50: =SUBTOTAL(9,G50:I50) -> 0 | K50: =IFERROR(J50/$J$18*100,"0.00") -> 0
A51: 2 | B51: 1 | C51: 2 | D51: 2 | E51: `08 | F51: Compensaciones especiales | J51: =SUBTOTAL(9,G51:I51) -> 0 | K51: =IFERROR(J51/$J$18*100,"0.00") -> 0
A52: 2 | B52: 1 | C52: 2 | D52: 2 | E52: `09 | F52: Bono por desempeño | J52: =SUBTOTAL(9,G52:I52) -> 0 | K52: =IFERROR(J52/$J$18*100,"0.00") -> 0
A53: 2 | B53: 1 | C53: 2 | D53: 2 | E53: `10 | F53: Compensación por cumplimiento de indicadores | J53: =SUBTOTAL(9,G53:I53) -> 0 | K53: =IFERROR(J53/$J$18*100,"0.00") -> 0
A54: 2 | B54: 1 | C54: 3 | F54: Dietas y Gastos de Representación | G54: =+G55 -> 0 | H54: =+H55 -> 0 | I54: =+I55 -> 0 | J54: =+J55 -> 0 | K54: =+K55 -> 0
A55: 2 | B55: 1 | C55: 3 | D55: 2 | F55: Gastos de representación | G55: =SUM(G56:G57) -> 0 | H55: =SUM(H56:H57) -> 0 | I55: =SUM(I56:I57) -> 0 | J55: =SUM(J56:J57) -> 0 | K55: =SUM(K56:K57) -> 0
A56: 2 | B56: 1 | C56: 3 | D56: 2 | E56: `01 | F56: Gastos de representación en el país | J56: =SUBTOTAL(9,G56:I56) -> 0 | K56: =IFERROR(J56/$J$18*100,"0.00") -> 0
A57: 2 | B57: 1 | C57: 3 | D57: 2 | E57: `02 | F57: Gastos de representación en el exterior | J57: =SUBTOTAL(9,G57:I57) -> 0 | K57: =IFERROR(J57/$J$18*100,"0.00") -> 0
A58: 2 | B58: 1 | C58: 5 | F58: Contribuciones a la Seguridad Social y Riesgo Laboral | G58: =G59+G61+G63+G65 -> 0 | H58: =H59+H61+H63+H65 -> 1461625.5 | I58: =I59+I61+I63+I65 -> 0 | J58: =J59+J61+J63+J65 -> 1461625.5 | K58: =K59+K61+K63+K65 -> 0.95196245
A59: 2 | B59: 1 | C59: 5 | D59: 1 | F59: Contribuciones al seguro de salud | G59: =G60 -> 0 | H59: =H60 -> 623415.9 | I59: =I60 -> 0 | J59: =J60 -> 623415.9 | K59: =K60 -> 0.40603322
A60: 2 | B60: 1 | C60: 5 | D60: 1 | E60: `01 | F60: Contribuciones al seguro de salud | H60: 623415.9 | J60: =SUBTOTAL(9,G60:I60) -> 623415.9 | K60: =IFERROR(J60/$J$18*100,"0.00") -> 0.40603322
A61: 2 | B61: 1 | C61: 5 | D61: 2 | F61: Contribuciones al seguro de pensiones | G61: =G62 -> 0 | H61: =H62 -> 665300.94 | I61: =I62 -> 0 | J61: =J62 -> 665300.94 | K61: =K62 -> 0.43331311
A62: 2 | B62: 1 | C62: 5 | D62: 2 | E62: `01 | F62: Contribuciones al seguro de pensiones | H62: 665300.94 | J62: =SUBTOTAL(9,G62:I62) -> 665300.94 | K62: =IFERROR(J62/$J$18*100,"0.00") -> 0.43331311
A63: 2 | B63: 1 | C63: 5 | D63: 3 | F63: Contribuciones al seguro de riesgo laboral | G63: =G64 -> 0 | H63: =H64 -> 172908.7 | I63: =I64 -> 0 | J63: =J64 -> 172908.7 | K63: =K64 -> 0.11261612
A64: 2 | B64: 1 | C64: 5 | D64: 3 | E64: `01 | F64: Contribuciones al seguro de riesgo laboral | H64: 172908.7 | J64: =SUBTOTAL(9,G64:I64) -> 172908.7 | K64: =IFERROR(J64/$J$18*100,"0.00") -> 0.11261612
A65: 2 | B65: 1 | C65: 5 | D65: 4 | F65: Contribuciones al plan de retiro complementario | G65: =G66 -> 0 | H65: =H66 -> 0 | I65: =I66 -> 0 | J65: =J66 -> 0 | K65: =K66 -> 0
A66: 2 | B66: 1 | C66: 5 | D66: 4 | E66: `01 | F66: Contribuciones al plan de retiro complementario | J66: =SUBTOTAL(9,G66:I66) -> 0 | K66: =IFERROR(J66/$J$18*100,"0.00") -> 0
A67: 2 | B67: 2 | F67: Contratacion de servicios | G67: =+G68+G82+G87+G92+G99+G116+G125+G143 -> 3153476.5 | H67: =+H68+H82+H87+H92+H99+H116+H125+H143 -> 31620506 | I67: =+I68+I82+I87+I92+I99+I116+I125+I143 -> 0 | J67: =+J68+J82+J87+J92+J99+J116+J125+J143 -> 34773982 | K67: =+K68+K82+K87+K92+K99+K116+K125+K143 -> 22.648431
A68: 2 | B68: 2 | C68: 1 | F68: Servicios Básicos | G68: =+G69+G71+G73+G75+G78+G80 -> 828938.62 | H68: =+H69+H71+H73+H75+H78+H80 -> 5449230.8 | I68: =+I69+I71+I73+I75+I78+I80 -> 0 | J68: =+J69+J71+J73+J75+J78+J80 -> 6278169.4 | K68: =+K69+K71+K73+K75+K78+K80 -> 4.0889964
A69: 2 | B69: 2 | C69: 1 | D69: 2 | F69: Servicios telefónico de larga distancia | G69: =G70 -> 0 | H69: =H70 -> 0 | I69: =I70 -> 0 | J69: =J70 -> 0 | K69: =K70 -> 0
A70: 2 | B70: 2 | C70: 1 | D70: 2 | E70: `01 | F70: Servicios telefónico de larga distancia | J70: =SUBTOTAL(9,G70:I70) -> 0 | K70: =IFERROR(J70/$J$18*100,"0.00") -> 0
A71: 2 | B71: 2 | C71: 1 | D71: 3 | F71: Teléfono local | G71: =G72 -> 828938.62 | H71: =H72 -> 759805.17 | I71: =I72 -> 0 | J71: =J72 -> 1588743.8 | K71: =K72 -> 1.0347551
A72: 2 | B72: 2 | C72: 1 | D72: 3 | E72: `01 | F72: Teléfono local | G72: 828938.62 | H72: 759805.17 | J72: =SUBTOTAL(9,G72:I72) -> 1588743.8 | K72: =IFERROR(J72/$J$18*100,"0.00") -> 1.0347551
A73: 2 | B73: 2 | C73: 1 | D73: 5 | F73: Servicio de internet y televisión por cable | G73: =G74 -> 0 | H73: =H74 -> 4023982.4 | I73: =I74 -> 0 | J73: =J74 -> 4023982.4 | K73: =K74 -> 2.6208355
A74: 2 | B74: 2 | C74: 1 | D74: 5 | E74: `01 | F74: Servicio de internet y televisión por cable | H74: 4023982.4 | J74: =SUBTOTAL(9,G74:I74) -> 4023982.4 | K74: =IFERROR(J74/$J$18*100,"0.00") -> 2.6208355
